Workbook
Name \0: #REF!
Name \0: #REF!
Name \BD: #REF!
Name \BD: #REF!
Name \BJ: #REF!
Name \BJ: #REF!
Name \BP: #REF!
Name \BP: #REF!
Name \c: [1]BDATOS!#REF!
Name \c: [1]BDATOS!#REF!
Name \CA: #REF!
Name \CA: #REF!
Name \i: #REF!
Name \i: #REF!
Name \m: #REF!
Name \m: #REF!
Name _296: '[3]384-Acciones Corporacion'!#REF!
Name _296: '[3]384-Acciones Corporacion'!#REF!
Name _304: '[3]384-Acciones Corporacion'!#REF!
Name _304: '[3]384-Acciones Corporacion'!#REF!
Name _312: '[3]384-Acciones Corporacion'!#REF!
Name _312: '[3]384-Acciones Corporacion'!#REF!
Name _320: '[3]384-Acciones Corporacion'!#REF!
Name _320: '[3]384-Acciones Corporacion'!#REF!
Name _336: '[3]384-Acciones Corporacion'!#REF!
Name _336: '[3]384-Acciones Corporacion'!#REF!
Name _344: '[3]384-Acciones Corporacion'!#REF!
Name _344: '[3]384-Acciones Corporacion'!#REF!
Name _352: '[3]384-Acciones Corporacion'!#REF!
Name _352: '[3]384-Acciones Corporacion'!#REF!
Name _522: '[3]384-Acciones Corporacion'!#REF!
Name _522: '[3]384-Acciones Corporacion'!#REF!
Name _530: '[3]384-Acciones Corporacion'!#REF!
Name _530: '[3]384-Acciones Corporacion'!#REF!
Name _546: '[3]384-Acciones Corporacion'!#REF!
Name _546: '[3]384-Acciones Corporacion'!#REF!
Name _554: '[3]384-Acciones Corporacion'!#REF!
Name _554: '[3]384-Acciones Corporacion'!#REF!
Name _562: '[3]384-Acciones Corporacion'!#REF!
Name _562: '[3]384-Acciones Corporacion'!#REF!
Name A: [5]oficial!$A$1:$H$160
Name A_IMPRESIÓN_IM: #REF!
Name A_IMPRESIÓN_IM: #REF!
Name A205_: #REF!
Name A205_: #REF!
Name A242_: #REF!
Name A242_: #REF!
Name A255_: #REF!
Name A255_: #REF!
Name A498_: #REF!
Name A498_: #REF!
Name A534_: #N/A
Name A598_: #REF!
Name A598_: #REF!
Name A641_: #REF!
Name A641_: #REF!
Name A68_: #REF!
Name A68_: #REF!
Name A784_: #REF!
Name A784_: #REF!

Sheet Instructivo
A2: =+A2:H15E15A2:H13A2:H19E15A2:H13A2:H26E15A2:H13A2A2:H35 -> #NAME? | B2: EVALUACIÓN INDEPENDIENTE SISTEMA DE CONTROL INTERNO (instrucciones para su diligenciamiento)
B6: Teniendo en cuenta que con la expedición del Decreto 1499 de 2017 “Por medio del cual se modifica el Decreto 1083 de 2015, Decreto Único Reglamentario del Sector Función Pública, en lo relacionado con el Sistema de Gestión establecido en el artículo 133 de la Ley 1753 de 2015”, se crea un solo Sistema de Gestión y se alinea con el Sistema de Control Interno, hoy todas las entidades públicas requieren actualizar y/o implementar el Modelo Integrado de Planeación y Gestión MIPG, modelo que incorpora el Modelo Estándar de Control Interno MECI a través de la 7a dimensión del mismo. Esta estructura requiere de un análisis articulado frente al desarrollo de las políticas de gestión y desempeño contenidas en el modelo y su efectividad en relación con la estructura de control, este útlimo, aspecto esecial para garantizar el buen manejo de los recursos, que las metas y objetivos se cumplan y se mejore la prestación del servicio a los usuarios, ejes fundamentales para la generación de valor público. Teniendo en cuenta lo anterior y dada la necesidad de dar cumplimiento a la dispuesto en el articulo 156 del Decreto 2106 de 2019, el presente formato busca que las entidades cuenten con una herramienta para evaluar sus Sistemas de Control Interno de manera integral y permitirle al Jefe de Control Interno o quien haga sus veces llevar a cabo el informe de evaluación independiente sobre el mismo para su publicación cada seis (6) meses, en el sitio web de la entidad.
B8: Orientaciones Generales
B9: El archivo contiene las siguientes hojas: - Pestañas por cada uno de los componentes de control interno: "Ambiente de Control", "Evaluación de riesgos", "Actividades de control", "Información y Comunicación", y " Actividades de Monitoreo". las cuales cuentan todas con la siguiente estructura:
C12: Columna | E12: Descripción
C13: Lineamiento X: | E13: Esta columna define los lineamientos generales para cada uno de los componentes del MECI y se asocian los temas específicos que se deben analizar en cada uno.
C14: DIMENSIÓN O POLÍTICA DEL MIPG ASOCIADA AL REQUERIMIENTO | E14: En esta columna se deben asociar la (las) dimensión (es), así como la (s) política (s) de gestión y desempeño que permiten el desarrollo del tema en la entidad, en el marco del Modelo Integrado de Planeación y Gestión MIPG.
C15: Evaluación "si se encuentra Presente" Referencia a Procesos, Manuales/Políticas de Operación/Procedimientos/Instructivos u otros desarrollos que den cuente de su aplicación | E15: Indicar el nombre del proceso, manual, política de operación, procedimiento o instructivo en donde se encuentra documentado y su fuente de consulta. De acuerdo con lo identificado como resultado de la evaluación del requerimiento, seleccione de la lista desplegable 1, 2 o 3 de acuerdo con las siguientes definiciones: 1 - No existen actividades diseñadas para cubrir el requerimiento. 2 - Existen actividades diseñadas o en proceso de diseño, pero éstas no se encuentran documentadas en las políticas/procedimientos u otras herramientas 3 - Las actividades se encuentran diseñadas, documentadas y socializadas de acuerdo con el requerimiento. Nota: Entiendase "diseñada" como aquella actividad que cuenta con un responsable(s), periodicidad (cada cuanto se realiza ), proposito (objetivo), Como se lleva a cabo (procedimiento), qué pasa con las desviaciones y/o excepciones (producto de su ejecucion) y cuenta con evidencia (documentacion).
C16: EVIDENCIA DEL CONTROL | D16: No. | E16: Relaciona el consecutivo de las evidencias que se identifican en relación con la efectividad del control.
D17: Referencia a Análisis y verificaciones en el marco del Comité Institucional de Coordinación de Control Interno | E17: Indicar las acciones que se han adelantado para evaluar el estado del Sistema de Control Interno en el marco del Comité Institucional de Coordinación de Control Interno. Acciones entendidas a las modificaciones, actualizaciones y actividades de fortalecimiento del sistema a partir de la normatividad vigente.
D18: Observaciones de la evaluacion independiente (tener encuenta papel de líneas de defensa) | E18: Indicar las acciones que se han adelantado en el marco de la evaluaciòn independiente (auditoria interna), sobre el estado del Sistema de Control Interno . Acciones entendidas en la evaluación y monitoreo de la efectividad del control, incluyendo el seguimiento a los controles de la primera y segunda linea de defensa.
C19: Evaluación "si se encuentra Funcionando" | E19: Seleccionar de la lista desplegable 1, 2 o 3 de acuerdo con los siguientes criterios y basado en los resultados reportados por la Oficina de Control Interno así: 1 - El control no opera como está diseñado o bien no está presente (no se ha implementado) 2 - El control opera como está diseñado pero con algunas falencias 3- El control opera como está diseñado y es efectivo frente al cumplimiento de los objetivos y para evitar la materialización del riesgo.
B21: - Análisis de Resultados: Esta hoja permite establecer si el Sistema de Control Interno evaluado se encuentra PRESENTE y FUNCIONANDO, permitiéndo definir puntos de mejora a través de los componentes del MECI y su articulacion con las Dimensiones del MIPG.
C23: Clasificación | D23: Descripción | F23: Observaciones del Control
C24: Mantenimiento del Control | D24: Cuando en el análisis de los requerimientos en los diferentes componentes del MECI se cuente con aspectos evaluados en nivel 3 (presente) y 3 (funcionando). | F24: Se encuentra presente y funciona correctamente, por lo tanto se requiere acciones o actividades dirigidas a su mantenimiento dentro del marco de las lineas de defensa.
C25: Oportunidad de Mejora | D25: Cuando en el análisis de los requerimientos en los diferentes componentes del MECI se cuente con aspectos evaluados en nivel 2 (presente) y 3 (funcionando). | F25: Se encuentra presente y funcionando, pero requiere mejoras frente a su diseño, ya que opera de manera efectiva
C26: Deficiencia de Control (Diseño o Ejecución) | D26: Cuando en el análisis de los requerimientos en los diferentes componentes del MECI se cuente con aspectos evaluados en nivel 2 (presente) y 2 (funcionando); 3 (presente) y 1 (funcionando); 3 (presente) y 2 (funcionando); 2 (presente) y 1 (funcionando) | F26: Se encuentra presente y funcionando, pero requiere acciones dirigidas a fortalecer o mejorar su diseño y/o ejecucion.
C27: Deficiencia de Control Mayor (Diseño y Ejecución) | D27: Cuando en el análisis de los requerimientos en los diferentes componentes del MECI se cuente con aspectos evaluados en nivel 1 (presente) y 1 (funcionando);1 (presente) y 2 (funcionando); 1(presente) y 3 (funcionando). | F27: No se encuentra presente por lo tanto no esta funcionando, lo que hace que se requieran acciones dirigidas a fortalecer su diseño y puesta en marcha
B30: - Conclusiones: Esta hoja permite establecer si el Sistema de Control Interno evaluado se encuentra PRESENTE y FUNCIONANDO, definiendo puntos de mejora a través de los componentes del MECI y su relación con las Dimensiones del MIPG.
B32: - Definiciones: Algunos términos asociados a con control interno y utilizados en diferentes partes del formato.

Sheet Definiciones
B2: Términos y Definiciones
B4: Término | C4: Descripción
B5: Actividad de control | C5: Acciones establecidas en los procesos, políticas, procedimientos u otras herramientas que permiten que se lleven a cabo las instrucciones de la Administración para mitigar los riesgos relacionados con el logro de los objetivos. Las Actividades de Control son un Componente del Control Interno.
B6: Alta Dirección | C6: Comprende los empleos del Nivel Directivo a los cuales corresponden funciones de dirección general, de formulación de políticas institucionales y de adopción de planes, programas y proyectos. (Decreto 770 de 2005)
B7: Ambiente de control | C7: El ambiente de control establece el tono de una organización. Es la base de los otros componentes del control interno pues define los valores y principios con los cuales se rige la entidad e influye en la conciencia de los servidores sobre la forma en que se deben llevar a cabo las operaciones.
B8: Comité Institucional de Coordinación de Control Interno | C8: Instancia del más alto nivel jerárquico, creado como órgano asesor e instancia decisora en los asuntos de control interno, de oblgatoria conformación para todas las entidades estatales. (Ley 87 de 1993, art 13 y Decreto 648 de 2017).
B9: Comité Institucional de Gestión y Desempeño | C9: Instancia del más alto nivel jerárquico, encargado de orientar la implementación y operación del Modelo Integrado de Planeación y Gestión MIPG, de oblgatoria conformación para todas las entidades estatales. (Decreto 1499 de 2017).
B10: Componente | C10: Uno de los cinco elementos del Modelo Estándar de Control Interno MECI.
B11: Conflicto de interés | C11: Situación en la cual un auditor interno, que ocupa un puesto de confianza, tiene interés personal o profesional en competencia con otros intereses. Tales intereses pueden hacerle difícil el cumplimiento imparcial de sus tareas. (Tomado de las Normas Internacionales de Auditoría Interna Norma 1120) En el sector público el conflicto de interés existe cuando el interés personal de quien ejerce una función pública colisiona con los deberes y obligaciones del cargo que desempeña. (Guía Conflictos de Interés de Servidores Públicos. Función Pública. 2018).
B12: Control Interno | C12: Estructura de procesos, políticas, procedimientos, manuales y otras herramientas diseñadas por la entidad para proporcionar seguridad razonable de que los objetivos y metas se alcanzarán y que los eventos no deseados se evitaran o bien se detectaran y corregirán.
B13: Control interno efectivo | C13: El Sistema de Control Interno para que sea efectivo requiere que cada uno de los cinco componentes del MECI y sus lineamientos, estén presentes, funcionando y operando de manera articulada con el MIPG.
B14: Controles generales de TI | C14: Actividades de control que ayudan a asegurar la apropiada operación de la tecnología, incluyen los controles sobre la infraestructura de tecnología, seguridad de la información, adquisición de tecnología su desarrollo y mantenimiento.
B15: Corrupción | C15: Posibilidad de que por acción u omisión, se use el poder para desviar la gestión de lo público hacia un beneficio privado. (Secretaría de Transparencia)
... B39: Lineas de Defensa | C39: Esquema de asignación de responsabilidades, adaptada del Modelo de las 3 Líneas de Defensa” del Instituto de Auditores, el cual proporciona una manera simple y efectiva para mejorar las comunicaciones en la gestión de riesgos y control mediante la aclaración de las funciones y deberes esenciales relacionados, que permiten contar con diferentes niveles para el control.

Sheet Ambiente de Control
C18: AMBIENTE DE CONTROL
C19: La entidad debe asegurar un ambiente de control que le permita disponer de las condiciones mínimas para el ejercicio del control interno. Esto se logra con el compromiso, liderazgo y los lineamientos de la alta dirección y del Comité Institucional de Coordinación de Control Interno. El Ambiente de Control es el fundamento de todos los demás componentes del control interno, se incluyen la integridad y valores éticos, la competencia (capacidad) de los servidores de la entidad; la manera en que la Alta Dirección asigna autoridad y responsabilidad, así como también el direccionamiento estratégico definido.
B21: ID | C21: Lineamiento 1: La entidad demuestra el compromiso con la integridad (valores) y principio+I186+C21:I31+I186+C21:I31+C21:I31+C21:I31 | D21: Explicación de cómo la Entidad evidencia que está dando respuesta al requerimiento Referencia a Procesos, Manuales/Políticas+C21:I31n/Procedimientos/Instructivos u otros desarrollos que den cuente de su aplicación | E21: Explicación de cómo la Entidad evidencia que está dando respuesta al requerimiento Referencia a Procesos, Manuales/Políticas de Operación/Procedimientos/Instructivos u otros desarrollos que den cuente de su aplicación | F21: Presente (1/2/3) | G21: EVIDENCIA DEL CONTROL | J21: Funcionando (1/2/3) | K21: Evaluación
G22: No. | H22: Referencia a Análisis y verificaciones en el marco del Comité Institucional de Coordinación de Control Interno | I22: Observaciones de la evaluación independiente (tener en cuenta papel de líneas de defensa)
A24: EJEMPLO | B24: =+LEFT(C24,3) -> Ap | C24: Aplicación del Código de Integridad. (incluye análisis de desviaciones, convivencia laboral, temas disciplinarios internos, quejas o denuncias sobres los servidores de la entidad, u otros temas relacionados). | D24: Dimensión Talento Humano Política Integridad | E24: Se implementó el Código de Integridad acorde con el esquema definido de 5 valores y sus lineamientos de conducta y se desarrollaron ejercicios internos con talleres para la socialización e interiorización a todos los servidores y contratistas de la entidad. | F24: 3 | G24: 1 | H24: Seguimiento al cumplimiento de la elaboración y socialización del Código de Integridad, con base en el informe presentando por la segunda línea de defensa (cuando aplique). | I24: Se llevo a cabo un seguimiento a lo dispuesto en el marco del Comité Institucional de Coordinación de Control Interno, donde se determino la necesidad de estructurar el código de integridad siguiendo la metodología de Función Pública, para ello se delego como responsable del mismo al Secretario General. Se encontró que se realizaron ejercicios lúdicos y participativos para la construcción de los 5 valores institucionales, cada mes se hacen campañas de interiorización de los mismo al personal de la entidad, teniendo como evidencia el compromiso de los funcionarios con el horario laboral, una reducción del ausentismo así como un bajo porcentaje de quejas por parte de los ciudadanos. Por otra parte, se realiza seguimiento mensual por parte del Secretario General al cumplimiento de las actividades propuestas en el cronograma. | J24: 3 | K24: =+IF(OR(ISBLANK(F24),ISBLANK(J24)),"",IF(OR(AND(F24=1,J24=1),AND(F24=1,J24=2),AND(F24=1,J24=3)),"Deficiencia de control mayor (diseño y ejecución)",IF(OR(AND(F24=2,J24=2),AND(F24=3,J24=1),AND(F24=3,J24=2),AND(F24=2,J24=1)),"Deficiencia de control (diseño o ejecución)",IF(AND(F24=2,J24=3),"Oportunidad de mejora","Mantenimiento del control")))) -> Mantenimiento del control
G25: 2 | H25: En el marco del Comité Institucional de Control Interno bimensualmente se contrastan quejas internas y externas sobre situaciones irregulares.
G26: 3 | H26: Se han analizado los temas más críticos acerca en relación con el ausentismo, acoso laboral, solicitudes de traslado y rotación del personal.
B32: =+LEFT(C32,3) -> 1.1 | C32: 1.1 Aplicación del Código de Integridad. (incluye análisis de desviaciones, convivencia laboral, temas disciplinarios internos, quejas o denuncias sobres los servidores de la entidad, u otros temas relacionados). | D32: Dimensión Talento Humano Política Integridad | E32: Los valores institucionales fueron adoptados mediante la Resolución 345 de 2018 "Por la cual se adopta el Código de Integridad, se establecen los lineamientos para la conformación del equipo de Gestores de Integridad de la Unidad Administrativa Especial de Servicios Públicos y se dictan otras disposiciones" modificada por las Resoluciones 679 y la 776 de 2023, buscando fortalecer la cultura organizacional en torno a la integridad y la transparencia. Se cuenta con la conformación de los Gestores de Integridad vigencia 2026-2027. Resolución No. 309 del 22 de mayo del 2026,"Por la cual se conforma el Equipo de Gestores/as de Integridad de la Unidad Administrativa Especial de Servicios Públicos para la vigencia 2026 - 2027” La Oficina de Control Interno, como Tercera Línea de Defensa, dentro del seguimiento al Programa de Transparencia y Ëtica Pública (febrero de 2026), verificó el cumplimiento de actividades identificadas para el tema de Integridad en la Entidad durante la vigencia 2025. | F32: 3 | G32: 1 | H32: informe programa de integridad trimestral | I32: De acuerdo con los soportes evidenciados en el Plan de Integridad se destaca el Programa de Integridad 2025-2028 el cual fue presentado al CICCI del mes de enero de 2025. Asi mismo se destaca, el cronograma de Integridad 2026, con actividades de formtalecimiento de apropiación de los valores institucionales. Los resultados de la evaluación del Programa de Transparencia y Ética Pública se presentaron para conocimiento del Comité Institucional de Gestión y Desempeño o al Comité de Coordinación de Control Interno para que, como líderes del Sistema y de la implementación del MIPG, mejoren las debilidades evidenciadas por la OCI. | J32: 3 | K32: =+IF(OR(ISBLANK(F32),ISBLANK(J32)),"",IF(OR(AND(F32=1,J32=1),AND(F32=1,J32=2),AND(F32=1,J32=3)),"Deficiencia de control mayor (diseño y ejecución)",IF(OR(AND(F32=2,J32=2),AND(F32=3,J32=1),AND(F32=3,J32=2),AND(F32=2,J32=1)),"Deficiencia de control (diseño o ejecución)",IF(AND(F32=2,J32=3),"Oportunidad de mejora","Mantenimiento del control")))) -> Mantenimiento del control | L32: =+IF(K32="",0,IF(K32="Deficiencia de control mayor (diseño y ejecución)",4,IF(K32="Deficiencia de control (diseño o ejecución)",20,IF(K32="Oportunidad de mejora",40,60)))) -> 60 | M32: 0.04587 | N32: =+L32+M32 -> 60.04587
G33: 2 | H33: Programa de integridad 2025-2028
G34: 3 | H34: metodologiá
G35: 4 | H35: Resolución integrantes
G36: 5 | H36: test de percepción de integridad
G37: 6 | H37: Resolución No. 309 del 22 de mayo del 2026,"Por la cual se conforma el Equipo de Gestores/as de Integridad de la Unidad Administrativa Especial de Servicios Públicos para la vigencia 2026 - 2027”
B41: =+LEFT(C41,3) -> 1.2 | C41: 1.2 Mecanismos para el manejo de conflictos de interés. | D41: Dimensión Talento Humano Política Integridad | E41: Se solicitó el diligenciamiento y reporte en SIDEAP y SIGEP del formulario de conflicto de interés, CIRCULAR No.20267000000154 del 03/06/2026, así mismo verifica que esta declaración esté realizada antes de la posesión de la persona en cualquiera de los cargos de la planta de personal. La OCI tiene el formato: ECM-FM-10 V1 Compromiso de independencia y objetividad, el cual los auditores suscriben, certificando no tener ningún conflicto de interés y ser indeoendientes y objetivos con los trabajos de auditoría a realizar en la vigencia. | F41: 3 | G41: 1 | H41: Se tiene programado realizar una auditoría durante el segundo semestre de 2026 de la Estrategia de Conflicto de Interés. | I41: Piezas de socialización por parte del área de Talento Humano para la presentación oportuna de las Declaraciones de conflictos de interes y Declaraciones de Bienes y Rentas durante el 2026. Mantener la implementación y divulgación de los mecanismos establecidos para la identificación, declaración y manejo oportuno de los conflictos de interés, así como la verificación del diligenciamiento de la información en SIDEAP y SIGEP y la suscripción de los compromisos de independencia y objetividad por parte de los auditores de la OCI, conservando las evidencias que permitan demostrar su aplicación y seguimiento | J41: 3 | K41: =+IF(OR(ISBLANK(F41),ISBLANK(J41)),"",IF(OR(AND(F41=1,J41=1),AND(F41=1,J41=2),AND(F41=1,J41=3)),"Deficiencia de control mayor (diseño y ejecución)",IF(OR(AND(F41=2,J41=2),AND(F41=3,J41=1),AND(F41=3,J41=2),AND(F41=2,J41=1)),"Deficiencia de control (diseño o ejecución)",IF(AND(F41=2,J41=3),"Oportunidad de mejora","Mantenimiento del control")))) -> Mantenimiento del control | L41: =+IF(K41="",0,IF(K41="Deficiencia de control mayor (diseño y ejecución)",4,IF(K41="Deficiencia de control (diseño o ejecución)",20,IF(K41="Oportunidad de mejora",40,60)))) -> 60 | M41: 0.05569 | N41: =+L41+M41 -> 60.05569
G42: 2 | H42: Se tiene programado realizar una auditoría durante el segundo semestre de 2026 del registro de información en SIDEAP y SIGEP.
H43: Firma del ECM-FM-10 V1 Compromiso de independencia y objetividad
H44: Diligenciamiento del formulario de Conflicto de Interés en SIGEP y SIDEAP
B50: =+LEFT(C50,3) -> 1.3 | C50: 1.3 Mecanismos frente a la detección y prevención del uso inadecuado de información privilegiada u otras situaciones que puedan implicar riesgos para la entidad. | D50: Dimensión Información y Comunicación Política Transparencia y Acceso a la Información Pública Política Gestión Documental | E50: * Inventario de activos de información * Índice de Información Clasficiada y Reservada * Control de acceso a sistemas de información por asignación de Roles * Politicas de seguridad y privacidad de la información * GTI-PC-13 Cifrado de la información * Controles de acceso: Credenciales de acceso por LDAP, uso de VPN * Sensibilizaciones en Seguridad de la Información. * Clausulas y formatos de acuerdos de confidencialidad * Mesa Técnica Seguridad Digital La Entidad mantiene un inventario actualizado de sus activos de información, quedando bajo la responsabilidad de cada propietario de información y centralizado por el área de Sistemas. Igualmente, por medio de correos electrónicos y capacitaciones, se fomenta la transparencia y acceso a la información; y temas relacionados. Durante el primer semestre de 2026 se realizó la encuensta de Datos Abiertos: Mide la calidad y satisfacciòn de la ciudadania con el uso de los Datos Abiertos generados por la Unidad Administrativa Especial de Servicios Pùblicos - UAESP | F50: 3 | G50: 1 | H50: https://www.uaesp.gov.co/mipg/documentos-sig/gestionti/planes/Pol%C3%ADticas%20de%20Seguridad%20y%20Privacidad%20de%20la%20Informaci%C3%B3n%202024.pdf | I50: En la UAESP se cuenta con la Mesa Técnica de Seguridad Digital, y Mesa Técnica de Gobierno Digital en el cual se abordan estos temas de seguridad y acceso a la información. Mantener la implementación, actualización y seguimiento de los mecanismos establecidos para prevenir el uso inadecuado o la divulgación no autorizada de información institucional, incluyendo la gestión de activos de información, los controles de acceso, el cifrado, los acuerdos de confidencialidad, las sensibilizaciones y el funcionamiento de las mesas técnicas de seguridad digital, conservando las evidencias que permitan demostrar su aplicación continua y efectiva. | J50: 3 | K50: =+IF(OR(ISBLANK(F50),ISBLANK(J50)),"",IF(OR(AND(F50=1,J50=1),AND(F50=1,J50=2),AND(F50=1,J50=3)),"Deficiencia de control mayor (diseño y ejecución)",IF(OR(AND(F50=2,J50=2),AND(F50=3,J50=1),AND(F50=3,J50=2),AND(F50=2,J50=1)),"Deficiencia de control (diseño o ejecución)",IF(AND(F50=2,J50=3),"Oportunidad de mejora","Mantenimiento del control")))) -> Mantenimiento del control | L50: =+IF(K50="",0,IF(K50="Deficiencia de control mayor (diseño y ejecución)",4,IF(K50="Deficiencia de control (diseño o ejecución)",20,IF(K50="Oportunidad de mejora",40,60)))) -> 60 | M50: 0.066896 | N50: =+L50+M50 -> 60.066896
G51: 2 | H51: https://www.uaesp.gov.co/mipg/documentos-sig/gestionti/procedimientos/GTI-PC-13%20V2%20Cifrado%20de%20Informacion.pdf
G52: 3 | H52: https://www.uaesp.gov.co/content/registro-activos-informacion-e-indice-informacion-clasificada-y-reservada
G53: 4 | H53: Se tiene programado realizar una auditoría durante el segundo semestre de 2026 al modelo de Seguridad y Privacidad de la Información.
G54: 5 | H54: Encuesta de Datos Abiertos.
B58: =+LEFT(C58,3) -> 1.4 | C58: 1.4 La evaluación de las acciones transversales de integridad, mediante el monitoreo permanente de los riesgos de corrupción. | D58: Dimensión Talento Humano Política de Integridad | E58: El seguimiento a riesgos se gestiona de acuerdo a la Politica de riesgos, reportando mensualmente el seguimiento y cargando las evidencias correspondientes. La Primera, Segunda y Tercera Líneas de Defensa, realizaron mesas de trabajo con los procesos para la actualización de sus riesgos de gestión y corrupción, para la vigencia 2026. La OCI elaboró el "Informe Final de Auditoría - Seguimiento al Mapa de Riesgos y Oportunidades de la Unidad Administrativa Especial de Servicios Públicos - (UAESP) con corte a 30 de abril de 2026" La Oficina de Control Interno, como Tercera Línea de Defensa, dentro del seguimiento al Programa de Transparencia y Ëtica Pública (febrero de 2026), verificó el cumplimiento de actividades identificadas para el tema de Riesgos de Corrupción durante la vigencia 2025. | F58: 3 | G58: 1 | H58: Informe de seguimiento a riesgos primer semestre 2026 - OCI | I58: La UAESP cuenta con una Política de Administración del Riesgo actualizada conforme a la Guía para la Gestión Integral del Riesgo en Entidades Públicas, versión 7 del DAFP, la cual incorpora los riesgos para la integridad pública, define responsabilidades para las líneas de defensa y establece mecanismos periódicos de autocontrol, monitoreo y evaluación independiente. Durante el periodo evaluado, la Oficina de Control Interno realizó seguimiento al Mapa y Plan de Manejo de Riesgos y Oportunidades, incluyendo los riesgos de integridad pública, sin identificar materializaciones. De manera general, se evidenció la aplicación de los controles y el seguimiento efectuado por las líneas de defensa. No obstante, se identificaron debilidades en la completitud y calidad de algunos soportes aportados por los procesos, lo que limitó la validación de la ejecución y eficacia de determinados controles. Adicionalmente, si bien la política se encuentra sustancialmente alineada con la Guía del DAFP, se considera pertinente complementar la formalización de los roles específicos del SIGRIP, la asignación de la función de cumplimiento, la periodicidad y contenido de su evaluación, los criterios de auditoría y su proceso de mejora continua. Recomendación: Fortalecer el monitoreo y la evaluación de los riesgos para la integridad pública, estableciendo criterios mínimos para la completitud, calidad, oportunidad y trazabilidad de las evidencias que soportan la ejecución y eficacia de los controles. Asimismo, complementar la Política de Administración del Riesgo con la formalización de los roles y responsabilidades específicos del SIGRIP, la asignación de la función de cumplimiento, la periodicidad y contenido de su evaluación, los criterios para su auditoría y el proceso de mejora continua, de conformidad con la Guía para la Gestión Integral del Riesgo en Entidades Públicas, versión 7 del DAFP. | J58: 2 | K58: =+IF(OR(ISBLANK(F58),ISBLANK(J58)),"",IF(OR(AND(F58=1,J58=1),AND(F58=1,J58=2),AND(F58=1,J58=3)),"Deficiencia de control mayor (diseño y ejecución)",IF(OR(AND(F58=2,J58=2),AND(F58=3,J58=1),AND(F58=3,J58=2),AND(F58=2,J58=1)),"Deficiencia de control (diseño o ejecución)",IF(AND(F58=2,J58=3),"Oportunidad de mejora","Mantenimiento del control")))) -> Deficiencia de control (diseño o ejecución) | L58: =+IF(K58="",0,IF(K58="Deficiencia de control mayor (diseño y ejecución)",4,IF(K58="Deficiencia de control (diseño o ejecución)",20,IF(K58="Oportunidad de mejora",40,60)))) -> 20 | M58: 0.06691 | N58: =+L58+M58 -> 20.06691
G59: 2 | H59: Informe de seguimiento al PTEP - Segundo semestre 2025
G60: 3
G61: 4
G62: 5
G63: 6
G64: 7
B66: =+LEFT(C66,3) -> 1.5 | C66: 1.5 Análisis sobre viabilidad para el establecimiento de una línea de denuncia interna sobre situaciones irregulares o posibles incumplimientos al código de integridad. NOTA: Si la entidad ya cuenta con esta línea en funcionamiento, establezca si ha aportado para la mejora de los mapas de riesgos o bien en otros ámbitos organizacionales. | D66: Dimensión Direccionamiento Estratégico y Planeación Plan Anticorrupción y de Atención al Ciudadano | E66: Se cuenta con los canales para hacer una denuncia de corrupción a disposición de cualquier interesado: integridad@uaesp.gov.co https://www.uaesp.gov.co/content/canales-atencion | F66: 3 | G66: 1 | H66: https://www.uaesp.gov.co/content/canales-atencion | I66: La UAESP cuenta con canales institucionales para la recepción de denuncias relacionadas con posibles actos de corrupción, situaciones irregulares, inhabilidades, incompatibilidades y conflictos de interés, entre ellos el correo electrónico integridad@uaesp.gov.co y los canales de atención publicados en la página web institucional. Asimismo, se evidenció la existencia de lineamientos para el trámite de las denuncias, actividades de divulgación y espacios de articulación entre las dependencias responsables para establecer la ruta institucional de atención. Recomendación: Fortalecer el seguimiento al funcionamiento de los canales de denuncia mediante la elaboración y socialización a la comunidad institucional de reportes periódicos que permitan identificar el número y tipología de las denuncias recibidas, su estado, tiempos de atención y resultados, preservando la reserva y confidencialidad de la información. Asimismo, utilizar los resultados de estos análisis como insumo para la actualización de los riesgos de integridad pública, el fortalecimiento de los controles y la adopción de acciones de mejora institucional. | J66: 3 | K66: =+IF(OR(ISBLANK(F66),ISBLANK(J66)),"",IF(OR(AND(F66=1,J66=1),AND(F66=1,J66=2),AND(F66=1,J66=3)),"Deficiencia de control mayor (diseño y ejecución)",IF(OR(AND(F66=2,J66=2),AND(F66=3,J66=1),AND(F66=3,J66=2),AND(F66=2,J66=1)),"Deficiencia de control (diseño o ejecución)",IF(AND(F66=2,J66=3),"Oportunidad de mejora","Mantenimiento del control")))) -> Mantenimiento del control | L66: =+IF(K66="",0,IF(K66="Deficiencia de control mayor (diseño y ejecución)",4,IF(K66="Deficiencia de control (diseño o ejecución)",20,IF(K66="Oportunidad de mejora",40,60)))) -> 60 | M66: 0.06691 | N66: =+L66+M66 -> 60.06691
G67: 2
C74: Lineamiento 2: Aplicación de mecanismos para ejercer una adecuada supervisión del Sistema de Control Interno | D74: DIMENSIÓN O POLÍTICA DEL MIPG ASOCIADA AL REQUERIMIENTO | E74: Explicación de cómo la Entidad evidencia que está dando respuesta al requerimiento Referencia a Procesos, Manuales/Políticas de Operación/Procedimientos/Instructivos u otros desarrollos que den cuente de su aplicación | F74: Presente (1/2/3) | G74: EVIDENCIA DEL CONTROL | J74: Funcionando (1/2/3) | K74: Evaluación
G75: No. | H75: Referencia a Análisis y verificaciones en el marco del Comité Institucional de Coordinación de Control Interno | I75: Observaciones de la evaluación independiente (tener en cuenta papel de líneas de defensa)
B77: =+LEFT(C77,3) -> 2.1 | C77: 2.1 Creación o actualización del Comité Institucional de Coordinación de Control Interno (incluye ajustes en periodicidad para reunión, articulación con el Comité Institucional de Gestión y Desempeño). | D77: Dimensión Control Interno Política de Control Interno | E77: Para la vigencia 2026, se programó en el Plan Anual de Auditorías realizar 3 sesiones del CICCI, cumpliendo con sesiones reglamentarias. De ser necesario se realizán sesiones adicionales a solicitud de los miembros del Comité. | F77: 3 | G77: 1 | H77: Actas de reunión del CICCI | I77: La Oficina de Control Interno evidenció que el Comité Institucional de Coordinación de Control Interno se encuentra formalmente constituido y opera de acuerdo con las funciones y periodicidad establecidas. Durante la vigencia 2026 se programaron tres sesiones ordinarias en el marco del Plan Anual de Auditoría, evidenciándose mediante las actas correspondientes el análisis de asuntos relacionados con el Sistema de Control Interno, la gestión de riesgos, el seguimiento al Plan Anual de Auditoría y la adopción de decisiones y recomendaciones por parte de sus integrantes. Asimismo, el Comité constituye una instancia de orientación y seguimiento para el fortalecimiento del Sistema de Control Interno. Para sustentar integralmente el criterio, se deberá conservar evidencia de la articulación entre el CICCI y el Comité Institucional de Gestión y Desempeño, especialmente frente a los asuntos de gestión de riesgos, desempeño institucional y acciones de mejoramiento. Recomendación: Mantener el funcionamiento periódico del Comité Institucional de Coordinación de Control Interno, asegurando la convocatoria oportuna de sus integrantes, la documentación de las decisiones y compromisos adoptados, el seguimiento a su cumplimiento y la articulación con el Comité Institucional de Gestión y Desempeño en los asuntos relacionados con la gestión de riesgos, el desempeño institucional y el fortalecimiento del Sistema de Control Interno. | J77: 3 | K77: =+IF(OR(ISBLANK(F77),ISBLANK(J77)),"",IF(OR(AND(F77=1,J77=1),AND(F77=1,J77=2),AND(F77=1,J77=3)),"Deficiencia de control mayor (diseño y ejecución)",IF(OR(AND(F77=2,J77=2),AND(F77=3,J77=1),AND(F77=3,J77=2),AND(F77=2,J77=1)),"Deficiencia de control (diseño o ejecución)",IF(AND(F77=2,J77=3),"Oportunidad de mejora","Mantenimiento del control")))) -> Mantenimiento del control | L77: =+IF(K77="",0,IF(K77="Deficiencia de control mayor (diseño y ejecución)",4,IF(K77="Deficiencia de control (diseño o ejecución)",20,IF(K77="Oportunidad de mejora",40,60)))) -> 60 | M77: 0.0889653 | N77: =+L77+M77 -> 60.088965
G78: 2 | H78: Resolución UAESP 757 de 2023 - Instancias de operacionalización del Sistema de Gestión y Sistema de Control Interno en la UAESP
B85: =+LEFT(C85,3) -> 2.2 | C85: 2.2 Definición y documentación del Esquema de Líneas de Defensa | D85: Dimensión Control Interno Política de Control Interno Líneas de defensa | E85: La entidad cuenta con el "Manual Sistema Integrado de Gestión", la Política de Administración de Riesgos, y mediante la Resolución UAESP 757 de 2023 - Instancias de operacionalización del Sistema de Gestión y Sistema de Control Interno en la UAESP. Manual de l sistema de Gestión DES-MN-01 V7 Manual del SIG. | F85: 3 | G85: 1 | H85: Politica de administración de riesgos | I85: La UAESP cuenta con un Esquema de Líneas de Defensa formalmente documentado mediante la Resolución 757 de 2023, el Manual del Sistema Integrado de Gestión y la Política de Administración del Riesgo actualizada en noviembre de 2025. Estos instrumentos identifican los responsables y las funciones correspondientes a la línea estratégica y a la primera, segunda y tercera líneas de defensa. Durante el periodo evaluado se evidenció su aplicación mediante los ejercicios de monitoreo efectuados por la primera y segunda línea de defensa y la evaluación independiente realizada por la Oficina de Control Interno. No obstante, se considera pertinente continuar armonizando los instrumentos institucionales para precisar la participación complementaria del CIGD y el CICCI, actualizar las referencias metodológicas y formalizar los roles específicos requeridos para la operación del SIGRIP. Recomendación: Mantener actualizado y armonizado el Esquema de Líneas de Defensa, asegurando la coherencia entre la Resolución 757 de 2023, el Manual del Sistema Integrado de Gestión y la Política de Administración del Riesgo. Asimismo, continuar precisando las responsabilidades complementarias del CIGD y el CICCI, la identificación de las instancias que ejercen funciones de segunda línea y los roles específicos del SIGRIP, de conformidad con los lineamientos de la Guía para la Gestión Integral del Riesgo, versión 7 del DAFP.. | J85: 3 | K85: =+IF(OR(ISBLANK(F85),ISBLANK(J85)),"",IF(OR(AND(F85=1,J85=1),AND(F85=1,J85=2),AND(F85=1,J85=3)),"Deficiencia de control mayor (diseño y ejecución)",IF(OR(AND(F85=2,J85=2),AND(F85=3,J85=1),AND(F85=3,J85=2),AND(F85=2,J85=1)),"Deficiencia de control (diseño o ejecución)",IF(AND(F85=2,J85=3),"Oportunidad de mejora","Mantenimiento del control")))) -> Mantenimiento del control | L85: =+IF(K85="",0,IF(K85="Deficiencia de control mayor (diseño y ejecución)",4,IF(K85="Deficiencia de control (diseño o ejecución)",20,IF(K85="Oportunidad de mejora",40,60)))) -> 60 | M85: 0.0989653 | N85: =+L85+M85 -> 60.098965
G86: 2 | H86: https://www.uaesp.gov.co/mipg/documentos-sig/direccionamiento_estrategico/manuales/DES-MN-01%20V7%20Manual%20del%20SIG.pdf
G87: 3 | H87: https://www.uaesp.gov.co/upload/resoluciones/2023/RESOLUCION_757_DE_2023.pdf
B93: =+LEFT(C93,3) -> 2.3 | C93: 2.3 Definición de líneas de reporte en temas clave para la toma de decisiones, atendiendo el Esquema de Líneas de Defensa | D93: Dimensión Control Interno Política de Control Interno Línea de Defensa Dimensión de Información y Comunicación | E93: La entidad cuenta con el "Manual Sistema Integrado de Gestión", la Política de Administración de Riesgos, y mediante la Resolución UAESP 757 de 2023 - Instancias de operacionalización del Sistema de Gestión y Sistema de Control Interno en la UAESP | F93: 3 | G93: 1 | H93: Politica de administración de riesgos | I93: La Oficina de Control Interno evidenció que la UAESP cuenta con líneas de reporte formalmente definidas y documentadas, atendiendo el Esquema de Líneas de Defensa. El Manual del Sistema Integrado de Gestión, versión 7, establece los informes y temas objeto de monitoreo, las dependencias responsables, los destinatarios, los medios de comunicación y la periodicidad de presentación, permitiendo que la información relevante sea conocida por el CIGD, el CICCI y las demás instancias competentes. Recomendación: Mantener actualizadas y en operación las líneas de reporte definidas en el Manual del Sistema Integrado de Gestión, asegurando el cumplimiento de las periodicidades establecidas, la trazabilidad de los informes presentados, las decisiones adoptadas y el seguimiento a los compromisos. Asimismo, continuar precisando los criterios de escalamiento y articulación entre el CIGD y el CICCI e incorporar expresamente el reporte de los indicadores clave de riesgo y de los resultados de la evaluación del SIGRIP para apoyar oportunamente la toma de decisiones de la Alta Dirección. | J93: 3 | K93: =+IF(OR(ISBLANK(F93),ISBLANK(J93)),"",IF(OR(AND(F93=1,J93=1),AND(F93=1,J93=2),AND(F93=1,J93=3)),"Deficiencia de control mayor (diseño y ejecución)",IF(OR(AND(F93=2,J93=2),AND(F93=3,J93=1),AND(F93=3,J93=2),AND(F93=2,J93=1)),"Deficiencia de control (diseño o ejecución)",IF(AND(F93=2,J93=3),"Oportunidad de mejora","Mantenimiento del control")))) -> Mantenimiento del control | L93: =+IF(K93="",0,IF(K93="Deficiencia de control mayor (diseño y ejecución)",4,IF(K93="Deficiencia de control (diseño o ejecución)",20,IF(K93="Oportunidad de mejora",40,60)))) -> 60 | M93: 0.15698 | N93: =+L93+M93 -> 60.15698
G94: 2 | H94: https://www.uaesp.gov.co/mipg/documentos-sig/direccionamiento_estrategico/manuales/DES-MN-01%20V7%20Manual%20del%20SIG.pdf
G95: 3 | H95: https://www.uaesp.gov.co/upload/resoluciones/2023/RESOLUCION_757_DE_2023.pdf
G96: 4
G97: 5
C101: Lineamiento 3: Establece la planeación estratégica con responsables, metas, tiempos que faciliten el seguimiento y aplicación de controles que garanticen de forma razonable su cumplimiento. Así mismo a partir de la política de riesgo, establecer sistemas de gestión de riesgos y las responsabilidades para controlar riesgos específicos bajo la supervisión de la alta dirección. | D101: DIMENSIÓN O POLÍTICA DEL MIPG ASOCIADA AL REQUERIMIENTO | E101: Explicación de cómo la Entidad evidencia que está dando respuesta al requerimiento Referencia a Procesos, Manuales/Políticas de Operación/Procedimientos/Instructivos u otros desarrollos que den cuente de su aplicación | F101: Presente (1/2/3) | G101: EVIDENCIA DEL CONTROL | J101: Funcionando (1/2/3) | K101: Evaluación
G102: No. | H102: Referencia a Análisis y verificaciones en el marco del Comité Institucional de Coordinación de Control Interno | I102: Observaciones de la evaluación independiente (tener en cuenta papel de líneas de defensa)
B104: =+LEFT(C104,3) -> 3.1 | C104: 3.1 Definición y evaluación de la Política de Administración del Riesgo (Acorde con lineamientos de la Guía para la Administración del Riesgo de Gestión y Corrupción y Diseño de Controles en Entidades Públicas). La evaluación debe considerar su aplicación en la entidad, cambios en el entorno que puedan definir ajustes, dificultades para su desarrollo. | D104: Dimensión de Direccionamiento Estratégico y Planeación Política de Planeación Institucional Dimensión Control Interno | E104: Política de Administración de Riesgo 2025 Mapa y plan de manejo de riesgos 2025 aprobados en el CIGD (cargado en la página web) y en repositorio de la Segunda linea | F104: 3 | G104: 1 | H104: Politica de administración de riesgos | I104: La UAESP cuenta con una Política de Administración del Riesgo formalmente aprobada, actualizada conforme a la Guía para la Gestión Integral del Riesgo, versión 7 del DAFP, y aplicable a los diferentes tipos de riesgos institucionales. Durante el periodo evaluado se evidenció su implementación mediante el Mapa y Plan de Manejo de Riesgos y Oportunidades de 2026, los monitoreos realizados por la primera y segunda líneas de defensa y la evaluación independiente efectuada por la Oficina de Control Interno. Los resultados de la auditoría evidenciaron que, en términos generales, los riesgos fueron identificados, valorados, tratados y monitoreados adecuadamente y que no se presentaron materializaciones durante el periodo evaluado. No obstante, se identificaron debilidades focalizadas en la calidad, suficiencia y trazabilidad de algunas evidencias, así como en el seguimiento de determinados controles y acciones, las cuales deben ser consideradas dentro del proceso de evaluación y mejora continua de la política. Recomendación Mantener la aplicación, seguimiento y evaluación periódica de la Política de Administración del Riesgo, documentando por lo menos una vez al año el análisis de los cambios del contexto interno y externo, las dificultades identificadas durante su implementación, los resultados de los monitoreos de las líneas de defensa y las evaluaciones realizadas por la OCI. Asimismo, continuar gestionando las acciones correctivas y de mejora derivadas de las debilidades identificadas en el seguimiento a los controles y en la calidad y trazabilidad de las evidencias, garantizando la actualización y armonización permanente de la política, el procedimiento y el mapa institucional de riesgos. | J104: 3 | K104: =+IF(OR(ISBLANK(F104),ISBLANK(J104)),"",IF(OR(AND(F104=1,J104=1),AND(F104=1,J104=2),AND(F104=1,J104=3)),"Deficiencia de control mayor (diseño y ejecución)",IF(OR(AND(F104=2,J104=2),AND(F104=3,J104=1),AND(F104=3,J104=2),AND(F104=2,J104=1)),"Deficiencia de control (diseño o ejecución)",IF(AND(F104=2,J104=3),"Oportunidad de mejora","Mantenimiento del control")))) -> Mantenimiento del control | L104: =+IF(K104="",0,IF(K104="Deficiencia de control mayor (diseño y ejecución)",4,IF(K104="Deficiencia de control (diseño o ejecución)",20,IF(K104="Oportunidad de mejora",40,60)))) -> 60 | M104: 0.28965 | N104: =+L104+M104 -> 60.28965
G105: 2 | H105: Administracion de Riesgos 2025. - OAP
G106: 3 | H106: Informe de seguimiento a riesgos primer semestre 2026 - OCI
B112: =+LEFT(C112,3) -> 3.2 | C112: 3.2 La Alta Dirección frente a la política de Administración del Riesgo definen los niveles de aceptación del riesgo, teniendo en cuenta cada uno de los objetivos establecidos. | D112: Dimensión Control Interno Política de Control Interno Línea Estratégica | E112: Política de Administración de Riesgo - Mapa y plan de manejo de riesgos y oportunidades 2025 (cargado en la página web - link- Programa de Transparencia y Ética Pública -2025) - Tabla niveles de aceptación del riesgo. Seguimiento trimestral a riesgos el cual se encuentra publicado en la sección de transparencia. | F112: 3 | G112: 1 | H112: Politica de administración de riesgos | I112: La UAESP cuenta con niveles de apetito, tolerancia y capacidad de riesgo formalmente definidos y aprobados por la línea estratégica, los cuales establecen las actuaciones requeridas según la zona de riesgo residual y la tipología del riesgo. Asimismo, se definió apetito de riesgo cero para los riesgos asociados a la integridad pública. Durante el periodo evaluado se evidenció la aplicación de estos lineamientos mediante el seguimiento al Mapa y Plan de Manejo de Riesgos y Oportunidades y la evaluación independiente realizada por la OCI. No obstante, se considera pertinente que la revisión periódica de la política documente expresamente la relación entre los niveles de aceptación y los objetivos estratégicos e institucionales, con el fin de establecer si determinados objetivos requieren límites o tratamientos más restrictivos. Recomendación Mantener la aplicación y revisión periódica de los niveles de apetito, tolerancia y capacidad establecidos en la Política de Administración del Riesgo, asegurando que la Alta Dirección conozca y analice los riesgos residuales que superen el apetito definido. Asimismo, continuar documentando la relación de estos niveles con los objetivos estratégicos e institucionales y evaluar la necesidad de establecer límites diferenciados para aquellos objetivos asociados a la continuidad del servicio, la integridad pública, la seguridad de la información, el cumplimiento normativo y la protección de los recursos públicos | J112: 3 | K112: =+IF(OR(ISBLANK(F112),ISBLANK(J112)),"",IF(OR(AND(F112=1,J112=1),AND(F112=1,J112=2),AND(F112=1,J112=3)),"Deficiencia de control mayor (diseño y ejecución)",IF(OR(AND(F112=2,J112=2),AND(F112=3,J112=1),AND(F112=3,J112=2),AND(F112=2,J112=1)),"Deficiencia de control (diseño o ejecución)",IF(AND(F112=2,J112=3),"Oportunidad de mejora","Mantenimiento del control")))) -> Mantenimiento del control | L112: =+IF(K112="",0,IF(K112="Deficiencia de control mayor (diseño y ejecución)",4,IF(K112="Deficiencia de control (diseño o ejecución)",20,IF(K112="Oportunidad de mejora",40,60)))) -> 60 | M112: 0.389653 | N112: =+L112+M112 -> 60.389653
G113: 2 | H113: Administracion de Riesgos 2025. - OAP
G114: 3 | H114: publicacion riesgos transparencia
B120: =+LEFT(C120,3) -> 3.3 | C120: 3.3 Evaluación de la planeación estratégica, considerando alertas frente a posibles incumplimientos, necesidades de recursos, cambios en el entorno que puedan afectar su desarrollo, entre otros aspectos que garanticen de forma razonable su cumplimiento. | D120: Dimensión Evaluación de Resultados Política de Seguimiento y Evaluación al Desempeño Institucional Dimensión Control Interno Líneas de defensa | E120: Informes trimestrales del PAI Seguimiento y revisión por parte de la alta dirección. ⎼ DES-PC-04 V6 Formulación y actualización del plan estratégico institucional ⎼ DES-PC-03 V10 Formulación y seguimiento Plan de Acción Institucional | F120: 3 | G120: 1 | H120: Seguimiento PAI | I120: Se evidenció que la UAESP cuenta con mecanismos estructurados para evaluar periódicamente la planeación estratégica y operativa, mediante el seguimiento trimestral al Plan de Acción Institucional, el monitoreo de segunda línea al Plan Estratégico Institucional, el tablero general de indicadores, los procedimientos DES-PC-03 y DES-PC-04 y la presentación de resultados ante el Comité Institucional de Gestión y Desempeño. El Informe del PAI del primer trimestre de 2026 compara la ejecución frente a la programación, identifica desviaciones y sus causas, analiza la disponibilidad y ejecución de recursos, presenta proyecciones de cumplimiento y formula recomendaciones frente a los planes y proyectos con rezagos. No obstante, se requiere fortalecer la trazabilidad entre las alertas generadas y las decisiones adoptadas, identificando responsables, fechas, compromisos, acciones correctivas y evidencias de cierre, así como documentar de manera sistemática los cambios del entorno que puedan afectar el cumplimiento de los objetivos estratégicos. Recomendación: Fortalecer los informes con alertas de la planeación estratégica que incluya la desviación identificada, su causa, los recursos requeridos, los cambios internos o externos asociados, la decisión adoptada, el responsable, el plazo y el estado de cumplimiento, de manera que pueda verificarse el cierre efectivo de las alertas y su contribución al logro de los objetivos institucionales. | J120: 3 | K120: =+IF(OR(ISBLANK(F120),ISBLANK(J120)),"",IF(OR(AND(F120=1,J120=1),AND(F120=1,J120=2),AND(F120=1,J120=3)),"Deficiencia de control mayor (diseño y ejecución)",IF(OR(AND(F120=2,J120=2),AND(F120=3,J120=1),AND(F120=3,J120=2),AND(F120=2,J120=1)),"Deficiencia de control (diseño o ejecución)",IF(AND(F120=2,J120=3),"Oportunidad de mejora","Mantenimiento del control")))) -> Mantenimiento del control | L120: =+IF(K120="",0,IF(K120="Deficiencia de control mayor (diseño y ejecución)",4,IF(K120="Deficiencia de control (diseño o ejecución)",20,IF(K120="Oportunidad de mejora",40,60)))) -> 60 | M120: 0.48965 | N120: =+L120+M120 -> 60.48965
G121: 2 | H121: SEGUIMIENTO SEGUNDA LINEA DE DEFENSA PEI
G122: 3 | H122: DES-PC-04 V7 Formulación seguimiento y actualización del plan estratégico institucional
G123: 4 | H123: DES-PC-03 V11 Formulación y seguimiento Plan de Acción Institucional
G124: 5 | H124: Sesiones del CIGD
G125: 6
C129: Lineamiento 4: Compromiso con la competencia de todo el personal, por lo que la gestión del talento humano tiene un carácter estratégico con el despliegue de actividades clave para todo el ciclo de vida del servidor público –ingreso, permanencia y retiro. | D129: DIMENSIÓN O POLÍTICA DEL MIPG ASOCIADA AL REQUERIMIENTO | E129: Explicación de cómo la Entidad evidencia que está dando respuesta al requerimiento Referencia a Procesos, Manuales/Políticas de Operación/Procedimientos/Instructivos u otros desarrollos que den cuente de su aplicación | F129: Presente (1/2/3) | G129: EVIDENCIA DEL CONTROL | J129: Funcionando (1/2/3) | K129: Evaluación
G130: No. | H130: Referencia a Análisis y verificaciones en el marco del Comité Institucional de Coordinación de Control Interno | I130: Observaciones de la evaluación independiente (tener en cuenta papel de líneas de defensa)
B132: =+LEFT(C132,3) -> 4.1 | C132: 4.1 Evaluación de la Planeación Estratégica del Talento Humano. | D132: Dimensión de Talento Humano Política Gestión Estratégica del Talento Humano Dimensión de Control Interno Líneas de Defensa | E132: Informe de Monitoreo al PETH I Trimestre de 2026. En el Plan Anual de Auditoría de la vigencia 2026, se incluyó el seguimiento a los PETH para el segundo semestre de 2026. | F132: 3 | G132: 1 | H132: indicadores | I132: La entidad cuenta con el Plan Estratégico de Talento Humano y realiza seguimiento a su implementación mediante los indicadores de gestión, los informes trimestrales de Talento Humano, el seguimiento al Plan de Acción Institucional y la presentación de resultados ante el Comité Institucional de Gestión y Desempeño. | J132: 3 | K132: =+IF(OR(ISBLANK(F132),ISBLANK(J132)),"",IF(OR(AND(F132=1,J132=1),AND(F132=1,J132=2),AND(F132=1,J132=3)),"Deficiencia de control mayor (diseño y ejecución)",IF(OR(AND(F132=2,J132=2),AND(F132=3,J132=1),AND(F132=3,J132=2),AND(F132=2,J132=1)),"Deficiencia de control (diseño o ejecución)",IF(AND(F132=2,J132=3),"Oportunidad de mejora","Mantenimiento del control")))) -> Mantenimiento del control | L132: =+IF(K132="",0,IF(K132="Deficiencia de control mayor (diseño y ejecución)",4,IF(K132="Deficiencia de control (diseño o ejecución)",20,IF(K132="Oportunidad de mejora",40,60)))) -> 60 | M132: 0.58965 | N132: =+L132+M132 -> 60.58965
G133: 2 | H133: PETH
G134: 3 | H134: PRESENTACION GENERAL CIGD.pptx
G135: 4 | H135: Informe de Auditoría OCI
H136: Plan Anual de Auditoría 2026, que contempla la evaluación de la OCI.
B140: =+LEFT(C140,3) -> 4.2 | C140: 4.2 Evaluación de las actividades relacionadas con el Ingreso del personal. | D140: Dimensión de Talento Humano Política Gestión Estratégica del Talento Humano Dimensión de Control Interno Líneas de Defensa | E140: Esta asociado con los riesgos de corrupción se realizó seguimiento a riesgos asociados al proceso de vinculación de personal y validación de registro público de carrera. Seguimiento al Plan anual de pprovisión de de Vacantes y previsión de recursos humanos. PLAN ESTRATÉGICO DE TALENTO HUMANO 2024 – 2028 Versión 2 PROCEDIMIENTO VINCULACIÓN DE SERVIDORES PÚBLICOS Versión 11 Seguimiento al PAID por parte de la OCI. En el Plan Anual de Auditoría de la vigencia 2026, se incluyó el seguimiento a los PETH para el segundo semestre de 2026. | F140: 3 | G140: 1 | H140: riesgos | I140: La UAESP cuenta con el procedimiento GTH-PC-01 V11 Vinculación de Servidores Públicos, actualizado en noviembre de 2025, el cual establece las actividades, responsables, puntos de control y registros requeridos para la provisión de vacantes, verificación de requisitos, consulta de antecedentes, debida diligencia, expedición del nombramiento, posesión, afiliación, incorporación a nómina e inducción de los servidores públicos. Durante el primer trimestre de 2026 se reportaron trece vinculaciones y se efectuó seguimiento a los movimientos y situaciones administrativas de la planta de personal. Asimismo, la certificación de planta con corte al 30 de junio de 2026 permite identificar las vacancias, encargos, provisionalidades y periodos de prueba existentes. La OCI también incluyó el proceso de Gestión del Talento Humano en la auditoría al Mapa de Riesgos y Oportunidades. | J140: 3 | K140: =+IF(OR(ISBLANK(F140),ISBLANK(J140)),"",IF(OR(AND(F140=1,J140=1),AND(F140=1,J140=2),AND(F140=1,J140=3)),"Deficiencia de control mayor (diseño y ejecución)",IF(OR(AND(F140=2,J140=2),AND(F140=3,J140=1),AND(F140=3,J140=2),AND(F140=2,J140=1)),"Deficiencia de control (diseño o ejecución)",IF(AND(F140=2,J140=3),"Oportunidad de mejora","Mantenimiento del control")))) -> Mantenimiento del control | L140: =+IF(K140="",0,IF(K140="Deficiencia de control mayor (diseño y ejecución)",4,IF(K140="Deficiencia de control (diseño o ejecución)",20,IF(K140="Oportunidad de mejora",40,60)))) -> 60 | M140: 0.68965 | N140: =+L140+M140 -> 60.68965
G141: 2 | H141: informe del registro publico de carrera
G142: 3 | H142: Informe de Auditoría OCI
G143: 4 | H143: Seguimiento al Plan Anual de provisión de vacantes y previsión de recursos: https://www.uaesp.gov.co/sites/default/files/planeacion/informe-primer-trimestre-pavpr-2026.pdf
G144: 5 | H144: Informe al PAID de la OCI
B148: =+LEFT(C148,3) -> 4.3 | C148: 4.3 Evaluación de las actividades relacionadas con la permanencia del personal. | D148: Dimensión de Talento Humano Política Gestión Estratégica del Talento Humano Dimensión de Control Interno Líneas de Defensa | E148: PROCEDIMIENTO FORMULACIÓN, EJECUCIÓN Y EVALUACIÓN PLAN DE BIENESTAR SOCIAL E INCENTIVOS, V6 En el Plan Anual de Auditoría de la vigencia 2026, se incluyó el seguimiento a los PETH para el segundo semestre de 2026. | F148: 3 | G148: 1 | H148: Informes trimestrales: https://www.uaesp.gov.co/sites/default/files/planeacion/informe-primer-trimestre-pbsi-2026-1.pdf | I148: La UAESP cuenta con el procedimiento GTH-PC-08 V6, el Plan de Bienestar Social e Incentivos, el Programa de Clima Laboral y Cultura Organizacional y el cronograma anual, mediante los cuales se establecen las actividades, responsables, puntos de control, mecanismos de seguimiento, evaluación de satisfacción e informes periódicos relacionados con la permanencia del personal. Durante el primer trimestre de 2026 se evidenció la ejecución de actividades de bienestar, salario emocional, acompañamiento psicosocial, salud mental, conciliación familiar, reconocimiento y fortalecimiento del clima organizacional. El informe trimestral incluyó análisis de ejecución, participación, satisfacción, recursos y acciones de mejora, y reportó un nivel global de satisfacción del 94 %. La Oficina de Control Interno verifica la implementación de estas actividades en la etapa de permanencia del personal, identificando aspectos positivos y un adecuado cumplimiento en este ámbito a través de la Vertifiación del Plan de Acción Institucional. | J148: 3 | K148: =+IF(OR(ISBLANK(F148),ISBLANK(J148)),"",IF(OR(AND(F148=1,J148=1),AND(F148=1,J148=2),AND(F148=1,J148=3)),"Deficiencia de control mayor (diseño y ejecución)",IF(OR(AND(F148=2,J148=2),AND(F148=3,J148=1),AND(F148=3,J148=2),AND(F148=2,J148=1)),"Deficiencia de control (diseño o ejecución)",IF(AND(F148=2,J148=3),"Oportunidad de mejora","Mantenimiento del control")))) -> Mantenimiento del control | L148: =+IF(K148="",0,IF(K148="Deficiencia de control mayor (diseño y ejecución)",4,IF(K148="Deficiencia de control (diseño o ejecución)",20,IF(K148="Oportunidad de mejora",40,60)))) -> 60 | M148: 0.78965 | N148: =+L148+M148 -> 60.78965
G149: 2
G150: 3
G151: 4
B156: =+LEFT(C156,3) -> 4.4 | C156: 4.4Analizar si se cuenta con políticas claras y comunicadas relacionadas con la responsabilidad de cada servidor sobre el desarrollo y mantenimiento del control interno (1a línea de defensa) | D156: Dimensión de Talento Humano Política Gestión Estratégica del Talento Humano Dimensión de Control Interno Líneas de Defensa | E156: La entidad implementó los siguientes documentos, los cuales establecen lineamientos claros de comunicación y establecen la responsabilidad de cada servidor sobre su compromiso con la comunicación y el control interno: GCO-PL-01 Plan Estratégico de Comunicaciones 2026 GCO-PC-04 V8 Comunicación interna GCO-PC-05 V4 Comunicación externa Adicional, Mediante la RESOLUCIÓN NÚMERO 757 DE 2023 “Por la cual se adopta el Sistema de Gestión en la Unidad Administrativa Especial de Servicios Públicos UAESP y se derogan la Resoluciones 313 de 2020 y 571 de 2021” Así mismo, mediante la a tualización de la V7 del Manual SIG, se cuenta con la representacion de lineas de reporte y reposnabilidades de las linenas d defensa entre otros temas. | F156: 3 | G156: 1 | H156: GCO-PL-01 Plan Estratégico de Comunicaciones 2026 | I156: La UAESP cuenta con políticas y lineamientos institucionales que establecen las responsabilidades frente al desarrollo y mantenimiento del Sistema de Control Interno. La Resolución 757 de 2023 define los principios de autogestión, autorregulación y autocontrol; asigna a los gerentes públicos y líderes de proceso las responsabilidades propias de la primera línea de defensa, y establece que todos los servidores públicos y contratistas deben aplicar el Sistema de Control Interno en el desarrollo de sus funciones y actividades. Estas disposiciones se complementan con el Manual del Sistema Integrado de Gestión V7, la Política de Administración del Riesgo y los comités primarios, mediante los cuales se establecen responsabilidades relacionadas con la identificación y monitoreo de riesgos, aplicación de controles, detección de desviaciones, implementación de correctivos y realización de ejercicios de autocontrol. Asimismo, la entidad cuenta con procedimientos y canales institucionales para comunicar internamente estos lineamientos. Recomendación: Fortalecer la comunicación y apropiación de las responsabilidades de la primera línea de defensa, mediante la inclusión en el Plan Estratégico de Comunicaciones y en las actividades de inducción, reinducción y comités primarios de contenidos específicos sobre autocontrol, gestión de riesgos, aplicación de controles, reporte de desviaciones y atención de recomendaciones. Asimismo, conservar evidencias de las socializaciones realizadas y evaluar periódicamente el conocimiento y aplicación de estos lineamientos por parte de los servidores públicos y contratistas. | J156: 3 | K156: =+IF(OR(ISBLANK(F156),ISBLANK(J156)),"",IF(OR(AND(F156=1,J156=1),AND(F156=1,J156=2),AND(F156=1,J156=3)),"Deficiencia de control mayor (diseño y ejecución)",IF(OR(AND(F156=2,J156=2),AND(F156=3,J156=1),AND(F156=3,J156=2),AND(F156=2,J156=1)),"Deficiencia de control (diseño o ejecución)",IF(AND(F156=2,J156=3),"Oportunidad de mejora","Mantenimiento del control")))) -> Mantenimiento del control | L156: =+IF(K156="",0,IF(K156="Deficiencia de control mayor (diseño y ejecución)",4,IF(K156="Deficiencia de control (diseño o ejecución)",20,IF(K156="Oportunidad de mejora",40,60)))) -> 60 | M156: 0.88965 | N156: =+L156+M156 -> 60.88965
G157: 2 | H157: GCO-PT-01 V2 Protocolos del Proceso Gestión de Comunicaciones UAESP
G158: 3 | H158: GCO-PC-04 V8 Comunicación interna
G159: 4 | H159: GCO-PC-05 V4 Comunicación externa
G160: 5 | H160: https://www.uaesp.gov.co/upload/resoluciones/2023/RESOLUCION_757_DE_2023.pdf
G161: 6 | H161: Informe de seguimiento al PAID - donde se valua el Plan de Comunicaciones
B164: =+LEFT(C164,3) -> 4.5 | C164: 4.5 Evaluación de las actividades relacionadas con el retiro del personal. | D164: Dimensión de Talento Humano Política Gestión Estratégica del Talento Humano Dimensión de Control Interno Líneas de Defensa | E164: Se cuenta con entrevistas de retiro de personal, en cuanto al programa de desvinclación asistida incluido en el informe de bienestar incluido el Planes de TH. En el plan de Bienestar se tiene previsto realizar activcidades para prepensionados con el fin de atender situaciones de proximas desvinculaciones por efectso de procesos de pensiona en algunos funcionarios. PROCEDIMIENTO GTH-PC-24 V1 Retiro de servidores publicos En el Plan Anual de Auditoría de la vigencia 2026, se incluyó el seguimiento a los PETH para el segundo semestre de 2026. | F164: 3 | G164: 1 | H164: informe consolidado de entrevistas | I164: La UAESP cuenta con el procedimiento GTH-PC-24 V1 Retiro de Servidores Públicos, mediante el cual se establecen las actividades, responsables, puntos de control y registros aplicables a la desvinculación del personal. El procedimiento comprende la definición de la causal de retiro, la entrevista de retiro, la expedición y comunicación del acto administrativo, la entrega del cargo y de la información, el examen médico ocupacional, la inactivación de usuarios, la liquidación de prestaciones sociales y el archivo de los soportes en la historia laboral. Asimismo, la entidad cuenta con entrevistas de retiro y contempla dentro de sus planes de talento humano actividades dirigidas a servidores próximos a pensionarse. Recomendación: Mantener la aplicación y evaluación de los controles establecidos para el retiro del personal, garantizando la trazabilidad de la entrega del cargo, la cancelación oportuna de accesos, la liquidación de prestaciones y el archivo de los expedientes, así como continuar utilizando los resultados de las entrevistas de retiro como insumo para el mejoramiento de la gestión estratégica del talento humano. | J164: 3 | K164: =+IF(OR(ISBLANK(F164),ISBLANK(J164)),"",IF(OR(AND(F164=1,J164=1),AND(F164=1,J164=2),AND(F164=1,J164=3)),"Deficiencia de control mayor (diseño y ejecución)",IF(OR(AND(F164=2,J164=2),AND(F164=3,J164=1),AND(F164=3,J164=2),AND(F164=2,J164=1)),"Deficiencia de control (diseño o ejecución)",IF(AND(F164=2,J164=3),"Oportunidad de mejora","Mantenimiento del control")))) -> Mantenimiento del control | L164: =+IF(K164="",0,IF(K164="Deficiencia de control mayor (diseño y ejecución)",4,IF(K164="Deficiencia de control (diseño o ejecución)",20,IF(K164="Oportunidad de mejora",40,60)))) -> 60 | M164: 0.98965 | N164: verificar
G165: 2 | H165: Plan de bienestar
H166: GTH-PC-24 V1 Retiro de servidores publicos
B172: =+LEFT(C172,3) -> 4.6 | C172: 4.6 Evaluar el impacto del Plan Institucional de Capacitación - PIC | D172: Dimensión de Talento Humano Política Gestión Estratégica del Talento Humano Dimensión de Control Interno Líneas de Defensa | E172: PROCEDIMIENTO FORMULACIÓN, EJECUCIÓN Y EVALUACIÓN PLAN INSTITUCIONAL DE CAPACITACIÓN INFORME DE INSTRUMENTOS DIAGNÓSTICOS PARA EL PIC 2026 PLAN INSTITUCIONAL DE CAPACITACIÓN – PIC 2026 - 2028 | F172: 3 | G172: 1 | H172: https://www.uaesp.gov.co/mipg/documentos-sig/talento_humano/procedimientos/GTH-PC-05%20V7%20Formulacion,%20ejecucion%20y%20evaluacion%20Plan%20Institucional%20de%20Capacitacion.pdf | I172: La UAESP cuenta con el procedimiento GTH-PC-05 V7 y el Plan Institucional de Capacitación 2026-2028, mediante los cuales se establecen las etapas de diagnóstico, formulación, ejecución, seguimiento y evaluación del PIC. Asimismo, se definieron indicadores de cobertura, cumplimiento, percepción y aprendizaje, así como un modelo de medición de impacto que contempla los niveles de reacción, aprendizaje, transferencia y resultados. Durante el primer trimestre de 2026 se evidenció la ejecución de 21 actividades frente a 19 programadas, 411 asistencias, una cobertura del 63 % del personal de planta y la aplicación de instrumentos para evaluar la satisfacción y el aprendizaje. Las preguntas aplicadas en 12 jornadas arrojaron un índice general de aprendizaje del 77 %. No obstante, las evaluaciones realizadas se concentran en la ejecución, participación, satisfacción y aprendizaje inmediato, sin evidenciar todavía la medición posterior de la transferencia de conocimientos al puesto de trabajo, la percepción de los jefes inmediatos ni los efectos de las capacitaciones sobre el desempeño, los indicadores de los procesos y los resultados institucionales. Recomendación: Fortalecer la medición del impacto del Plan Institucional de Capacitación, implementando evaluaciones posteriores a las actividades que permitan determinar la transferencia de los conocimientos al puesto de trabajo y su efecto sobre el desempeño individual, los equipos y los procesos institucionales. Para ello, se deberán definir las capacitaciones objeto de evaluación, la periodicidad del seguimiento, los instrumentos dirigidos a los participantes y a sus jefes inmediatos, los indicadores de productividad o desempeño relacionados y las acciones de mejora derivadas de los resultados. | J172: 3 | K172: =+IF(OR(ISBLANK(F172),ISBLANK(J172)),"",IF(OR(AND(F172=1,J172=1),AND(F172=1,J172=2),AND(F172=1,J172=3)),"Deficiencia de control mayor (diseño y ejecución)",IF(OR(AND(F172=2,J172=2),AND(F172=3,J172=1),AND(F172=3,J172=2),AND(F172=2,J172=1)),"Deficiencia de control (diseño o ejecución)",IF(AND(F172=2,J172=3),"Oportunidad de mejora","Mantenimiento del control")))) -> Mantenimiento del control | L172: =+IF(K172="",0,IF(K172="Deficiencia de control mayor (diseño y ejecución)",4,IF(K172="Deficiencia de control (diseño o ejecución)",20,IF(K172="Oportunidad de mejora",40,60)))) -> 60 | M172: 0.989652 | N172: =+L172+M172 -> 60.989652
H173: https://www.uaesp.gov.co/sites/default/files/planeacion/INFORME_DE_INSTRUMENTOS_DIAGNOSTICOS_PARA_EL_PIC_2026.pdf
H174: https://www.uaesp.gov.co/sites/default/files/planeacion/PLAN_INSTITUCIONAL_DE_CAPACITACION_2026_2028.pdf
B180: =+LEFT(C180,3) -> 4.7 | C180: 4.7 Evaluación frente a los productos y servicios en los cuales participan los contratistas de apoyo. | D180: Dimensión de Talento Humano Política Gestión Estratégica del Talento Humano Dimensión de Control Interno Líneas de Defensa | E180: La Subdirección de Asuntos Legales, actualmente cuenta con los siguientes documentos, que sirven para hacer seguimiento a productos y servicios: 1.Manual de Contratación, GAL-MN-01 V 14, en el cual se incorporaron aspectos relacionados con la supervisión e interventoría e imposición de multas y sanciones (Capítulo 6 numerales 5 y 6 ). 2. Manual de Supervisión e Interventoría, GAL-MN-04 V3, en su capítulo 8 establece las funciones y facultades de los supervisores e interventores encargados de evaluar los productos y servicios entregados por los contratistas. 3. Procedimiento Administrativo Sancionatorio, GAL-PC-20 V2, en el cual se establecen actividades, responsables, puntos de control y registros, orientando al supervisor acerca de la forma de proceder ante un presunto incumplimiento. 4. Finalmente, la entidad efectúa seguimiento para la evaluación de la ejecución de los contratos, mediante el formato GFI-FM-18 V 1 Informe mensual de ejecución, el cual unifica los aspectos financieros y de cumplimiento de obligaciones contractuales. 5. Informes de auditoría al la Gestión Contractual programdos en el Plan Anual de Auditoría de 2026. | F180: 3 | G180: 1 | H180: GAL-MN-01 V 14 Manual de Contratación | I180: La UAESP cuenta con el Manual de Contratación GAL-MN-01 V14 y el Manual de Supervisión e Interventoría GAL-MN-04 V3, los cuales establecen responsabilidades, actividades y mecanismos para el seguimiento técnico, administrativo, financiero, contable y jurídico de los contratos. Estos instrumentos disponen que el supervisor debe verificar el cumplimiento real y efectivo del objeto y las obligaciones contractuales, evaluar la calidad de los bienes y servicios, identificar los productos recibidos a satisfacción, documentar las problemáticas y adoptar las medidas correspondientes ante eventuales incumplimientos. Recomendación: Se recomienda que la Subdirección de Asuntos Legales, en ejercicio de su rol de orientación y segunda línea, adelante revisiones selectivas sobre una muestra representativa de contratos de personas naturales de todas las dependencias, verificando la utilización adecuada del formato GFI-FM-18 V1, la elaboración de los informes finales, la publicación oportuna en SECOP II, la incorporación en el expediente contractual y la coherencia entre los productos recibidos y los pagos autorizados. | J180: 3 | K180: =+IF(OR(ISBLANK(F180),ISBLANK(J180)),"",IF(OR(AND(F180=1,J180=1),AND(F180=1,J180=2),AND(F180=1,J180=3)),"Deficiencia de control mayor (diseño y ejecución)",IF(OR(AND(F180=2,J180=2),AND(F180=3,J180=1),AND(F180=3,J180=2),AND(F180=2,J180=1)),"Deficiencia de control (diseño o ejecución)",IF(AND(F180=2,J180=3),"Oportunidad de mejora","Mantenimiento del control")))) -> Mantenimiento del control | L180: =+IF(K180="",0,IF(K180="Deficiencia de control mayor (diseño y ejecución)",4,IF(K180="Deficiencia de control (diseño o ejecución)",20,IF(K180="Oportunidad de mejora",40,60)))) -> 60 | M180: 1.89623 | N180: =+L180+M180 -> 61.89623
G181: 2 | H181: GAL-MN-04 V3 Manual de Supervisión e Interventoría
G182: 3 | H182: GFI-FM-18 V 1 Informe mensual de ejecución
G183: 4 | H183: Informes de audioría a la Gestión Contractual.
C188: Lineamiento 5: La entidad establece líneas de reporte dentro de la entidad para evaluar el funcionamiento del Sistema de Control Interno. | D188: DIMENSIÓN O POLÍTICA DEL MIPG ASOCIADA AL REQUERIMIENTO | E188: Explicación de cómo la Entidad evidencia que está dando respuesta al requerimiento Referencia a Procesos, Manuales/Políticas de Operación/Procedimientos/Instructivos u otros desarrollos que den cuente de su aplicación | F188: Presente (1/2/3) | G188: EVIDENCIA DEL CONTROL | J188: Funcionando (1/2/3) | K188: Evaluación
G189: No. | H189: Referencia a Análisis y verificaciones en el marco del Comité Institucional de Coordinación de Control Interno | I189: Observaciones de la evaluación independiente (tener en cuenta papel de líneas de defensa)
B191: =+LEFT(C191,3) -> 5.1 | C191: 5.1 Acorde con la estructura del Esquema de Líneas de Defensa se han definido estándares de reporte, periodicidad y responsables frente a diferentes temas críticos de la entidad. | D191: Dimensión de Información y Comunicación Dimensión de Control Interno Líneas de Defensa | E191: LA UAESP, mediante los CIGD realiza seguimiento a los diferentes planes de la entidad, apoya este lineamiento los siguientes documentos: ⎼ Manual Sistema Integrado de Gestión nueva versión ⎼ Política de Administración de Riesgo ⎼ Resolución UAESP 757 de 2023. Se actualizó el Manual de Gestión a su version75 con el que Se incluye en la segunda línea de defensa el seguimiento a SARLAFT, se actualiza las Resoluciones Interna 313 del 2020, Resolución 571 de 2021 modificada parcialmente por la Resolución 757 de 20231 se incluye la actualización de la plataforma estratégica y el modelo de Gestión Jurídica Anticorrupción -MGJA y sistema de administración del riesgo de lavado de activos y financiación del terrorismo – SARLAFT. En el segundo semestre de la vigencia 2026, se realizará evaluación y seguimiento al mapa de aseguramiento. | F191: 3 | G191: 1 | H191: Politica de administración de riesgos | I191: La UAESP cuenta con estándares de reporte formalmente definidos conforme al Esquema de Líneas de Defensa. El Manual del Sistema Integrado de Gestión establece los temas objeto de seguimiento, las dependencias responsables, los destinatarios, los medios de comunicación y la periodicidad de los reportes; estos lineamientos se complementan con la Política de Administración del Riesgo y la Resolución 757 de 2023. Durante el periodo evaluado se evidenció la elaboración y presentación de informes de primera, segunda y tercera línea relacionados con riesgos, planes institucionales, indicadores, políticas de MIPG y resultados de auditoría. No obstante, se requiere fortalecer la aplicación homogénea de los estándares, particularmente en cuanto a la calidad y suficiencia de las evidencias, la identificación de alertas, la trazabilidad de las decisiones, la asignación de responsables y plazos y la verificación del cierre de los compromisos. Asimismo, se encuentra pendiente la evaluación del mapa de aseguramiento prevista para el segundo semestre de 2026. | J191: 3 | K191: =+IF(OR(ISBLANK(F191),ISBLANK(J191)),"",IF(OR(AND(F191=1,J191=1),AND(F191=1,J191=2),AND(F191=1,J191=3)),"Deficiencia de control mayor (diseño y ejecución)",IF(OR(AND(F191=2,J191=2),AND(F191=3,J191=1),AND(F191=3,J191=2),AND(F191=2,J191=1)),"Deficiencia de control (diseño o ejecución)",IF(AND(F191=2,J191=3),"Oportunidad de mejora","Mantenimiento del control")))) -> Mantenimiento del control | L191: =+IF(K191="",0,IF(K191="Deficiencia de control mayor (diseño y ejecución)",4,IF(K191="Deficiencia de control (diseño o ejecución)",20,IF(K191="Oportunidad de mejora",40,60)))) -> 60 | M191: 1.1896 | N191: =+L191+M191 -> 61.1896
G192: 2 | H192: Manual del SIG
G193: 3 | H193: https://www.uaesp.gov.co/upload/resoluciones/2023/RESOLUCION_757_DE_2023.pdf
G194: 4 | H194: Plan Anual de Auditoría 2026, que contempla la evaluación de la OCI.
B198: =+LEFT(C198,3) -> 5.2 | C198: 5.2 La Alta Dirección analiza la información asociada con la generación de reportes financieros. | D198: Dimensión de Control Interno Línea de Estratégica | E198: La Oficina Asesora de Planeación, como Segunda Línea de Defensa, presenta la información de ejecución financiera de recursos a la Alta Dirección de la Empresa para toma de decisiones en esta materia. Se cuenta con reportes trimestrales de avance de la ejecución física y financiera de los planes, programas y proyectos de la Entidad. Los reportes son mensuales y se consolidan avances trimestrales y semestrales. La Oficina de Control Interno, como Tercera Línea de Defensa, realiza seguimiento anual al Sistema de Control Interno Contable y periódico a temas presupuestales, como: Medidas de Austeridad en el Gasto, y Arqueos de Caja Menor Gastos de Funcionamiento, Inversión y Operación, según el PAA 2026. | F198: 3 | G198: 1 | H198: Actas del CICCI | I198: Se evidenció que la UAESP cuenta con mecanismos periódicos para generar, consolidar y comunicar información presupuestal y financiera a la Alta Dirección. Durante el periodo evaluado se elaboraron informes mensuales y trimestrales sobre ejecución presupuestal, reservas, giros, modificaciones y avance financiero de los proyectos de inversión, cuyos resultados fueron presentados ante el Comité Institucional de Gestión y Desempeño. Asimismo, la Resolución 757 de 2023 contempla instancias especializadas como el Comité Técnico de Sostenibilidad Contable, encargado de estudiar y evaluar información relacionada con la sostenibilidad del sistema contable y recomendar los ajustes correspondientes. | J198: 3 | K198: =+IF(OR(ISBLANK(F198),ISBLANK(J198)),"",IF(OR(AND(F198=1,J198=1),AND(F198=1,J198=2),AND(F198=1,J198=3)),"Deficiencia de control mayor (diseño y ejecución)",IF(OR(AND(F198=2,J198=2),AND(F198=3,J198=1),AND(F198=3,J198=2),AND(F198=2,J198=1)),"Deficiencia de control (diseño o ejecución)",IF(AND(F198=2,J198=3),"Oportunidad de mejora","Mantenimiento del control")))) -> Mantenimiento del control | L198: =+IF(K198="",0,IF(K198="Deficiencia de control mayor (diseño y ejecución)",4,IF(K198="Deficiencia de control (diseño o ejecución)",20,IF(K198="Oportunidad de mejora",40,60)))) -> 60 | M198: 1.28965 | N198: =+L198+M198 -> 61.28965
G199: 2 | H199: Informe de la OCI programados en el Plan Anual de Auditoría
G200: 3
G201: 4
G202: 5
...

Sheet Evaluación de riesgos
B10: EVALUACIÓN DE RIESGOS
B11: Este componente hace referencia al ejercicio efectuado bajo el liderazgo del equipo directivo y de todos los servidores de la entidad, y permite identificar, evaluar y gestionar eventos potenciales, tanto internos como externos, que puedan afectar el logro de los objetivos institucionales. La condición para la evaluación de riesgos es el establecimiento de objetivos, vinculados a varios niveles de la entidad, lo que implica que la Alta Dirección define objetivos y los agrupa en categorías en todos los niveles de la entidad, con el fin de evaluarlos
A13: ID | B13: Lineamiento 6: Definición de objetivos con suficiente claridad para identificar y evaluar los riesgos relacionados: i)Estratégicos; ii)Operativos; iii)Legales y Presupuestales; iv)De Información Financiera y no Financiera. | C13: DIMENSIÓN O POLÍTICA DEL MIPG ASOCIADA AL REQUERIMIENTO | D13: Explicación de cómo la Entidad evidencia que está dando respuesta al requerimiento Referencia a Procesos, Manuales/Políticas de Operación/Procedimientos/Instructivos u otros desarrollos que den cuente de su aplicación | E13: Presente (1/2/3) | F13: EVIDENCIA DEL CONTROL | I13: Funcionando (1/2/3) | J13: Evaluación
F14: No. | G14: Referencia a Análisis y verificaciones en el marco del Comité Institucional de Coordinación de Control Interno | H14: Observaciones de la evaluación independiente (tener encuentra papel de líneas de defensa)
A16: =+LEFT(B16,3) -> 6.1 | B16: 6.1 La Entidad cuenta con mecanismos para vincular o relacionar el plan estratégico con los objetivos estratégicos y estos a su vez con los objetivos operativos. | C16: Dimensión de Direccionamiento Estratégico y Planeación. Política de Planeación Institucional | D16: La UAESP tiene publicada la "Política de Planeación Institucional", la que artícula el plan estratégico con los objetivos institucionales y dentro de esta se encuentran los siguientes documentos: ⎼ Caracterizacióńn Grupos de Interés UAESP ⎼ Portafolio de Servicios ⎼ Misión y visión ⎼ Objetivos Institucionales ⎼ Política de planeación institucional ⎼ Plan Estratégico Institucional ⎼ Organigrama ⎼ Planes ⎼ Programas y proyectos en ejecución ⎼ Metas, objetivos e indicadores de gestión y/o desempeño ⎼ informes de empalme ⎼ Información minima requerida para publicar En el plan estratégico institucional se encuentran los objetivos y metas estratégicas para su seguimiento. ⎼ Seguimiento Plan de acción institucional disponible web ⎼ Seguimiento segunda línea PAyS, riesgos - Se presenta informe de segunda línea de defensa en los comites CIGD. | E16: 3 | F16: 1 | G16: EI 2024-2028. | H16: La UAESP cuenta con mecanismos formalmente establecidos para articular la planeación distrital, estratégica y operativa. La Guía DES-GA-01 V1 y el procedimiento DES-PC-04 V7 disponen que los objetivos estratégicos, metas e indicadores del Plan Estratégico Institucional deben armonizarse con el Plan Distrital de Desarrollo, los proyectos de inversión y los demás instrumentos de planeación, utilizando para tal efecto la matriz DES-FM-44. El PEI 2024-2028 relaciona los objetivos estratégicos con metas, indicadores, proyectos de inversión y magnitudes previstas para el cuatrienio. A su vez, el Plan de Acción Institucional desarrolla el componente operativo mediante planes, actividades e indicadores y el componente estratégico mediante los proyectos de inversión, cuyas actividades se formulan tomando como referencia las metas y objetivos del PDD, el PEI y el POAI. Durante el periodo evaluado se evidenció la formulación, aprobación y seguimiento de los planes operativos y proyectos de inversión, así como la consolidación y presentación de sus resultados ante el Comité Institucional de Gestión y Desempeño. | I16: 3 | J16: =+IF(OR(ISBLANK(E16),ISBLANK(I16)),"",IF(OR(AND(E16=1,I16=1),AND(E16=1,I16=2),AND(E16=1,I16=3)),"Deficiencia de control mayor (diseño y ejecución)",IF(OR(AND(E16=2,I16=2),AND(E16=3,I16=1),AND(E16=3,I16=2),AND(E16=2,I16=1)),"Deficiencia de control (diseño o ejecución)",IF(AND(E16=2,I16=3),"Oportunidad de mejora","Mantenimiento del control")))) -> Mantenimiento del control | K16: =+IF(J16="",75,IF(J16="Deficiencia de control mayor (diseño y ejecución)",80,IF(J16="Deficiencia de control (diseño o ejecución)",100,IF(J16="Oportunidad de mejora",120,140)))) -> 140 | L16: 1.7896 | M16: =+K16+L16 -> 141.7896
F17: 2 | G17: DES-GA-01 V1.
F18: 3 | G18: DES-PC-04 V7.
F19: 4 | G19: Matriz DES-FM-44.
F20: 5 | G20: PAI 2026 y su informe del primer trimestre.
F21: 6 | G21: Seguimiento de segunda línea al PEI.
F22: 7 | G22: Actas y presentaciones del CIGD.
A28: =+LEFT(B28,3) -> 6.2 | B28: 6.2 Los objetivos de los procesos, programas o proyectos (según aplique) que están definidos, son específicos, medibles, alcanzables, relevantes, delimitados en el tiempo. | C28: Dimensión de Gestión con Valores para Resultado Política de Fortalecimiento Organizacional y Simplificación de Procesos | D28: La UAESP cuenta con el plan "PC- 03 formulación y seguimiento del plan de acción institucional" Reportes de SEGPLAN y matrices de programación física y presupuestal. Tablero general indicadores Caracterizaciones de los procesos Plan Anual de Auditorías 2026 | E28: 3 | F28: 1 | G28: DES-PC-03 V12 – Formulación y seguimiento al Plan de Acción Institucional, actualizando la referencia que actualmente aparece como V11. | H28: La UAESP cuenta con mecanismos formalmente establecidos para formular y hacer seguimiento a los objetivos, metas y actividades de sus planes y proyectos. El procedimiento DES-PC-03 V12 dispone que el Plan de Acción Institucional debe contener objetivos, estrategias, proyectos, metas, actividades, responsables, cronogramas y asignación presupuestal, y establece reportes mensuales, productos o entregables e informes trimestrales de seguimiento. Asimismo, el procedimiento DES-PC-02 V8 define las metas de los proyectos de inversión como resultados concretos, medibles, realizables y verificables que deben obtenerse dentro de un tiempo determinado y ser registrados y monitoreados mediante SEGPLAN. Durante el periodo evaluado se evidenció la aplicación de indicadores, porcentajes de avance, seguimiento de segunda línea, informes del PAI, seguimiento a proyectos de inversión y presentación de resultados ante el Comité Institucional de Gestión y Desempeño. No obstante, el informe de la Oficina de Control Interno sobre las metas del Plan Distrital de Desarrollo identificó cinco metas con ejecución nula o marginal, asociadas principalmente con indicadores formulados únicamente sobre el resultado final y sin hitos o entregables intermedios que permitieran medir avances parciales. Recomendación: | I28: 3 | J28: =+IF(OR(ISBLANK(E28),ISBLANK(I28)),"",IF(OR(AND(E28=1,I28=1),AND(E28=1,I28=2),AND(E28=1,I28=3)),"Deficiencia de control mayor (diseño y ejecución)",IF(OR(AND(E28=2,I28=2),AND(E28=3,I28=1),AND(E28=3,I28=2),AND(E28=2,I28=1)),"Deficiencia de control (diseño o ejecución)",IF(AND(E28=2,I28=3),"Oportunidad de mejora","Mantenimiento del control")))) -> Mantenimiento del control | K28: =+IF(J28="",75,IF(J28="Deficiencia de control mayor (diseño y ejecución)",80,IF(J28="Deficiencia de control (diseño o ejecución)",100,IF(J28="Oportunidad de mejora",120,140)))) -> 140 | L28: 1.8896 | M28: =+K28+L28 -> 141.8896
F29: 2 | G29: Seguimientos trimestrales del PAI.
F30: 3 | G30: Tablero general de indicadores e informes de segunda línea.
F31: 4 | G31: DES-PC-02 V8 – Formulación, actualización y seguimiento a los proyectos de inversión.
F32: 5 | G32: Reportes de SEGPLAN y matrices de programación física y presupuestal.
F33: 6 | G33: Informe de Revisión por la Dirección 2025.
F34: 7 | G34: Informe OCI de seguimiento a las metas del PDD con corte al 31 de diciembre de 2025.
A36: =+LEFT(B36,3) -> 6.3 | B36: 6.3 La Alta Dirección evalúa periódicamente los objetivos establecidos para asegurar que estos continúan siendo consistentes y apropiados para la Entidad. | C36: Dimensión de Direccionamiento Estratégico y Planeación. Política de Planeación Institucional Dimensión Control Interno Línea Estratégica | D36: La UAESP cuenta con el procedimiento DES-PC-14 Revisión por la Dirección el cual permite a la Alta Dirección evaluar periódicamente los objetivos establecidos para asegurar su cumplimiento. En el plan estratégico institucional se encuentran los objetivos y metas estratégicas para su seguimiento el seguimiento es semestral. De manera anual se realiza el informe de Revisión por la Dirección. Se realiza seguimiento trimestral a la Ejecución del PAID. | E36: 3 | F36: 1 | G36: DES-PC-14 V1 – Revisión por la Dirección del SIG. | H36: La UAESP cuenta con mecanismos formalmente establecidos para que la Alta Dirección evalúe periódicamente los objetivos institucionales. El procedimiento DES-PC-14 V1 determina la realización anual de la revisión por la Dirección ante el Comité Institucional de Gestión y Desempeño, instancia responsable de analizar los resultados de los procesos y sistemas, tomar decisiones y determinar acciones de mejora. De manera complementaria, el Plan Estratégico Institucional es objeto de seguimiento periódico por parte de la Oficina Asesora de Planeación y sus resultados son presentados al CIGD para análisis y toma de decisiones. | I36: 3 | J36: =+IF(OR(ISBLANK(E36),ISBLANK(I36)),"",IF(OR(AND(E36=1,I36=1),AND(E36=1,I36=2),AND(E36=1,I36=3)),"Deficiencia de control mayor (diseño y ejecución)",IF(OR(AND(E36=2,I36=2),AND(E36=3,I36=1),AND(E36=3,I36=2),AND(E36=2,I36=1)),"Deficiencia de control (diseño o ejecución)",IF(AND(E36=2,I36=3),"Oportunidad de mejora","Mantenimiento del control")))) -> Mantenimiento del control | K36: =+IF(J36="",75,IF(J36="Deficiencia de control mayor (diseño y ejecución)",80,IF(J36="Deficiencia de control (diseño o ejecución)",100,IF(J36="Oportunidad de mejora",120,140)))) -> 140 | L36: 1.9754 | M36: =+K36+L36 -> 141.9754
F37: 2 | G37: Informe de Revisión por la Dirección del SIG 2025.
F38: 3 | G38: Acta del CIGD en la que se presentó y aprobó la revisión por la Dirección.
F39: 4 | G39: Procedimiento DES-PC-04 – Formulación, seguimiento y actualización del PEI.
F40: 5 | G40: Informes de seguimiento al PEI.
F41: 6 | G41: Informes de segunda línea de defensa del PEI y de indicadores.
F42: 7 | G42: Seguimientos trimestrales al PAI.
F43: 8 | G43: Informe OCI de seguimiento a la implementación del MIPG 2026.
F44: 9 | G44: Soportes de las decisiones y acciones derivadas de objetivos con bajo nivel de avance.
B49: Lineamiento 7: Identificación y análisis de riesgos (Analiza factores internos y externos; Implica a los niveles apropiados de la dirección; Determina cómo responder a los riesgos; Determina la importancia de los riesgos). | C49: DIMENSIÓN O POLÍTICA DEL MIPG ASOCIADA AL REQUERIMIENTO | D49: Explicación de cómo la Entidad evidencia que está dando respuesta al requerimiento Referencia a Procesos, Manuales/Políticas de Operación/Procedimientos/Instructivos u otros desarrollos que den cuente de su aplicación | E49: Presente (1/2/3) | F49: EVIDENCIA DEL CONTROL | I49: Funcionando (1/2/3) | J49: Evaluación
F50: No. | G50: Referencia a Análisis y verificaciones en el marco del Comité Institucional de Coordinación de Control Interno | H50: Observaciones de la evaluación independiente (tener encuentra papel de líneas de defensa)
A52: =+LEFT(B52,3) -> 7.1 | B52: 7.1 Teniendo en cuenta la estructura de la política de Administración del Riesgo, su alcance define lineamientos para toda la entidad, incluyendo regionales, áreas tercerizadas u otras instancias que afectan la prestación del servicio. | C52: Dimensión de Direccionamiento Estratégico y Planeación. Política de Planeación Institucional | D52: LA UAESP cuenta con la "Política de Administración del Riesgo - actualizada en Noviembre 2025", documento que actualiza la política de administración del riesgo de la UAESP, teniendo en cuenta los lineamientos de la guía emitida por el Departamento Administrativo de la Función Pública (DAFP), Adicionalmente en su alcance define los lineamientos de aplicación para toda la Entidad. Informes de monitoreo de riesgos segunda y evaluación de tercera línea de defensa. | E52: 3 | F52: 1 | G52: Politica de administración de riesgos | H52: La UAESP cuenta con una Política de Administración del Riesgo actualizada en noviembre de 2025, elaborada conforme a los lineamientos de la Guía para la Gestión Integral del Riesgo, versión 7 del DAFP. La política establece que su alcance comprende todos los procesos, niveles y sedes de la entidad y define lineamientos para la identificación, análisis, valoración, tratamiento, monitoreo y evaluación de las diferentes tipologías de riesgo. Durante el periodo evaluado se evidenció su aplicación mediante los reportes y monitoreos efectuados por la primera y segunda líneas de defensa y la auditoría realizada por la Oficina de Control Interno al Mapa y Plan de Manejo de Riesgos y Oportunidades, la cual comprendió todas las dependencias y procesos de la UAESP. | I52: 3 | J52: =+IF(OR(ISBLANK(E52),ISBLANK(I52)),"",IF(OR(AND(E52=1,I52=1),AND(E52=1,I52=2),AND(E52=1,I52=3)),"Deficiencia de control mayor (diseño y ejecución)",IF(OR(AND(E52=2,I52=2),AND(E52=3,I52=1),AND(E52=3,I52=2),AND(E52=2,I52=1)),"Deficiencia de control (diseño o ejecución)",IF(AND(E52=2,I52=3),"Oportunidad de mejora","Mantenimiento del control")))) -> Mantenimiento del control | K52: =+IF(J52="",75,IF(J52="Deficiencia de control mayor (diseño y ejecución)",80,IF(J52="Deficiencia de control (diseño o ejecución)",100,IF(J52="Oportunidad de mejora",120,140)))) -> 140 | L52: 2.0896 | M52: =+K52+L52 -> 142.0896
F53: 2 | G53: SEGUIMIENTO A RIESGOS 2026
F54: 3 | G54: Monitoreos segunda linea de defensa PAYS Y RIESGOS
F55: 4
F56: 5
F57: 6
A61: =+LEFT(B61,3) -> 7.2 | B61: 7.2 La Oficina de Planeación, Gerencia de Riesgos (donde existan), como 2a línea de defensa, consolidan información clave frente a la gestión del riesgo. | C61: Dimensión Control Interno Líneas de Defensa | D61: La segunda línea de defensa compiló y publicó los mapas de riesgo Institucional y de Corrupción de cada proceso. En cumplimiento de lo establecido en la Política de Administración de Riesgo generó el Informe de monitoreo a la gestión del riesgo en la vigencia 2025 el cual se remitió a los responsables de los procesos, en aras de tomar acciones que permitan fortalecer la administración del Riesgo en la Entidad. La tercera Línea de Defensa realiza Evaluaciones cuatrimestrales las cuales están publicadas en la Pagina web institucional: https://www.uaesp.gov.co/transparencia/control/otros-informes-control-interno Las actualizaciones generadas a los Mapas de Riesgos Institucional y de corrupción se realizaron en el marco de mesas de trabajo integradas por los colaboradores de cada proceso con la asesoría de la Oficina Asesora de Planeación y el acompañamiento de la Oficina de Control Interno. Estos informes se encuentran publicados en la Intranet y la Pagina Web de la Empresa Link: https://www.renobo.com.co/transparencia/planeacion-presupuesto-e-informes/plan-de-accion | E61: 3 | F61: 1 | G61: Politica de administración de riesgos | H61: La Política de Administración del Riesgo asigna a la Oficina Asesora de Planeación, como segunda línea de defensa, la responsabilidad de orientar metodológicamente a los procesos, revisar la formulación de riesgos y controles, efectuar seguimiento a su ejecución, consolidar la información institucional y presentar los resultados a la Alta Dirección. Durante el primer trimestre de 2026 se evidenció la elaboración del Informe de Seguimiento de Segunda Línea de Defensa, mediante el cual la OAP consolidó y analizó la información de los 16 procesos de la entidad, correspondiente a los riesgos de gestión, integridad pública, fiscales, de seguridad de la información y de desastre. El informe identificó 57 riesgos y presentó el seguimiento a los controles, acciones y oportunidades, así como alertas relacionadas con la calidad, suficiencia y coherencia de las evidencias aportadas por algunos procesos. La información consolidada fue presentada ante el Comité Institucional de Gestión y Desempeño y utilizada por la Oficina de Control Interno como insumo para la evaluación independiente con corte al 30 de abril de 2026. | I61: 2 | J61: =+IF(OR(ISBLANK(E61),ISBLANK(I61)),"",IF(OR(AND(E61=1,I61=1),AND(E61=1,I61=2),AND(E61=1,I61=3)),"Deficiencia de control mayor (diseño y ejecución)",IF(OR(AND(E61=2,I61=2),AND(E61=3,I61=1),AND(E61=3,I61=2),AND(E61=2,I61=1)),"Deficiencia de control (diseño o ejecución)",IF(AND(E61=2,I61=3),"Oportunidad de mejora","Mantenimiento del control")))) -> Deficiencia de control (diseño o ejecución) | K61: =+IF(J61="",75,IF(J61="Deficiencia de control mayor (diseño y ejecución)",80,IF(J61="Deficiencia de control (diseño o ejecución)",100,IF(J61="Oportunidad de mejora",120,140)))) -> 100 | L61: 2.1456 | M61: =+K61+L61 -> 102.1456
F62: 2 | G62: Administracion de Riesgos 2025. - OAP
F63: 3 | G63: Seguimiento segunda linea de defensa PAYS Y RIESGOS
F64: 4 | G64: publicacion riesgos transparencia
F65: 5 | G65: Actas CIGD 2026
F66: 6
F67: 7
A72: =+LEFT(B72,3) -> 7.3 | B72: 7.3 A partir de la información consolidada y reportada por la 2a línea de defensa (7.2), la Alta Dirección analiza sus resultados y en especial considera si se han presentado materializaciones de riesgo. | C72: Dimensión Control Interno Líneas de Defensa | D72: En los CIGD se realiza el seguimiento, evaluación y de ser necesario la actualización a los riesgos de la entidad de acuerdo a los lineamientos del DAFP. La alta dirección realiza seguimiento a los riesgos y la eficacia de las acciones frente a su prevención y tratamiento Informe sgundo y tercer trimestre segunda línea de defensa La entidad realiza seguimiento a los riesgos en los CIGD, en el cual se le informa a la alta dirección sobre la materialización de los riegos y las acciones establecidas por los procesos para su remediación y evitar su reincidencia. | E72: 3 | F72: 1 | G72: Politica de administración de riesgos | H72: La Política de Administración del Riesgo establece que la primera línea de defensa debe informar mensualmente sobre la ejecución de los controles y acciones y reportar trimestralmente si se presentaron riesgos materializados. La Oficina Asesora de Planeación, como segunda línea, consolida esta información en el Mapa y Plan de Manejo de Riesgos y Oportunidades y presenta trimestralmente sus resultados ante el Comité Institucional de Gestión y Desempeño. Durante el primer trimestre de 2026 se evidenció la elaboración y presentación del Informe de Seguimiento de Segunda Línea de Defensa, el cual incluyó el análisis de los riesgos, controles, acciones, evidencias y posibles materializaciones correspondientes a los 16 procesos de la UAESP. Estos resultados fueron presentados ante el CIGD en la sesión del 11 de mayo de 2026. La Oficina de Control Interno, mediante la auditoría realizada con corte al 30 de abril de 2026, confirmó que durante el periodo evaluado no se presentaron materializaciones de riesgos de gestión, integridad pública, fiscales, de desastres o de seguridad de la información. No obstante, se identificaron debilidades focalizadas en la ejecución de algunos controles y en la calidad y suficiencia de las evidencias aportadas por determinados procesos. | I72: 2 | J72: =+IF(OR(ISBLANK(E72),ISBLANK(I72)),"",IF(OR(AND(E72=1,I72=1),AND(E72=1,I72=2),AND(E72=1,I72=3)),"Deficiencia de control mayor (diseño y ejecución)",IF(OR(AND(E72=2,I72=2),AND(E72=3,I72=1),AND(E72=3,I72=2),AND(E72=2,I72=1)),"Deficiencia de control (diseño o ejecución)",IF(AND(E72=2,I72=3),"Oportunidad de mejora","Mantenimiento del control")))) -> Deficiencia de control (diseño o ejecución) | K72: =+IF(J72="",75,IF(J72="Deficiencia de control mayor (diseño y ejecución)",80,IF(J72="Deficiencia de control (diseño o ejecución)",100,IF(J72="Oportunidad de mejora",120,140)))) -> 100 | L72: 2.2365 | M72: =+K72+L72 -> 102.2365
F73: 2 | G73: Informe de Seguimiento de Segunda Línea de Defensa del primer trimestre de 2026
F74: 3 | G74: Informes de gestión de riesgos de la OCI
F75: 4 | G75: publicacion riesgos transparencia
F76: 5 | G76: ACTAS CIGD 2026
F77: 6
F78: 7
A82: =+LEFT(B82,3) -> 7.4 | B82: 7.4 Cuando se detectan materializaciones de riesgo, se definen los cursos de acción en relación con la revisión y actualización del mapa de riesgos correspondiente. | C82: Dimensión de Direccionamiento Estratégico y Planeación. Política de Planeación Institucional Dimensión Control Interno Líneas de Defensa | D82: La "Política de Administración del Riesgo", establece los roles y responsabilidades así como las acciones en relación con la revisión y actualización de mapa de riesgos. Seguimiento a la matriz de riesgos de acuerdo al acta de comité de gestión y desempeño. | E82: 3 | F82: 1 | G82: Política de Administración del Riesgo, especialmente el numeral 7, páginas 77 a 80. | H82: La UAESP cuenta con lineamientos específicos para actuar ante la materialización de riesgos. La Política de Administración del Riesgo, en su numeral 7, define los cursos de acción aplicables según la tipología del riesgo y la línea de defensa que detecte el evento. Para los riesgos de gestión, fiscales, de seguridad de la información y de desastres, se establece la obligación de realizar el análisis de causas, activar los planes de contingencia, formular acciones preventivas y de mejora y efectuar la revisión y actualización del mapa de riesgos y sus controles. Para los riesgos asociados a la integridad pública y LA/FT/FP, se establecen adicionalmente mecanismos de comunicación a la Alta Dirección, la Oficina de Control Disciplinario Interno, la Oficina de Control Interno y las autoridades competentes, según corresponda. La política asigna a la segunda línea la responsabilidad de verificar que se hayan adoptado las acciones y actualizado el mapa de riesgos, y a la tercera línea la función de evaluar el tratamiento realizado e informar al CICCI. No obstante, durante el periodo comprendido entre enero y abril de 2026 no se presentaron materializaciones, por lo que no fue posible verificar mediante un caso concreto la ejecución integral del protocolo definido. | I82: 3 | J82: =+IF(OR(ISBLANK(E82),ISBLANK(I82)),"",IF(OR(AND(E82=1,I82=1),AND(E82=1,I82=2),AND(E82=1,I82=3)),"Deficiencia de control mayor (diseño y ejecución)",IF(OR(AND(E82=2,I82=2),AND(E82=3,I82=1),AND(E82=3,I82=2),AND(E82=2,I82=1)),"Deficiencia de control (diseño o ejecución)",IF(AND(E82=2,I82=3),"Oportunidad de mejora","Mantenimiento del control")))) -> Mantenimiento del control | K82: =+IF(J82="",75,IF(J82="Deficiencia de control mayor (diseño y ejecución)",80,IF(J82="Deficiencia de control (diseño o ejecución)",100,IF(J82="Oportunidad de mejora",120,140)))) -> 140 | L82: 2.3896 | M82: =+K82+L82 -> 142.3896
F83: 2 | G83: Procedimiento DES-PC-07 — Administración de riesgos y oportunidades.
F84: 3 | G84: Formato DES-FM-12 — Mapa y Plan de Manejo de Riesgos y Oportunidades.
F85: 4 | G85: Planes de contingencia definidos para los riesgos institucionales.
F86: 5 | G86: Informes de seguimiento de primera y segunda línea.
F87: 6 | G87: Informe de auditoría de la OCI con corte al 30 de abril de 2026.
F88: 7 | G88: Actas del CIGD y CICCI en las que se analicen riesgos materializados, cuando se presenten.
F89: 8 | G89: Evidencias de actualización del mapa después de una materialización.
A91: =+LEFT(B91,3) -> 7.5 | B91: 7.5 Se llevan a cabo seguimientos a las acciones definidas para resolver materializaciones de riesgo detectadas. | C91: Dimensión de Evaluación de Resultados Política de Seguimiento y evaluación al Desempeño Institucional. Dimensión Control Interno Líneas de Defensa | D91: La Política de Administración del Riesgo establece que, cuando se presente la materialización de un riesgo, la primera línea de defensa debe activar inmediatamente el plan de contingencia, realizar el análisis de causas, definir las acciones correctivas y de mejora, revisar los controles y actualizar el mapa y plan de manejo de riesgos cuando corresponda. La segunda línea de defensa debe efectuar seguimiento a los planes de acción formulados frente a los riesgos materializados, verificando que las medidas sean oportunas y eficaces y que contribuyan a evitar la repetición del evento. Los resultados deben registrarse en el mapa y plan de manejo de riesgos y presentarse ante el Comité Institucional de Gestión y Desempeño. La línea estratégica debe analizar las causas, los planes de acción y su efectividad. | E91: 3 | F91: 1 | G91: Politica de administración de riesgos | H91: Durante el primer semestre de la vigencia 2026 no se evidenciaron materializaciones de riesgos, de acuerdo con los informes de seguimiento de la segunda línea y la evaluación realizada por la Oficina de Control Interno. En consecuencia, no fue necesario activar planes de contingencia ni efectuar seguimiento a acciones correctivas derivadas de eventos materializados. No obstante, se evidenció la aplicación del monitoreo mensual y trimestral mediante el cual se verifica la existencia o ausencia de estos eventos. | I91: 3 | J91: =+IF(OR(ISBLANK(E91),ISBLANK(I91)),"",IF(OR(AND(E91=1,I91=1),AND(E91=1,I91=2),AND(E91=1,I91=3)),"Deficiencia de control mayor (diseño y ejecución)",IF(OR(AND(E91=2,I91=2),AND(E91=3,I91=1),AND(E91=3,I91=2),AND(E91=2,I91=1)),"Deficiencia de control (diseño o ejecución)",IF(AND(E91=2,I91=3),"Oportunidad de mejora","Mantenimiento del control")))) -> Mantenimiento del control | K91: =+IF(J91="",75,IF(J91="Deficiencia de control mayor (diseño y ejecución)",80,IF(J91="Deficiencia de control (diseño o ejecución)",100,IF(J91="Oportunidad de mejora",120,140)))) -> 140 | L91: 2.4563 | M91: =+K91+L91 -> 142.4563
F92: 2 | G92: Administracion de Riesgos 2025. - OAP
F93: 3 | G93: 7. PTEP 2025
F94: 4 | G94: publicacion riesgos transparencia
F95: 5 | G95: ACTAS CIGD 2025
F96: 6
F97: 7
B102: Lineamiento 8: Evaluación del riesgo de fraude o corrupción. Cumplimiento artículo 73 de la Ley 1474 de 2011, relacionado con la prevención de los riesgos de corrupción. | C102: DIMENSIÓN O POLÍTICA DEL MIPG ASOCIADA AL REQUERIMIENTO | D102: Explicación de cómo la Entidad evidencia que está dando respuesta al requerimiento Referencia a Procesos, Manuales/Políticas de Operación/Procedimientos/Instructivos u otros desarrollos que den cuente de su aplicación | E102: Presente (1/2/3) | F102: EVIDENCIA DEL CONTROL | I102: Funcionando (1/2/3) | J102: Evaluación
F103: No. | G103: Referencia a Análisis y verificaciones en el marco del Comité Institucional de Coordinación de Control Interno | H103: Observaciones de la evaluación independiente (tener encuentra papel de líneas de defensa)
A105: =+LEFT(B105,3) -> 8.1 | B105: 8.1 La Alta Dirección acorde con el análisis del entorno interno y externo, define los procesos, programas o proyectos (según aplique), susceptibles de posibles actos de corrupción. | C105: Dimensión de Direccionamiento Estratégico y Planeación. Política de Planeación Institucional | D105: Política de Administración del Riesgo Actualizada noviembre 2025 Seguimiento a la matriz de riesgos (Mapa y plan de manejo de riesgos y oportunidades) de acuerdo al acta de comité de gestión y desempeño. Programa de transparecia y ética pública. | E105: 3 | F105: 1 | G105: Politica de administración de riesgos | H105: La Política de Administración del Riesgo de la UAESP asigna a la línea estratégica la responsabilidad de analizar los cambios del entorno interno y externo y definir los procesos, programas o proyectos susceptibles de posibles actos de corrupción. Asimismo, establece una metodología integral para identificar y gestionar los riesgos asociados al SIGRIP, incluyendo soborno, fraude, inadecuada gestión de conflictos de interés, corrupción y LA/FT/FP. Durante la vigencia 2026 se evidenció la aplicación de estos lineamientos mediante el Mapa y Plan de Manejo de Riesgos y Oportunidades, en el cual fueron identificados 17 riesgos para la integridad pública: tres de soborno, dos de fraude, nueve de conflicto de interés y tres de LA/FT/FP. Estos riesgos se encuentran distribuidos en los procesos estratégicos, misionales, de apoyo y de evaluación de la entidad. El informe de segunda línea de defensa consolidó y monitoreó estos riesgos, y la Oficina de Control Interno verificó su identificación, los controles asociados y las evidencias presentadas por los procesos. Adicionalmente, durante el primer trimestre se adelantó la revisión y alineación del PTEP con el Decreto 1122 de 2024, fortaleciendo el componente SIGRIP. No obstante, aunque se evidencia la identificación institucional de los procesos expuestos, debe fortalecerse la trazabilidad documental que permita establecer de manera expresa cómo el análisis del contexto interno y externo fue utilizado por la Alta Dirección para definir y priorizar los procesos, programas, proyectos u operaciones susceptibles de posibles actos de corrupción. | I105: 3 | J105: =+IF(OR(ISBLANK(E105),ISBLANK(I105)),"",IF(OR(AND(E105=1,I105=1),AND(E105=1,I105=2),AND(E105=1,I105=3)),"Deficiencia de control mayor (diseño y ejecución)",IF(OR(AND(E105=2,I105=2),AND(E105=3,I105=1),AND(E105=3,I105=2),AND(E105=2,I105=1)),"Deficiencia de control (diseño o ejecución)",IF(AND(E105=2,I105=3),"Oportunidad de mejora","Mantenimiento del control")))) -> Mantenimiento del control | K105: =+IF(J105="",75,IF(J105="Deficiencia de control mayor (diseño y ejecución)",80,IF(J105="Deficiencia de control (diseño o ejecución)",100,IF(J105="Oportunidad de mejora",120,140)))) -> 140 | L105: 2.5458 | M105: =+K105+L105 -> 142.5458
F106: 2 | G106: publicacion riesgos transparencia
F107: 3 | G107: Seguimiento a Riesgos - SARLAFT
F108: 4 | G108: PTEP 2026
F109: 5 | G109: Evaluación de Riesgos OCI 2026
F110: 6
F111: 7
F112: 8
A116: =+LEFT(B116,3) -> 8.2 | B116: 8.2 La Alta Dirección monitorea los riesgos de corrupción con la periodicidad establecida en la Política de Administración del Riesgo. | C116: Dimensión de Control Interno Línea Estratégica | D116: Política de Administración del Riesgo Actas Comités de Gestión y Desempeño Acta Comité Institucional de Coordinación de Control Interno DES-PC-07 Administración riesgos y oportunidades 12 MAPA Y MANEJO DE RIESGOS Informes trimestrales de segunda línea de defensa | E116: 3 | F116: 1 | G116: Política de Administración del Riesgo, especialmente las responsabilidades de la línea estratégica y el numeral de monitoreo y revisión. | H116: La Política de Administración del Riesgo establece que la línea estratégica, conformada por la Alta Dirección y el Comité Institucional de Coordinación de Control Interno, debe realizar seguimiento y análisis trimestral a los riesgos institucionales, incluidos los riesgos asociados al Sistema de Gestión de Riesgos para la Integridad Pública —SIGRIP—. Durante el primer trimestre de 2026, los procesos efectuaron el seguimiento mensual a sus controles y acciones y reportaron los resultados a la Oficina Asesora de Planeación. Esta dependencia, como segunda línea de defensa, consolidó la información institucional y elaboró el Informe de Seguimiento de Segunda Línea, que incluyó el análisis de los riesgos de gestión, integridad pública, fiscales, de desastres y de seguridad de la información. Los resultados fueron presentados ante el Comité Institucional de Gestión y Desempeño en la sesión del 11 de mayo de 2026, con participación de la Alta Dirección. Asimismo, la Oficina de Control Interno realizó la evaluación independiente con corte al 30 de abril de 2026 y confirmó que durante el periodo no se presentaron materializaciones de riesgos. En consecuencia, se evidenció el cumplimiento de la periodicidad trimestral definida en la política. | I116: 3 | J116: =+IF(OR(ISBLANK(E116),ISBLANK(I116)),"",IF(OR(AND(E116=1,I116=1),AND(E116=1,I116=2),AND(E116=1,I116=3)),"Deficiencia de control mayor (diseño y ejecución)",IF(OR(AND(E116=2,I116=2),AND(E116=3,I116=1),AND(E116=3,I116=2),AND(E116=2,I116=1)),"Deficiencia de control (diseño o ejecución)",IF(AND(E116=2,I116=3),"Oportunidad de mejora","Mantenimiento del control")))) -> Mantenimiento del control | K116: =+IF(J116="",75,IF(J116="Deficiencia de control mayor (diseño y ejecución)",80,IF(J116="Deficiencia de control (diseño o ejecución)",100,IF(J116="Oportunidad de mejora",120,140)))) -> 140 | L116: 2.6321 | M116: =+K116+L116 -> 142.6321
F117: 2 | G117: Mapa y Plan de Manejo de Riesgos y Oportunidades 2026.
F118: 3 | G118: Informe de Seguimiento de Segunda Línea de Defensa del primer trimestre de 2026.
F119: 4 | G119: Acta y presentación del CIGD del 11 de mayo de 2026.
F120: 5 | G120: Informe de auditoría de la OCI al mapa de riesgos, con corte al 30 de abril de 2026.
F121: 6 | G121: Publicación del seguimiento de riesgos en la página de transparencia.
F122: 7 | G122: Seguimiento al PAI del primer trimestre de 2026.
A128: =+LEFT(B128,3) -> 8.3 | B128: 8.3 Para el desarrollo de las actividades de control, la entidad considera la adecuada división de las funciones y que éstas se encuentren segregadas en diferentes personas para reducir el riesgo de acciones fraudulentas. | C128: Dimensión de Control Interno Líneas de Defensa | D128: Como parte de la segregación funcional, la Entidad fortaleció el esquema de líneas de defensa asignando responsabilidades concretas en la administración de riesgos, según se puede observar en la política de administración de riesgos. Adicionalmente, se cuenta con los manuales de funciones que demuestran la segregación funcional, lo cual contribuye a mitigar posibles eventos de fraude, soborno y corrupción. | E128: 3 | F128: 1 | G128: Política de Administración del Riesgo 2025. | H128: La UAESP cuenta con una estructura organizacional, manuales de funciones, procedimientos y políticas institucionales que asignan responsabilidades y niveles de autoridad para la ejecución, revisión, validación y aprobación de las actividades. La Política de Administración del Riesgo incorpora la metodología de diseño y análisis de controles definida por el DAFP, la cual contempla la identificación del responsable, la segregación de funciones y los niveles de autoridad apropiados. Asimismo, los procedimientos del Sistema Integrado de Gestión establecen actividades, puntos de control, responsables y registros, y la Resolución 757 de 2023 diferencia las responsabilidades de la línea estratégica y de las tres líneas de defensa. Durante el periodo evaluado, la Oficina Asesora de Planeación efectuó el monitoreo de los controles definidos por los pro | I128: 3 | J128: =+IF(OR(ISBLANK(E128),ISBLANK(I128)),"",IF(OR(AND(E128=1,I128=1),AND(E128=1,I128=2),AND(E128=1,I128=3)),"Deficiencia de control mayor (diseño y ejecución)",IF(OR(AND(E128=2,I128=2),AND(E128=3,I128=1),AND(E128=3,I128=2),AND(E128=2,I128=1)),"Deficiencia de control (diseño o ejecución)",IF(AND(E128=2,I128=3),"Oportunidad de mejora","Mantenimiento del control")))) -> Mantenimiento del control | K128: =+IF(J128="",75,IF(J128="Deficiencia de control mayor (diseño y ejecución)",80,IF(J128="Deficiencia de control (diseño o ejecución)",100,IF(J128="Oportunidad de mejora",120,140)))) -> 140 | L128: 2.7456 | M128: =+K128+L128 -> 142.7456
F129: 2 | G129: Guía para la Gestión Integral del Riesgo, versión 7.
F130: 3 | G130: Manual Específico de Funciones y Competencias Laborales vigente.
F131: 4 | G131: Estructura organizacional y funciones de las dependencias.
F132: 5 | G132: Resolución 757 de 2023.
F133: 6 | G133: Procedimientos del SIG con responsables y puntos de control.
F134: 7 | G134: Matrices de usuarios, roles y permisos de los sistemas.
F135: 8 | G135: Tabla de control de accesos aprobada.
F136: 9 | G136: Procedimientos de contratación, pagos, tesorería, contabilidad, nómina e inventarios.
F137: 10 | G137: Informes de segunda línea sobre riesgos.
F138: 11 | G138: Informes de auditoría de la OCI
F139: 12
F140: 13
F141: 14
F142: 15
F143: 16
F144: 17
F145: 18
A147: =+LEFT(B147,3) -> 8.4 | B147: 8.4 La Alta Dirección evalúa fallas en los controles (diseño y ejecución) para definir cursos de acción apropiados para su mejora. | C147: Dimensión de Control Interno Línea Estratégica | D147: En el marco del Comité Institucional de Coordinación de Control Interno y del Comité Institucional de Gestión y Desempeño se han presentado las debilidades, fallas y factores claves de éxito sobre los controles como resultado de la evaluación independiente realizada por la Oficina de Control Interno. Dentro del plan de mejoramiento institucional y por procesos se determinan las causas que originaron la detección de hallazgos y responsabilidades y se formulan acciones que son objeto de seguimiento periódico. | E147: 3 | F147: 1 | G147: Política de Administración del Riesgo 2025. | H147: La Política de Administración del Riesgo establece responsabilidades para evaluar el diseño y la ejecución de los controles. La primera línea debe efectuar ejercicios mensuales de autocontrol e implementar las mejoras requeridas; la segunda línea debe revisar el adecuado diseño de los controles, monitorear su funcionamiento y formular recomendaciones; y la Oficina de Control Interno debe evaluar de manera independiente su diseño, ejecución y efectividad y comunicar los resultados al CICCI. Durante el periodo evaluado, la Oficina Asesora de Planeación elaboró el informe de segunda línea del primer trimestre de 2026, mediante el cual identificó debilidades relacionadas con la ejecución, el seguimiento y la suficiencia de las evidencias de algunos controles. Asimismo, la OCI realizó la auditoría al Mapa y Plan de Manejo de Riesgos y Oportunidades con corte al 30 de abril de 2026, identificando un incumplimiento y una oportunidad de mejora y solicitando la formulación de las acciones correspondientes. | I147: 3 | J147: =+IF(OR(ISBLANK(E147),ISBLANK(I147)),"",IF(OR(AND(E147=1,I147=1),AND(E147=1,I147=2),AND(E147=1,I147=3)),"Deficiencia de control mayor (diseño y ejecución)",IF(OR(AND(E147=2,I147=2),AND(E147=3,I147=1),AND(E147=3,I147=2),AND(E147=2,I147=1)),"Deficiencia de control (diseño o ejecución)",IF(AND(E147=2,I147=3),"Oportunidad de mejora","Mantenimiento del control")))) -> Mantenimiento del control | K147: =+IF(J147="",75,IF(J147="Deficiencia de control mayor (diseño y ejecución)",80,IF(J147="Deficiencia de control (diseño o ejecución)",100,IF(J147="Oportunidad de mejora",120,140)))) -> 140 | L147: 2.8745 | M147: =+K147+L147 -> 142.8745
...

Sheet Actividades de control
E15: ACTIVIDADES DE CONTROL
E16: La entidad define y desarrolla actividades de control que contribuyen a la mitigación de los riesgos hasta niveles aceptables para la consecución de los objetivos estratégicos y de proceso. Implementa políticas de operación mediante procedimientos u otros mecanismos que den cuenta de su aplicación en el día a día de las operaciones.
D18: ID | E18: Lineamiento 10: Diseño y desarrollo de actividades de control (Integra el desarrollo de controles con la evaluación de riesgos; tiene en cuenta a qué nivel se aplican las actividades; facilita la segregación de funciones). | F18: DIMENSIÓN O POLÍTICA DEL MIPG ASOCIADA AL REQUERIMIENTO | G18: Explicación de cómo la Entidad evidencia que está dando respuesta al requerimiento Referencia a Procesos, Manuales/Políticas de Operación/Procedimientos/Instructivos u otros desarrollos que den cuente de su aplicación | H18: Presente (1/2/3) | I18: EVIDENCIA DEL CONTROL | L18: Funcionando (1/2/3) | M18: Evaluación
I19: No. | J19: Referencia a Análisis y verificaciones en el marco del Comité Institucional de Coordinación de Control Interno | K19: Observaciones de la evaluación independiente (tener encuentra papel de líneas de defensa)
A20: # | B20: AUDITOR | C20: PROCESO AUDITADO
A21: 1 | B21: TODOS | C21: Todos | D21: =+LEFT(E21,4) -> 10.1 | E21: 10.1 Para el desarrollo de las actividades de control, la entidad considera la adecuada división de las funciones y que éstas se encuentren segregadas en diferentes personas para reducir el riesgo de error o de incumplimientos de alto impacto en la operación. | F21: Dimensión de Control Interno Líneas de Defensa | G21: La UAESP cuenta con una estructura organizacional, un Manual Específico de Funciones y Competencias Laborales, procedimientos del Sistema Integrado de Gestión, manuales operativos y una Política de Administración del Riesgo que permiten asignar responsabilidades, niveles de autoridad y puntos de control para el desarrollo de las actividades institucionales. La Resolución 757 de 2023 distribuye las responsabilidades de gestión de riesgos y control mediante el esquema de líneas de defensa. Asimismo, los procedimientos del SIG identifican las actividades, responsables, puntos de control y registros, evidenciándose en diferentes operaciones la participación separada de quienes elaboran, verifican, autorizan y aprueban. | H21: 3 | I21: 1 | J21: Manual Específico de Funciones y Competencias Laborales vigente. | K21: Durante el periodo evaluado, la segunda línea efectuó seguimiento a la ejecución de los controles y la Oficina de Control Interno realizó la evaluación independiente del Mapa y Plan de Manejo de Riesgos y Oportunidades. | L21: 3 | M21: =+IF(OR(ISBLANK(H21),ISBLANK(L21)),"",IF(OR(AND(H21=1,L21=1),AND(H21=1,L21=2),AND(H21=1,L21=3)),"Deficiencia de control mayor (diseño y ejecución)",IF(OR(AND(H21=2,L21=2),AND(H21=3,L21=1),AND(H21=3,L21=2),AND(H21=2,L21=1)),"Deficiencia de control (diseño o ejecución)",IF(AND(H21=2,L21=3),"Oportunidad de mejora","Mantenimiento del control")))) -> Mantenimiento del control | N21: =+IF(M21="",152,IF(M21="Deficiencia de control mayor (diseño y ejecución)",160,IF(M21="Deficiencia de control (diseño o ejecución)",180,IF(M21="Oportunidad de mejora",200,220)))) -> 220 | O21: 3.4569 | P21: =+N21+O21 -> 223.4569
I22: 2 | J22: Resolución 757 de 2023.
I23: 3 | J23: Política de Administración del Riesgo 2025.
I24: 4 | J24: Procedimientos vigentes del SIG con actividades, puntos de control y responsables.
I25: 5 | J25: Matrices de usuarios y roles.
I26: 6 | J26: Tabla de control de acceso aprobada.
I27: 7 | J27: Informes de segunda línea
I28: 8 | J28: Informes de Auditoría de la OCI
I29: 9
I30: 10
I31: 11
I32: 12
I33: 13
A34: 2 | B34: TODOS | C34: Todos | D34: =+LEFT(E34,4) -> 10.2 | E34: 10.2 Se han identificado y documentado las situaciones específicas en donde no es posible segregar adecuadamente las funciones (ej.: falta de personal, presupuesto), con el fin de definir actividades de control alternativas para cubrir los riesgos identificados. | F34: Dimensión de Control Interno Líneas de Defensa | G34: En todas las áreas se suple la falta de personal de planta para el desarrollo de las actividades con la tercerización de personas bajo la contratación de prestación de servicios. Informe de Revisión por la Dirección 2025. | H34: 3 | I34: 1 | J34: Informe de Revisión por la Dirección del SIG 2025. | K34: La UAESP ha identificado situaciones específicas de insuficiencia de personal y recursos mediante el Informe de Revisión por la Dirección, en el cual diferentes procesos reportaron vacantes, cargas laborales, rotación, necesidad de personal especializado y limitaciones presupuestales que afectan el cumplimiento oportuno de sus actividades. Como respuesta, la entidad incorpora necesidades de contratación de apoyo a la gestión en el Plan Anual de Adquisiciones. En la gestión contractual, el Manual de Contratación y el Manual de Supervisión e Interventoría establecen controles alternativos cuando la capacidad del personal de planta o la complejidad técnica resultan insuficientes. Entre estos se encuentran el apoyo a la supervisión, la contratación de interventoría especializada, la concurrencia de supervisor e interventor con responsabilidades claramente delimitadas y la revisión y aprobación de informes y pagos. El Manual de Supervisión determina que el apoyo contratado no reemplaza ni libera al supervisor de su responsabilidad, y exige documentar su designación y mantener la coordinación entre ambos. No obstante, la auditoría a la gestión contractual de 2026 identificó debilidades en la publicación de designaciones, cambios de supervisión e informes de ejecución. Recomendación: Identificar y documentar las situaciones en las que, por insuficiencia de personal, restricciones presupuestales, vacancias, especialidad técnica o estructura limitada, no sea posible separar completamente las funciones incompatibles. Para cada excepción deberá definirse el riesgo generado y establecerse un control compensatorio, como revisión independiente, doble aprobación, conciliación posterior, rotación de responsables, restricción de permisos, supervisión reforzada o interventoría especializada. La documentación deberá señalar el responsable, la evidencia, la vigencia de la excepción y la periodicidad de su revisión. En materia contractual, asegurar que las designaciones de supervisión y apoyo, los cambios de supervisor, la delimitación de funciones entre supervisión e interventoría y los informes correspondientes se documenten y publiquen oportunamente. | L34: 2 | M34: =+IF(OR(ISBLANK(H34),ISBLANK(L34)),"",IF(OR(AND(H34=1,L34=1),AND(H34=1,L34=2),AND(H34=1,L34=3)),"Deficiencia de control mayor (diseño y ejecución)",IF(OR(AND(H34=2,L34=2),AND(H34=3,L34=1),AND(H34=3,L34=2),AND(H34=2,L34=1)),"Deficiencia de control (diseño o ejecución)",IF(AND(H34=2,L34=3),"Oportunidad de mejora","Mantenimiento del control")))) -> Deficiencia de control (diseño o ejecución) | N34: =+IF(M34="",152,IF(M34="Deficiencia de control mayor (diseño y ejecución)",160,IF(M34="Deficiencia de control (diseño o ejecución)",180,IF(M34="Oportunidad de mejora",200,220)))) -> 180 | O34: 3.5478 | P34: =+N34+O34 -> 183.5478
I35: 2 | J35: Manual de Contratación GAL-MN-01 V14.
I36: 3 | J36: Manual de Supervisión e Interventoría GAL-MN-04 V3.
I37: 4 | J37: Plan Anual de Adquisiciones 2026 y su seguimiento.
I38: 5 | J38: Estudios previos de contratos de apoyo a la gestión e interventoría.
I39: 6 | J39: Comunicaciones de designación de supervisores y apoyos.
I40: 7 | J40: Matrices de riesgos de los procesos con insuficiencia de personal.
I41: 8 | J41: Informe de auditoría a la gestión contractual de 2026.
I42: 9 | J42: Manual de Funciones y procedimientos operativos.
I43: 10
I44: 11
A46: 3 | B46: OCL | C46: Direccionamiento estratégico | D46: =+LEFT(E46,4) -> 10.3 | E46: 10.3 El diseño de otros sistemas de gestión (bajo normas o estándares internacionales como la ISO), se integran de forma adecuada a la estructura de control de la entidad. | F46: Dimensión de Gestión con Valores para Resultados Dimensión de Control Interno Líneas de Defensa | G46: Manual sistema integrado de gestión ISO 9001 2015 Auditoría MSPI Auditoría Externa de Certificación ISO 9001:2015 Auditoría al SG-SST Auditoría al PIGA | H46: 3 | I46: 1 | J46: Manual del SIG | K46: La UAESP cuenta con un Sistema Integrado de Gestión formalmente adoptado mediante la Resolución 757 de 2023 y desarrollado en el Manual del SIG V7. El sistema integra, entre otros, el Sistema de Gestión de Calidad, el Sistema de Gestión Ambiental, el Sistema de Seguridad y Salud en el Trabajo, el Sistema de Gestión de Seguridad de la Información, el Sistema de Control Interno, la gestión documental, el servicio al ciudadano y el SIGRIP. El Manual del SIG establece una matriz de articulación entre los requisitos de la ISO 9001:2015, los componentes del MECI, las políticas del MIPG y los instrumentos institucionales. Asimismo, la Política de Administración del Riesgo incorpora el requisito 6.1 de la ISO 9001:2015, la ISO 31000:2018 y los controles aplicables de la ISO/IEC 27001:2022 para los riesgos de seguridad de la información. Durante el segundo semestre de 2026, se informaran los resultados de las auditorías realizados por la OCI a los diferentes sistemas de Gestión. | L46: 3 | M46: =+IF(OR(ISBLANK(H46),ISBLANK(L46)),"",IF(OR(AND(H46=1,L46=1),AND(H46=1,L46=2),AND(H46=1,L46=3)),"Deficiencia de control mayor (diseño y ejecución)",IF(OR(AND(H46=2,L46=2),AND(H46=3,L46=1),AND(H46=3,L46=2),AND(H46=2,L46=1)),"Deficiencia de control (diseño o ejecución)",IF(AND(H46=2,L46=3),"Oportunidad de mejora","Mantenimiento del control")))) -> Mantenimiento del control | N46: =+IF(M46="",152,IF(M46="Deficiencia de control mayor (diseño y ejecución)",160,IF(M46="Deficiencia de control (diseño o ejecución)",180,IF(M46="Oportunidad de mejora",200,220)))) -> 220 | O46: 3.6458 | P46: =+N46+O46 -> 223.6458
I47: 2 | J47: 2025 MSPI ECM-FM-06 V12 Informe de auditoría interna MSPI.pdf
I48: 3 | J48: Auditoría_SGSI(MSPI)
I49: 4 | J49: Auditoria ICONTEC 2025
I50: 5 | J50: Plan Anual de Auditoría Vigencia 2026
E54: Lineamiento 11: Seleccionar y Desarrolla controles generales sobre TI para apoyar la consecución de los objetivos . | F54: DIMENSIÓN O POLÍTICA DEL MIPG ASOCIADA AL REQUERIMIENTO | G54: Explicación de cómo la Entidad evidencia que está dando respuesta al requerimiento Referencia a Procesos, Manuales/Políticas de Operación/Procedimientos/Instructivos u otros desarrollos que den cuente de su aplicación | H54: Presente (1/2/3) | I54: EVIDENCIA DEL CONTROL | L54: Funcionando (1/2/3) | M54: Evaluación
I55: No. | J55: Referencia a Análisis y verificaciones en el marco del Comité Institucional de Coordinación de Control Interno | K55: Observaciones de la evaluación independiente (tener encuentra papel de líneas de defensa)
A57: 4 | B57: LMVL | C57: Gestión Tecnológica y de la Información | D57: =+LEFT(E57,4) -> 11.1 | E57: 11.1 La entidad establece actividades de control relevantes sobre las infraestructuras tecnológicas; los procesos de gestión de la seguridad y sobre los procesos de adquisición, desarrollo y mantenimiento de tecnologías. | F57: Dimensión de Gestión con Valores para el Resultado Política de Gobierno Digital Política de Seguridad Digital | G57: La UAESP cuenta con actividades de control documentadas sobre la infraestructura tecnológica, la gestión de la seguridad de la información y los procesos de adquisición, desarrollo y mantenimiento tecnológico. Estas actividades se encuentran definidas en el PETI 2024-2028, los procedimientos de gestión de arquitectura, usuarios, incidentes y respaldos, el Manual de Hardening, el Manual de Clasificación de Activos de Información y el Manual de Adquisición, Desarrollo y Mantenimiento Seguro de Software. Se realiza el seguimiento a riesgos del proceso de gestión tecnologica y de la información, revisando los lineamientos y procedimientos de respaldos de información, sistemas y bases de datos. Se cuenta con un manual y politica para le desarrollo seguro. Se tiene servicios en la nube por medio de creditos en azure. Clausulas de confidencialidad para contratistas y formatos de acuerdos de confidencialidad para personal de planta. Auditoría al Modelo de Seguridad y Privacidad de la Información. | H57: 3 | I57: 1 | J57: PETI 2024-2028. | K57: Los controles comprenden el monitoreo de infraestructura, gestión de capacidad, mantenimiento preventivo y correctivo, respaldos cifrados, pruebas de restauración, administración de usuarios y privilegios, gestión de incidentes, clasificación de activos, endurecimiento de configuraciones, separación de ambientes, pruebas de software, control de versiones, gestión de cambios y acompañamiento técnico en la adquisición de soluciones. Durante el periodo evaluado se evidenció seguimiento por la primera y segunda líneas a los riesgos y controles de seguridad de la información, así como evaluación independiente por parte de la Oficina de Control Interno. La OCI verificó la ejecución de controles dirigidos a proteger los activos, prevenir incidentes y mitigar vulnerabilidades. No obstante, el PETI identifica obsolescencia tecnológica, necesidad de revisar y actualizar algunos procedimientos de gestión de TI, ausencia de un modelo específico para la gestión de proyectos tecnológicos y actividades pendientes en configuraciones de seguridad de infraestructura. Asimismo, se requiere fortalecer la evidencia consolidada sobre pruebas de restauración, hardening, administración de accesos, mantenimiento, gestión de cambios y aplicación de las listas de chequeo de desarrollo seguro. | L57: 3 | M57: =+IF(OR(ISBLANK(H57),ISBLANK(L57)),"",IF(OR(AND(H57=1,L57=1),AND(H57=1,L57=2),AND(H57=1,L57=3)),"Deficiencia de control mayor (diseño y ejecución)",IF(OR(AND(H57=2,L57=2),AND(H57=3,L57=1),AND(H57=3,L57=2),AND(H57=2,L57=1)),"Deficiencia de control (diseño o ejecución)",IF(AND(H57=2,L57=3),"Oportunidad de mejora","Mantenimiento del control")))) -> Mantenimiento del control | N57: =+IF(M57="",152,IF(M57="Deficiencia de control mayor (diseño y ejecución)",160,IF(M57="Deficiencia de control (diseño o ejecución)",180,IF(M57="Oportunidad de mejora",200,220)))) -> 220 | O57: 3.7896 | P57: =+N57+O57 -> 223.7896
I58: 2 | J58: Política de Seguridad y Privacidad de la Información.
I59: 3 | J59: GTI-PC-18 V3 Gestión de Arquitectura de Tecnologías de la Información.
J60: GTI-PC-11 V4 Gestión de Respaldos.
I61: 4 | J61: GTI-PC-16 V2 Gestión de Incidentes.
I62: 5 | J62: GTI-PC-03 V6 Gestión de Usuarios.
I63: 6 | J63: GTI-MN-02 V4 Clasificación de Activos de Información.
I64: 7 | J64: GTI-MN-04 V2 Adquisición, Desarrollo y Mantenimiento Seguro de Software.
I65: 8 | J65: GTI-MN-06 Manual de Hardening.
I66: 9 | J66: Plan de Tratamiento de Riesgos de Seguridad y Privacidad de la Información 2026.
I67: 10 | J67: Informes de segunda línea sobre riesgos y controles.
I68: 11 | J68: Informe de auditoría al MSPI y su plan de mejoramiento.
A72: 5 | B72: LMVL | C72: Gestión Tecnológica y de la Información | D72: =+LEFT(E72,4) -> 11.2 | E72: 11.2 Para los proveedores de tecnología selecciona y desarrolla actividades de control internas sobre las actividades realizadas por el proveedor de servicios. | F72: Dimensión de Gestión con Valores para el Resultado Política de Gobierno Digital Política de Seguridad Digital | G72: Mediante la supervisión a los contratos, se realiza el seguimiento de las obligaciones y clausulas de los mismos. Asimismo, se hace seguimiento a los contratos gestionados por la OTIC, revisando el cumplimiento en terminos contractuales, financieros, seguridad de la información, entre otros. | H72: 3 | I72: 1 | J72: Actas de seguimiento a los contratos de tecnología. | K72: La UAESP cuenta con actividades de control sobre los proveedores tecnológicos, establecidas en el Manual de Contratación, el Manual de Supervisión e Interventoría y los lineamientos del proceso de Gestión de Tecnologías de la Información. La supervisión contractual comprende la verificación técnica, administrativa, financiera, contable y jurídica del cumplimiento de las obligaciones, así como la revisión de entregables, calidad de los bienes y servicios, informes de ejecución, requisitos para pago, deficiencias y acciones correctivas. Para los proveedores que participan en el desarrollo, adquisición o mantenimiento de software, el Manual GTI-MN-04 V2 establece requisitos de seguridad, separación de ambientes, perfiles de acceso, pruebas, control de versiones, gestión de cambios, respaldos, documentación y listas de chequeo. Asimismo, los instrumentos de protección de datos establecen restricciones y obligaciones cuando terceros acceden o realizan tratamiento de información personal. Durante el periodo evaluado se evidenciaron actas y registros de seguimiento a los contratos administrados por la OTIC, en los cuales se revisan obligaciones contractuales, técnicas, financieras y de seguridad de la información. No obstante, no se evidenció un esquema consolidado de clasificación y monitoreo de proveedores tecnológicos críticos que integre niveles de servicio, incidentes, accesos privilegiados, continuidad, riesgos, tratamiento de información y condiciones de cierre. Adicionalmente, la auditoría a la gestión contractual identificó debilidades en la integridad y trazabilidad de algunos expedientes, publicaciones e informes de supervisión, incluida una situación asociada con un contrato en el que participó la OTIC. | L72: 3 | M72: =+IF(OR(ISBLANK(H72),ISBLANK(L72)),"",IF(OR(AND(H72=1,L72=1),AND(H72=1,L72=2),AND(H72=1,L72=3)),"Deficiencia de control mayor (diseño y ejecución)",IF(OR(AND(H72=2,L72=2),AND(H72=3,L72=1),AND(H72=3,L72=2),AND(H72=2,L72=1)),"Deficiencia de control (diseño o ejecución)",IF(AND(H72=2,L72=3),"Oportunidad de mejora","Mantenimiento del control")))) -> Mantenimiento del control | N72: =+IF(M72="",152,IF(M72="Deficiencia de control mayor (diseño y ejecución)",160,IF(M72="Deficiencia de control (diseño o ejecución)",180,IF(M72="Oportunidad de mejora",200,220)))) -> 220 | O72: 3.8456 | P72: =+N72+O72 -> 223.8456
I73: 2 | J73: Informes de supervisión de los contratos administrados por la OTIC.
I74: 3 | J74: Matriz o repositorio de seguimiento contractual en SharePoint.
I75: 4 | J75: Manual de Contratación GAL-MN-01 V14.
I76: 5 | J76: Manual de Supervisión e Interventoría GAL-MN-04 V3.
I77: 6 | J77: GTI-MN-04 V2 Adquisición, Desarrollo y Mantenimiento Seguro de Software.
I78: 7 | J78: Política y Manual para el Tratamiento de Datos Personales.
I79: 8 | J79: Contratos de transmisión de datos y acuerdos de confidencialidad.
I80: 9 | J80: Acuerdos de niveles de servicio —ANS o SLA—.
I81: 10 | J81: Informes de incidentes, disponibilidad, mantenimiento y soporte.
I82: 11 | J82: Actas de aceptación técnica de entregables.
I83: 12 | J83: Informe de auditoría a la gestión contractual de 2026.
I84: 13 | J84: Informe de auditoría al MSPI y acciones de mejora relacionadas con proveedores.
A86: 6 | B86: LMVL | C86: Gestión del conocimiento y la innovación | D86: =+LEFT(E86,4) -> 11.3 | E86: 11.3 Se cuenta con matrices de roles y usuarios siguiendo los principios de segregación de funciones. | F86: Dimensión de Gestión con Valores para el Resultado Política de Fortalecimiento Organizacional y Simplificación de Procesos. | G86: La Subdirección Administrativa y la OTIC, realiza actualización y eliminación de usuarios en el Directorio Activo según los permisos definidos en el formato de novedad de acceso lógico, incluído en el sistema de información. Igualmente, realiza actualización de permisos de usuarios en los repositorios de carpetas compartidas, con el fin de garantizar que solo ingresen los funcionarios o contratistas de acuerdo a la necesidad de sus actividades o funciones. Actualización que se realiza por solicitud de cada proceso cuando se retira un funcionario de planta o contratista. | H86: 3 | I86: 1 | J86: GTI-PC-03 V6 Gestión de Usuarios. | K86: La UAESP cuenta con el procedimiento GTI-PC-03 V6 Gestión de Usuarios, mediante el cual se regulan la creación, reactivación, inactivación y modificación de usuarios en los sistemas, aplicativos, correo electrónico, Directorio Activo y servicios tecnológicos institucionales. El procedimiento establece que los usuarios deben contar con identificadores únicos, que los niveles de acceso deben corresponder a las funciones desempeñadas y que las excepciones deben justificarse y ser aprobadas. Asimismo, diferencia las responsabilidades de solicitud, aprobación, ejecución técnica y asignación de roles. Trimestralmente, los administradores funcionales deben generar reportes de usuarios activos y remitirlos a los directores, subdirectores y jefes de oficina para revisar y depurar los usuarios y roles asignados. Las novedades identificadas deben tramitarse ante la OTIC. Adicionalmente, el procedimiento de Gestión de Arquitectura de Tecnologías de la Información establece que todo nuevo desarrollo debe contar con una matriz de roles y perfiles y que esta debe actualizarse cuando se realicen modificaciones. El Manual de Adquisición, Desarrollo y Mantenimiento Seguro de Software exige definir los permisos de lectura, escritura, modificación y eliminación y verificar su implementación durante las pruebas. Recomendación: Fortalecer los controles relacionados con la gestión de accesos a la información, garantizando la cancelación oportuna de correos electrónicos institucionales y de los permisos de acceso a los sistemas y a la información interna de la entidad, una vez el personal se retira de manera definitiva. Lo anterior, con el fin de prevenir el uso inadecuado de la información, proteger la confidencialidad de los datos y mitigar riesgos asociados a la seguridad de la información institucional. | L86: 3 | M86: =+IF(OR(ISBLANK(H86),ISBLANK(L86)),"",IF(OR(AND(H86=1,L86=1),AND(H86=1,L86=2),AND(H86=1,L86=3)),"Deficiencia de control mayor (diseño y ejecución)",IF(OR(AND(H86=2,L86=2),AND(H86=3,L86=1),AND(H86=3,L86=2),AND(H86=2,L86=1)),"Deficiencia de control (diseño o ejecución)",IF(AND(H86=2,L86=3),"Oportunidad de mejora","Mantenimiento del control")))) -> Mantenimiento del control | N86: =+IF(M86="",152,IF(M86="Deficiencia de control mayor (diseño y ejecución)",160,IF(M86="Deficiencia de control (diseño o ejecución)",180,IF(M86="Oportunidad de mejora",200,220)))) -> 220 | O86: 3.9654 | P86: =+N86+O86 -> 223.9654
I87: 2 | J87: Reportes trimestrales de usuarios activos de 2026.
I88: 3 | J88: Respuestas de las dependencias sobre la depuración de usuarios y roles.
I89: 4 | J89: Matrices de roles, perfiles y permisos de cada sistema crítico.
I90: 5 | J90: Matriz institucional de incompatibilidades.
I91: 6 | J91: GTI-PC-18 V3 Gestión de Arquitectura de Tecnologías de la Información.
I92: 7 | J92: GTI-MN-04 V2 Adquisición, Desarrollo y Mantenimiento Seguro de Software.
I93: 8 | J93: Registros de altas, modificaciones y bajas de usuarios.
I94: 9 | J94: Evidencias de desactivación de accesos por retiros y terminaciones contractuales.
I95: 10 | J95: Informes de auditoría al MSPI y planes de mejoramiento relacionados con accesos.
I106: 9
A107: 7 | B107: OCL | C107: Gestión de evaluación y mejora | D107: =+LEFT(E107,4) -> 11.4 | E107: 11.4 Se cuenta con información de la 3a línea de defensa, como evaluador independiente en relación con los controles implementados por el proveedor de servicios, para asegurar que los riesgos relacionados se mitigan. | F107: Dimensión Control Interno Tercera Línea de Defensa | G107: En la Matriz de riesgos (mapa y plan de manejo de riesgos y oportunidades) la tercera línea de defensa realiza seguimiento a los riesgos identificados y en el escenario de materialización de un riesgos realiza el informe y acciones correctivas (plan de contingencia). Se evidencia en el Comité de Gestión y Desempeño en el Actas de enero - Junio realizó seguimiento de los riesgos institucionales. | H107: 3 | I107: 1 | J107: Plan Anual de Auditoría de 2026. | K107: La UAESP cuenta con un esquema de tercera línea de defensa conformado por la Oficina de Control Interno, la cual, de acuerdo con el Manual del Sistema Integrado de Gestión y la Política de Administración del Riesgo, debe evaluar de manera independiente el diseño, ejecución y efectividad de los controles institucionales, conforme al Plan Anual de Auditoría aprobado por el CICCI. Durante el primer semestre de 2026, la OCI realizó evaluaciones al al Mapa y Plan de Manejo de Riesgos y Oportunidades y a la gestión contractual. Estos trabajos generaron información sobre los controles de seguridad de la información, la gestión de riesgos y las debilidades en la administración y supervisión contractual. | L107: 3 | M107: =+IF(OR(ISBLANK(H107),ISBLANK(L107)),"",IF(OR(AND(H107=1,L107=1),AND(H107=1,L107=2),AND(H107=1,L107=3)),"Deficiencia de control mayor (diseño y ejecución)",IF(OR(AND(H107=2,L107=2),AND(H107=3,L107=1),AND(H107=3,L107=2),AND(H107=2,L107=1)),"Deficiencia de control (diseño o ejecución)",IF(AND(H107=2,L107=3),"Oportunidad de mejora","Mantenimiento del control")))) -> Mantenimiento del control | N107: =+IF(M107="",152,IF(M107="Deficiencia de control mayor (diseño y ejecución)",160,IF(M107="Deficiencia de control (diseño o ejecución)",180,IF(M107="Oportunidad de mejora",200,220)))) -> 220 | O107: 4.0123 | P107: =+N107+O107 -> 224.0123
I108: 2 | J108: Universo de auditoría basado en riesgos.
I109: 3 | J109: Informe de auditoría al MSPI de 2025.
I110: 4 | J110: Papeles de trabajo del dominio de relaciones con proveedores.
I111: 5 | J111: Informe de auditoría a la gestión contractual de 2026.
I112: 6 | J112: Informe OCI de evaluación al mapa de riesgos con corte al 30 de abril de 2026.
I113: 7 | J113: Contratos tecnológicos incluidos en las muestras de auditoría.
I114: 8 | J114: Acuerdos de niveles de servicio y reportes de cumplimiento.
I115: 9 | J115: Informes de supervisión de contratos tecnológicos.
I116: 10 | J116: Pruebas de respaldos, restauración, continuidad y seguridad ejecutadas por proveedores.
I117: 11 | J117: Informes de incidentes atribuibles a terceros.
I118: 12 | J118: Planes de mejoramiento derivados de las evaluaciones de la OCI.
E119: Lineamiento 12: Despliegue de políticas y procedimientos (Establece responsabilidades sobre la ejecución de las políticas y procedimientos; Adopta medidas correctivas; Revisa las políticas y procedimientos). | F119: DIMENSIÓN O POLÍTICA DEL MIPG ASOCIADA AL REQUERIMIENTO | G119: Explicación de cómo la Entidad evidencia que está dando respuesta al requerimiento Referencia a Procesos, Manuales/Políticas de Operación/Procedimientos/Instructivos u otros desarrollos que den cuente de su aplicación | H119: Presente (1/2/3) | I119: EVIDENCIA DEL CONTROL | L119: Funcionando (1/2/3) | M119: Evaluación
I120: No. | J120: Referencia a Análisis y verificaciones en el marco del Comité Institucional de Coordinación de Control Interno | K120: Observaciones de la evaluación independiente (tener encuentra papel de líneas de defensa)
A122: 8 | B122: OCL | C122: Gestión de evaluación y mejora | D122: =+LEFT(E122,4) -> 12.1 | E122: 12.1 Se evalúa la actualización de procesos, procedimientos, políticas de operación, instructivos, manuales u otras herramientas para garantizar la aplicación adecuada de las principales actividades de control. | F122: Dimensión de Gestión con Valores para el Resultado Política de Fortalecimiento Organizacional y Simplificación de Procesos. | G122: La UAESP cuenta con mecanismos para evaluar la actualización, pertinencia y aplicación de los procesos, procedimientos, políticas, instructivos, manuales, formatos y demás herramientas del Sistema Integrado de Gestión. Esta evaluación se realiza principalmente mediante las auditorías internas de la Oficina de Control Interno, las auditorías anuales al Sistema de Gestión de Calidad bajo ISO 9001:2015, la Revisión por la Dirección y el seguimiento de la Oficina Asesora de Planeación. Las auditorías de la OCI utilizan la documentación institucional como criterio para evaluar el diseño y ejecución de los controles | H122: 3 | I122: 1 | J122: Informes de auditoría interna realizados por la OCI en el primer semestre de 2026. | K122: Durante 2026, la OCI identificó, entre otros aspectos, la necesidad de actualizar los instrumentos técnicos de auditoría interna frente a las Normas Globales de Auditoría Interna y el Decreto Distrital 640 de 2025. Asimismo, las auditorías de riesgos y gestión contractual identificaron debilidades en la aplicación de listas de chequeo, diligenciamiento de formatos, conformación de expedientes y operación de controles, cuyos resultados constituyen insumos para revisar la pertinencia de los procedimientos y manuales asociados. Las auditorías anuales de calidad permiten evaluar la conformidad y eficacia del Sistema de Gestión de Calidad, incluido el control de la información documentada, la gestión de cambios, la aplicación de procedimientos y el tratamiento de las no conformidades. La Revisión por la Dirección de 2025 evidenció la incorporación de los nuevos lineamientos de la enmienda de la ISO 9001:2015 relacionada con cambio climático y definió oportunidades de actualización documental para diferentes procesos. La entidad cuenta además con el procedimiento DES-PC-11 Control de la Información Documentada y con el listado maestro de documentos, mediante los cuales la OAP revisa, aprueba, publica y controla las versiones vigentes. Durante 2025 y 2026 se evidenciaron actualizaciones de procedimientos, controles, formatos y lineamientos. | L122: 3 | M122: =+IF(OR(ISBLANK(H122),ISBLANK(L122)),"",IF(OR(AND(H122=1,L122=1),AND(H122=1,L122=2),AND(H122=1,L122=3)),"Deficiencia de control mayor (diseño y ejecución)",IF(OR(AND(H122=2,L122=2),AND(H122=3,L122=1),AND(H122=3,L122=2),AND(H122=2,L122=1)),"Deficiencia de control (diseño o ejecución)",IF(AND(H122=2,L122=3),"Oportunidad de mejora","Mantenimiento del control")))) -> Mantenimiento del control | N122: =+IF(M122="",152,IF(M122="Deficiencia de control mayor (diseño y ejecución)",160,IF(M122="Deficiencia de control (diseño o ejecución)",180,IF(M122="Oportunidad de mejora",200,220)))) -> 220 | O122: 4.1236 | P122: =+N122+O122 -> 224.1236
I123: 2 | J123: Informe de seguimiento a los instrumentos técnicos y administrativos del SCI de 2026.
I124: 3 | J124: Informes de auditoría al mapa de riesgos y a la gestión contractual.
I125: 4 | J125: Informe anual de auditoría interna de calidad ISO 9001:2015.
I126: 5 | J126: Informe de auditoría externa de ICONTEC 2025.
I127: 6 | J127: Certificado vigente del Sistema de Gestión de Calidad.
I128: 7 | J128: Informe de Revisión por la Dirección del SIG 2025.
I129: 8 | J129: DES-PC-11 V11 Control de la Información Documentada.
I130: 9 | J130: Listado maestro de documentos actualizado.
I131: 10 | J131: Solicitudes, aprobaciones y comunicaciones de actualización documental.
I132: 11 | J132: Planes de mejoramiento derivados de auditorías.
I133: 12
I134: 13
I135: 14
...

Sheet Info y Comunicación
F12: INFORMACIÓN Y COMUNICACIÓN
F13: Este componente verifica que las políticas, directrices y mecanismos de consecución, captura, procesamiento y generación de datos dentro y en el entorno de cada entidad, satisfagan la necesidad de divulgar los resultados, de mostrar mejoras en la gestión administrativa y procurar que la información y la comunicación de la entidad y de cada proceso sea adecuada a las necesidades específicas de los grupos de valor y grupos de interés. Se requiere que todos los servidores de la entidad reciban un claro mensaje de la Alta Dirección sobre las responsabilidades de control. Deben comprender su función frente al Sistema de Control Interno.
E15: ID | F15: Lineamiento 13: Utilización de información relevante (Identifica requisitos de información; Capta fuentes de datos internas y externas; Procesa datos relevantes y los transforma en información). | G15: DIMENSIÓN O POLÍTICA DEL MIPG ASOCIADA AL REQUERIMIENTO | H15: Explicación de cómo la Entidad evidencia que está dando respuesta al requerimiento Referencia a Procesos, Manuales/Políticas de Operación/Procedimientos/Instructivos u otros desarrollos que den cuente de su aplicación | I15: Presente (1/2/3) | J15: EVIDENCIA DEL CONTROL | M15: Funcionando (1/2/3) | N15: Evaluación
J17: No. | K17: Referencia a Análisis y verificaciones en el marco del Comité Institucional de Coordinación de Control Interno | L17: Observaciones de la evaluación independiente (tener en cuenta papel de líneas de defensa)
A18: # | B18: AUDITOR | C18: PROCESO AUDITADO
A19: 1 | B19: LMVL | C19: Gestión Tecnológica y de la Información | E19: =+LEFT(F19,4) -> 13.1 | F19: 13.1 La entidad ha diseñado sistemas de información para capturar y procesar datos y transformarlos en información para alcanzar los requerimientos de información definidos. | G19: Dimensión de Información y comunicación | H19: Se cuenta actualmente con los siguientes sistemas de informacion: SIGAB. SI Capital. ORFEO. SIRA. NFU. MOVILIA/IPSAP. GLPI. RUF. SUIF. Sistema de composteras. Página web. | I19: 3 | J19: 1 | K19: PETI 2024-2028. | L19: La UAESP cuenta con diferentes sistemas de información que apoyan los procesos misionales, estratégicos, de apoyo y de evaluación. El PETI 2024-2028 contiene el catálogo y la caracterización de las aplicaciones institucionales, identificando para cada una su funcionalidad, información gestionada, estado, licenciamiento, integraciones, capacidades y debilidades estructurales. Entre los sistemas utilizados por la entidad se encuentran ORFEO, SIGAB, SI Capital, SIRA, NFU, RUF, SUIF, GLPI, la página web y la intranet, entre otros. Estos sistemas permiten capturar, almacenar, procesar y consultar información relacionada con la gestión documental, financiera, operativa, misional y tecnológica. No obstante, durante 2026 la OCI, con fundamento en su evaluación interna y en el concepto técnico de la OTIC, determinó reemplazar el uso de ODOO para el seguimiento del Plan de Mejoramiento Institucional. A partir del 16 de marzo de 2026, el registro y seguimiento de las acciones se realiza mediante un archivo de Excel compartido, como mecanismo inmediato para asegurar la continuidad y trazabilidad de la información. Aunque esta medida permite mantener la operación, evidencia que actualmente no se cuenta con una solución tecnológica especializada que cubra integralmente los requerimientos de formulación, aprobación, seguimiento, alertas, evidencias, reformulación, cierre y evaluación de efectividad de los planes de mejoramiento. Adicionalmente, el PETI identifica una baja integración entre sistemas, ausencia de una arquitectura de referencia consolidada, obsolescencia en algunas aplicaciones y necesidades de fortalecimiento en el mantenimiento y evolución tecnológica. En consecuencia, la entidad dispone de sistemas de información operativos, pero debe continuar fortaleciendo su alineación con los requerimientos de información de los procesos. Recomendación Asignar los recursos presupuestales y técnicos necesarios para realizar un análisis de necesidades, alternativas y viabilidad de una solución tecnológica para la formulación, administración, seguimiento y evaluación de los planes de mejoramiento institucionales. El análisis deberá ser liderado de manera articulada por la Oficina de Control Interno, como propietaria funcional de la necesidad, y la Oficina de Tecnologías de la Información y las Comunicaciones, como responsable de la evaluación técnica, arquitectura, seguridad, interoperabilidad y sostenibilidad de la solución. La evaluación deberá considerar alternativas como: | M19: 3 | N19: =+IF(OR(ISBLANK(I19),ISBLANK(M19)),"",IF(OR(AND(I19=1,M19=1),AND(I19=1,M19=2),AND(I19=1,M19=3)),"Deficiencia de control mayor (diseño y ejecución)",IF(OR(AND(I19=2,M19=2),AND(I19=3,M19=1),AND(I19=3,M19=2),AND(I19=2,M19=1)),"Deficiencia de control (diseño o ejecución)",IF(AND(I19=2,M19=3),"Oportunidad de mejora","Mantenimiento del control")))) -> Mantenimiento del control | O19: =+IF(N19="",231,IF(N19="Deficiencia de control mayor (diseño y ejecución)",240,IF(N19="Deficiencia de control (diseño o ejecución)",260,IF(N19="Oportunidad de mejora",280,300)))) -> 300 | P19: 4.4569 | Q19: =+O19+P19 -> 304.4569
J20: 2 | K20: Catálogo y matriz de capacidades de los sistemas de información.
J21: 3 | K21: Memorando 20261100039653 del 16 de marzo de 2026.
J22: 4 | K22: Concepto técnico de la OTIC sobre ODOO.
J23: 5 | K23: Evaluación interna de la OCI sobre el funcionamiento de ODOO-PMI.
J24: 6 | K24: Matriz de Excel utilizada actualmente para el seguimiento.
J25: 7 | K25: Procedimiento actualizado de planes de mejoramiento.
J26: 8 | K26: Informe de Revisión por la Dirección de 2025.
J27: 9 | K27: Inventario y clasificación de activos de información.
J28: 10 | K28: Estudios de necesidades y viabilidad de una nueva solución tecnológica.
A31: 2 | B31: LMVL | C31: Gestión Tecnológica y de la Información | E31: =+LEFT(F31,4) -> 13.2 | F31: 13.2 La entidad cuenta con el inventario de información relevante (interno/externa) y cuenta con un mecanismo que permita su actualización. | G31: Dimensión de Información y comunicación Política de Transparencia y Acceso a la Información Publica | H31: La Entidad tiene el inventario de activos de información y es aprobado por el Comite Institucional de Gestión y Desempeño. Lo anterior descrito se encuentra documentado en el procedimiento GTI-PC-04 Activos de Información. Plan Anual de Auditorías 2026 | I31: 3 | J31: 1 | K31: GTI-MN-02 V4 Clasificación de Activos de Información. | L31: La UAESP cuenta con un Inventario de Activos de Información y con los instrumentos públicos derivados de este: el Registro de Activos de Información y el Índice de Información Clasificada y Reservada. La metodología para su identificación, clasificación, revisión y actualización se encuentra establecida en el Manual GTI-MN-02 V4 Clasificación de Activos de Información. El manual asigna a los líderes de proceso la responsabilidad de identificar, validar y mantener actualizados los activos de información que producen, custodian o administran, mientras que la Oficina TIC lidera la consolidación institucional y la publicación del Registro de Activos de Información y del Índice de Información Clasificada y Reservada. La metodología establece que todos los procesos deben actualizar sus activos como mínimo una vez al año y también cuando se presenten cambios en los procesos, procedimientos, dependencias, responsables, sistemas de información, ubicación o condiciones de custodia. La actualización correspondiente a 2026 se encuentra prevista para el segundo semestre, por lo cual a la fecha de corte aún no se ha completado el ejercicio anual. El Informe de Revisión por la Dirección de 2025 registró la actualización del inventario de activos de información de dicha vigencia. En consecuencia, se evidencia la existencia y operación del mecanismo, sin perjuicio de verificar al finalizar 2026 la actualización, consolidación y publicación de los instrumentos correspondientes. | M31: 3 | N31: =+IF(OR(ISBLANK(I31),ISBLANK(M31)),"",IF(OR(AND(I31=1,M31=1),AND(I31=1,M31=2),AND(I31=1,M31=3)),"Deficiencia de control mayor (diseño y ejecución)",IF(OR(AND(I31=2,M31=2),AND(I31=3,M31=1),AND(I31=3,M31=2),AND(I31=2,M31=1)),"Deficiencia de control (diseño o ejecución)",IF(AND(I31=2,M31=3),"Oportunidad de mejora","Mantenimiento del control")))) -> Mantenimiento del control | O31: =+IF(N31="",231,IF(N31="Deficiencia de control mayor (diseño y ejecución)",240,IF(N31="Deficiencia de control (diseño o ejecución)",260,IF(N31="Oportunidad de mejora",280,300)))) -> 300 | P31: 4.5632 | Q31: =+O31+P31 -> 304.5632
J32: 2 | K32: Inventario interno de Activos de Información de 2025.
J33: 3 | K33: Índice de Información Clasificada y Reservada vigente.
J34: 4 | K34: Resolución Interna 205 de 2019.
J35: 5 | K35: Cronograma o comunicación de la actualización de 2026.
J36: 6 | K36: Informe de Revisión por la Dirección de 2025.
J37: 7 | K37: GTI-PC-02 V2 Datos Abiertos.
J38: 8 | K38: GTI-MN-05 V2 Tratamiento de Datos Personales.
J39: 9
A41: 3 | B41: LMVL | C41: Gestión Tecnológica y de la Información | E41: =+LEFT(F41,4) -> 13.3 | F41: 13.3 La entidad considera un ámbito amplio de fuentes de datos (internas y externas), para la captura y procesamiento posterior de información clave para la consecución de metas y objetivos. | G41: Dimensión de Información y comunicación Política de Transparencia y Acceso a la Información Publica | H41: Se realiza el reporte de datos estadísticos con base en la información misional en cumplimiento a lo establecido en el procedimiento GCI-PC-03 V3 Gestión de la información estadística Se realiza el seguimiento al programa de transparecia con la información de la primera línea de acuerdo a las responsabilidades Plan Anual de Auditorías 2026 | I41: 3 | J41: 1 | K41: GCI-PC-03 V3 Gestión de la Información Estadística. | L41: La UAESP utiliza información proveniente de fuentes internas y externas para apoyar la gestión, el seguimiento de metas y la toma de decisiones. Las fuentes internas comprenden registros administrativos, indicadores, planes institucionales, proyectos de inversión, ejecución presupuestal, riesgos, planes de mejoramiento y sistemas de información financieros, documentales, tecnológicos y misionales. Entre las fuentes externas se encuentra la información suministrada por operadores y concesionarios de los servicios públicos, los sistemas de las áreas de servicio exclusivo, Bogotá Te Escucha, BogData, VUC, el Observatorio Distrital del Hábitat, plataformas de datos abiertos, grupos de interés y lineamientos normativos, sectoriales y territoriales. El procedimiento GCI-PC-03 V3 Gestión de la Información Estadística establece lineamientos para la producción y reporte de información estadística. Adicionalmente, se ha adelantado el diagnóstico de los datos gestionados por las áreas misionales, la construcción de un repositorio único y el diseño de un sistema integral para centralizar, procesar y difundir la información. Recomendación: Durante el primer trimestre y con corte al 30 de abril de 2026 (Informe MIPG), se evidenciaron actividades sin avance relacionadas con la actualización del procedimiento GCI-PC-03 Gestión de la Información Estadística, el cargue de información sobre ODS y políticas públicas, la actualización del calendario estadístico y el diagnóstico general de la actividad estadística institucional. | M41: 3 | N41: =+IF(OR(ISBLANK(I41),ISBLANK(M41)),"",IF(OR(AND(I41=1,M41=1),AND(I41=1,M41=2),AND(I41=1,M41=3)),"Deficiencia de control mayor (diseño y ejecución)",IF(OR(AND(I41=2,M41=2),AND(I41=3,M41=1),AND(I41=3,M41=2),AND(I41=2,M41=1)),"Deficiencia de control (diseño o ejecución)",IF(AND(I41=2,M41=3),"Oportunidad de mejora","Mantenimiento del control")))) -> Mantenimiento del control | O41: =+IF(N41="",231,IF(N41="Deficiencia de control mayor (diseño y ejecución)",240,IF(N41="Deficiencia de control (diseño o ejecución)",260,IF(N41="Oportunidad de mejora",280,300)))) -> 300 | P41: 4.6321 | Q41: =+O41+P41 -> 304.6321
J42: 2 | K42: Inventario de operaciones estadísticas y registros administrativos.
J43: 3 | K43: Matriz o diagnóstico de fuentes de información.
J44: 4 | K44: Repositorio único de datos institucionales.
J45: 5 | K45: PETI 2024-2028 y catálogo de sistemas de información.
J46: 6 | K46: Caracterización de SIGAB, SI Capital, ORFEO, SIRA y demás aplicaciones.
J47: 7 | K47: Integraciones con Bogotá Te Escucha, BogData, VUC y sistemas de operadores.
J48: 8 | K48: Informe de Revisión por la Dirección 2025.
J49: 9 | K49: Informe de seguimiento de segunda línea del primer trimestre de 2026.
J50: 10 | K50: Informe de seguimiento a MIPG elaborado por la OCI en 2026.
A52: 4 | B52: LMVL | C52: Gestión Tecnológica y de la Información | E52: =+LEFT(F52,4) -> 13.4 | F52: 13.4 La entidad ha desarrollado e implementado actividades de control sobre la integridad, confidencialidad y disponibilidad de los datos e información definidos como relevantes. | G52: Dimensión de Información y comunicación Política de Transparencia y Acceso a la Información Publica | H52: Se pone a disposición de los custodios y responsable de los activos críticos recursos documentados como controles cirptograficos, directorios compartidos con niveles de permisos (Sharepoint-Onedrive), medios de comunicación institucionales como Office365 (SuiteOfimatica y Correo Institucional con Outlook - opciones de cifrado). Se cuenta con herramientas licenciadas antimalware, firewall, bloqueo de puertos USB para equipos dentro del domino e impresoras. Se tiene definido políticas y procedimientos para respaldo e información. Se definen politicas y procedimientos para gestión de riesgos de seguridad de la información. Control de codigos fuentes (GitLab) | I52: 3 | J52: 1 | K52: Política de Seguridad y Privacidad de la Información. | L52: La UAESP cuenta con actividades de control orientadas a proteger la confidencialidad, integridad y disponibilidad de los datos e información relevante. La entidad dispone de una metodología para identificar, clasificar y valorar los activos de información según su nivel de criticidad y de políticas, procedimientos y manuales relacionados con gestión de usuarios, respaldos, incidentes de seguridad, hardening, tratamiento de datos personales, desarrollo seguro y gestión de riesgos de seguridad de la información. Los controles implementados comprenden la administración de usuarios y permisos, almacenamiento en repositorios institucionales, cifrado, acuerdos de confidencialidad, protección antimalware, firewall, restricción de medios extraíbles, control de código fuente, gestión de cambios, copias de seguridad, replicación y pruebas de restauración. La auditoría de la OCI al Mapa y Plan de Manejo de Riesgos y Oportunidades, con corte al 30 de abril de 2026, evidenció la ejecución y seguimiento de los controles de seguridad de la información, orientados a la protección de activos, prevención de incidentes y mitigación de vulnerabilidades. No obstante, la auditoría al MSPI (2025) identificó debilidades que dieron lugar a acciones dentro del Plan de Mejoramiento Institucional. Asimismo, debe fortalecerse la evidencia consolidada sobre pruebas de restauración, revisión de accesos, hardening, gestión de vulnerabilidades, inteligencia de amenazas y efectividad de los controles. Esto se evaluará nuevamente en la auditoría al MSPI programada para el segundo semestre de 2026. | M52: 3 | N52: =+IF(OR(ISBLANK(I52),ISBLANK(M52)),"",IF(OR(AND(I52=1,M52=1),AND(I52=1,M52=2),AND(I52=1,M52=3)),"Deficiencia de control mayor (diseño y ejecución)",IF(OR(AND(I52=2,M52=2),AND(I52=3,M52=1),AND(I52=3,M52=2),AND(I52=2,M52=1)),"Deficiencia de control (diseño o ejecución)",IF(AND(I52=2,M52=3),"Oportunidad de mejora","Mantenimiento del control")))) -> Mantenimiento del control | O52: =+IF(N52="",231,IF(N52="Deficiencia de control mayor (diseño y ejecución)",240,IF(N52="Deficiencia de control (diseño o ejecución)",260,IF(N52="Oportunidad de mejora",280,300)))) -> 300 | P52: 4.7896 | Q52: =+O52+P52 -> 304.7896
J53: 2 | K53: GTI-MN-02 V4 Clasificación de Activos de Información.
J54: 3 | K54: GTI-PC-03 V6 Gestión de Usuarios.
J55: 4 | K55: GTI-PC-11 V4 Gestión de Respaldos.
J56: 5 | K56: GTI-PC-16 V2 Gestión de Incidentes de Seguridad.
J57: 6 | K57: GTI-MN-04 V2 Adquisición, Desarrollo y Mantenimiento Seguro de Software.
J58: 7 | K58: GTI-MN-05 V2 Tratamiento de Datos Personales.
J59: 8 | K59: GTI-MN-06 Manual de Hardening.
J60: 9 | K60: Plan de Tratamiento de Riesgos de Seguridad y Privacidad de la Información 2026.
J61: 10 | K61: Declaración de Aplicabilidad —SOA—.
F63: Lineamiento 14: Comunicación Interna (Se comunica con el Comité Institucional de Coordinación de Control Interno o su equivalente; Facilita líneas de comunicación en todos los niveles; Selecciona el método de comunicación pertinente). | G63: DIMENSIÓN O POLÍTICA DEL MIPG ASOCIADA AL REQUERIMIENTO | H63: Explicación de cómo la Entidad evidencia que está dando respuesta al requerimiento Referencia a Procesos, Manuales/Políticas de Operación/Procedimientos/Instructivos u otros desarrollos que den cuente de su aplicación | I63: Presente (1/2/3) | M63: Funcionando (1/2/3) | N63: Evaluación
J65: No. | K65: Referencia a Análisis y verificaciones en el marco del Comité Institucional de Coordinación de Control Interno | L65: Observaciones de la evaluación independiente (tener en cuenta papel de líneas de defensa)
A67: 5 | B67: OCL | C67: Gestión de las comunicaciones | E67: =+LEFT(F67,4) -> 14.1 | F67: 14.1 Para la comunicación interna la Alta Dirección tiene mecanismos que permitan dar a conocer los objetivos y metas estratégicas, de manera tal que todo el personal entiende su papel en su consecución. (Considera los canales más apropiados y evalúa su efectividad). | G67: Dimensión de Información y comunicación | H67: La UAESP cuenta con los siguientes documentos, que permiten dar a conocer los objetivos y metas estratégicas: GCO-PL-01 V7 Plan Estratégico de Comunicaciones GCO-PC-04 V7 Comunicación interna GCO-PC-05 V3 Comunicación externa La UAESP cuenta con mecanismos formales para comunicar internamente los objetivos, metas, planes, políticas, proyectos y resultados institucionales. Durante 2026, el proceso de Gestión de las Comunicaciones actualizó sus instrumentos mediante el Manual Estratégico y Operativo de la Gestión de las Comunicaciones, el procedimiento GCO-PC-04 V8 Comunicación Interna y la Estrategia de Comunicación Interna 2026. | I67: 3 | J67: 1 | K67: GCO-MN-01 V1 Manual Estratégico y Operativo de la Gestión de las Comunicaciones. | L67: El procedimiento establece que la comunicación interna debe orientarse a la apropiación de los objetivos y la misionalidad de la entidad y comprende desde la identificación de la necesidad hasta la evaluación de la efectividad de la comunicación. La estrategia tiene alcance sobre servidores públicos, contratistas, colaboradores y directivos y contempla contenidos relacionados con planeación, MIPG, planes institucionales, políticas, auditorías, certificaciones, cultura de servicio, integridad y compromiso ambiental. Para la divulgación, la entidad dispone de correo institucional, intranet, pantallas digitales, página web, papel tapiz, espacios físicos, noticiero interno, newsletter, reuniones y eventos institucionales. La planeación y aprobación de contenidos se realiza mediante consejos de redacción y comités primarios, con registros y responsables definidos. No obstante, aunque se evidencia la existencia y utilización de mecanismos de comunicación, todavía debe fortalecerse la medición de su efectividad, especialmente para determinar si el personal comprende los objetivos y metas estratégicas, reconoce su aporte individual y por proceso y considera adecuados los canales utilizados. La Oficina de Control Interno tiene programada para el segundo semestre de 2026 una evaluación al Plan Estratégico de Comunicaciones en el marco del PAID, cuyos resultados permitirán valorar de manera independiente la ejecución, cobertura y efectividad de los mecanismos implementados. | M67: 3 | N67: =+IF(OR(ISBLANK(I67),ISBLANK(M67)),"",IF(OR(AND(I67=1,M67=1),AND(I67=1,M67=2),AND(I67=1,M67=3)),"Deficiencia de control mayor (diseño y ejecución)",IF(OR(AND(I67=2,M67=2),AND(I67=3,M67=1),AND(I67=3,M67=2),AND(I67=2,M67=1)),"Deficiencia de control (diseño o ejecución)",IF(AND(I67=2,M67=3),"Oportunidad de mejora","Mantenimiento del control")))) -> Mantenimiento del control | O67: =+IF(N67="",231,IF(N67="Deficiencia de control mayor (diseño y ejecución)",240,IF(N67="Deficiencia de control (diseño o ejecución)",260,IF(N67="Oportunidad de mejora",280,300)))) -> 300 | P67: 4.8965 | Q67: =+O67+P67 -> 304.8965
J68: 2 | K68: GCO-PC-04 V8 Comunicación Interna.
J69: 3 | K69: Estrategia de Comunicación Interna 2026.
J70: 4 | K70: Plan de Acción Institucional 2026 y componente correspondiente a comunicaciones.
J71: 5 | K71: Actas de consejos de redacción y comités primarios.
J72: 6 | K72: Parrillas y cronogramas de comunicación interna.
J73: 7 | K73: Correos, piezas, pantallas, publicaciones de intranet y productos internos.
J74: 8 | K74: Resultados de indicadores de comunicación interna.
A78: 6 | B78: OCL | C78: Gestión Documental | E78: =+LEFT(F78,4) -> 14.2 | F78: 14.2 La entidad cuenta con políticas de operación relacionadas con la administración de la información (niveles de autoridad y responsabilidad) | G78: Dimensión de Información y comunicación | H78: En la página web de la unidad dentro del proceso se puede observar el programa de gestión documental https://www.uaesp.gov.co/transparencia/informacion-interes/publicacion/otras-publicaciones/programa-gestion-documental, en el cual se plasma aspectos como la política de gestión documental donde se describen lineamientos relacionados con la información. En los siguientes procedimientos establecen los roles y responsabilidades de los encargados de ejecutar las diferentes actividades establecidas. GDO-PC-04 V3 Organización de Archivos de Gestión GDO-PC-09 V3 Expedición Actos Administrativos GDO-PC-13 V2 Consulta y préstamo de documentos GDO-PC-16 V1 Reconstrucción total o parcial de documentos públicos GDO-PC-17 V1 Gestión de correspondencia Del mismo modo, el proceso a través del tthh (PIC) realiza sensibilizaciones a todos los funcionarios sobre estos procedimientos | I78: 3 | J78: 1 | K78: https://www.uaesp.gov.co/mipg/sig.php | L78: La UAESP cuenta con políticas, planes, procedimientos e instrumentos que establecen niveles de autoridad y responsabilidad para la administración de la información institucional. El Programa de Gestión Documental, el PINAR, el Sistema Integrado de Conservación y los procedimientos del proceso de Gestión Documental regulan la producción, recepción, radicación, clasificación, organización, consulta, préstamo, conservación, reconstrucción y disposición de los documentos. El procedimiento GDO-PC-04 V4 aplica a todos los servidores y contratistas y asigna a los jefes de oficina y subdirectores la responsabilidad de garantizar la organización, integridad, conservación y custodia de los archivos de gestión. El Grupo de Gestión Documental de la Subdirección Administrativa y Financiera orienta a las dependencias y verifica la aplicación de los procedimientos e instrumentos archivísticos. Durante 2026 se evidenciaron mesas de trabajo, actualización de procedimientos y formatos y seguimiento al PINAR. No obstante, las Tablas de Retención Documental de primera y segunda versión continúan pendientes de culminar su proceso de convalidación ante el Consejo Distrital de Archivos de Bogotá, situación que limita su aplicación integral y la parametrización completa del sistema de gestión documental. Adicionalmente, la auditoría a la Gestión de Asuntos Legales identificó debilidades en la conformación e integridad de los expedientes contractuales en ORFEO. Se evidenció que una proporción significativa de los contratos vigentes no tenía número de expediente asociado y que algunos documentos disponibles en SECOP II no se encontraban incorporados integralmente en el sistema de gestión documental. En consecuencia, la entidad cuenta con políticas de operación y responsabilidades formalmente establecidas, pero debe fortalecer su aplicación efectiva, culminar la convalidación de las TRD y asegurar la conformación completa y oportuna de los expedientes. Recomendación Culminar prioritariamente el proceso de convalidación de las Tablas de Retención Documental ante el Consejo Distrital de Archivos de Bogotá y, una vez obtenido el acto correspondiente, formular e implementar un plan para su aplicación y parametrización en ORFEO. | M78: 2 | N78: =+IF(OR(ISBLANK(I78),ISBLANK(M78)),"",IF(OR(AND(I78=1,M78=1),AND(I78=1,M78=2),AND(I78=1,M78=3)),"Deficiencia de control mayor (diseño y ejecución)",IF(OR(AND(I78=2,M78=2),AND(I78=3,M78=1),AND(I78=3,M78=2),AND(I78=2,M78=1)),"Deficiencia de control (diseño o ejecución)",IF(AND(I78=2,M78=3),"Oportunidad de mejora","Mantenimiento del control")))) -> Deficiencia de control (diseño o ejecución) | O78: =+IF(N78="",231,IF(N78="Deficiencia de control mayor (diseño y ejecución)",240,IF(N78="Deficiencia de control (diseño o ejecución)",260,IF(N78="Oportunidad de mejora",280,300)))) -> 260 | P78: 4.9854 | Q78: =+O78+P78 -> 264.9854
J79: 2 | K79: https://www.uaesp.gov.co/transparencia/informacion-interes/publicacion/otras-publicaciones/programa-gestion-documental
J80: 3 | K80: https://www.uaesp.gov.co/sites/default/files/planeacion/Plan_Institucional_de_Capacitacion_2024-2028_0.pdf
J81: 4 | K81: https://www.uaesp.gov.co/transparencia/informacion-interes/publicaciones
J82: 5 | K82: MANUAL SIG
J83: 6 | K83: Programa de Gestión Documental vigente.
J84: 7 | K84: PINAR 2026.
J85: 8 | K85: GDO-PC-04 V4 Organización de Archivos de Gestión y Central y Conformación de Expedientes Físicos, Híbridos y Electrónicos.
J86: 9 | K86: Procedimiento vigente de Gestión de Correspondencia.
J87: 10 | K87: Procedimientos de consulta, préstamo, reconstrucción, actos administrativos y eliminación documenta
A88: 7 | B88: OCL | C88: Servicio al Ciudadano | E88: =+LEFT(F88,4) -> 14.3 | F88: 14.3 La entidad cuenta con canales de información internos para la denuncia anónima o confidencial de posibles situaciones irregulares y se cuenta con mecanismos específicos para su manejo, de manera tal que generen la confianza para utilizarlos. | G88: Dimensión de Información y comunicación | H88: Servicio al ciudadano:La entidad cuenta con canales para denuncias por actos de corrupcion los cuales, algunos de ellos funcionan en horarios laboral y otros funcionan 24 horas relizando la radicacion al dia siguiente de su registro. | I88: 3 | J88: 1 | K88: Link Canales de Atención UAESP | L88: La entidad cuenta con los canales de interacción definidos y asociados con el tipo de información a divulgar, los cuales son comunicados en la entidad. Se evidenció video sobre canales de comunicación, se evidencia formulario y protocolo de denuncias, y botón de PQRS. Se cuenta en la página web con el botón o ícono de Denuncias por actos de corrupción, donde direcciona al formulario de PQRS. En el siguiente enlace se encuentran los canales: https://www.uaesp.gov.co/content/canales-atencion-alternativa | M88: 3 | N88: =+IF(OR(ISBLANK(I88),ISBLANK(M88)),"",IF(OR(AND(I88=1,M88=1),AND(I88=1,M88=2),AND(I88=1,M88=3)),"Deficiencia de control mayor (diseño y ejecución)",IF(OR(AND(I88=2,M88=2),AND(I88=3,M88=1),AND(I88=3,M88=2),AND(I88=2,M88=1)),"Deficiencia de control (diseño o ejecución)",IF(AND(I88=2,M88=3),"Oportunidad de mejora","Mantenimiento del control")))) -> Mantenimiento del control | O88: =+IF(N88="",231,IF(N88="Deficiencia de control mayor (diseño y ejecución)",240,IF(N88="Deficiencia de control (diseño o ejecución)",260,IF(N88="Oportunidad de mejora",280,300)))) -> 300 | P88: 5.0123 | Q88: =+O88+P88 -> 305.0123
J89: 2 | K89: https://www.uaesp.gov.co/content/canales-atencion-alternativa
K90: PTEP 2025
A96: 8 | B96: OCL | C96: Gestión de las comunicaciones | E96: =+LEFT(F96,4) -> 14.4 | F96: 14.4 La entidad establece e implementa políticas y procedimientos para facilitar una comunicación interna efectiva. | G96: Dimensión de Información y comunicación | H96: Documentos del Proceso de Gestión de la Comunicación Estratégica | I96: 3 | J96: 1 | K96: https://www.uaesp.gov.co/mipg/documentos-sig/comunicaciones/procedimientos/GCO-PC-04%20V7%20Comunicaci%C3%B3n%20interna.pdf | L96: La UAESP cuenta con políticas, estrategias y procedimientos formalmente establecidos para facilitar la comunicación interna. Durante 2026 se actualizó el proceso mediante el Manual Estratégico y Operativo de la Gestión de las Comunicaciones, el procedimiento GCO-PC-04 V8 Comunicación Interna y la Estrategia de Comunicación Interna 2026. El procedimiento regula la identificación de necesidades, recepción y análisis de solicitudes, producción de contenidos, revisión con las dependencias, aprobación por parte de la OACRI, divulgación mediante canales institucionales, registro de las publicaciones y seguimiento de las acciones realizadas. Asimismo, establece que la gestión debe finalizar con la evaluación de la efectividad de la comunicación. La entidad dispone de correo institucional, intranet, pantallas digitales, página web, papel tapiz, espacios físicos, noticiero interno y newsletter. También cuenta con consejos de redacción, comités primarios, formularios de solicitudes, informes mensuales y matrices de seguimiento y aprobación que permiten planear y dejar trazabilidad de las comunicaciones. Durante el periodo evaluado se evidenciaron piezas, contenidos y campañas de comunicación interna. No obstante, debe fortalecerse la medición de la efectividad, dado que los soportes permiten verificar principalmente la producción y divulgación de contenidos, pero no demuestran de manera suficiente su alcance, comprensión, percepción, oportunidad y utilidad para los colaboradores. La Oficina de Control Interno tiene programada para el segundo semestre de 2026 la evaluación del Plan Estratégico de Comunicaciones en el marco del PAID, cuyos resultados permitirán valorar independientemente la aplicación y efectividad de los mecanismos implementado | M96: 3 | N96: =+IF(OR(ISBLANK(I96),ISBLANK(M96)),"",IF(OR(AND(I96=1,M96=1),AND(I96=1,M96=2),AND(I96=1,M96=3)),"Deficiencia de control mayor (diseño y ejecución)",IF(OR(AND(I96=2,M96=2),AND(I96=3,M96=1),AND(I96=3,M96=2),AND(I96=2,M96=1)),"Deficiencia de control (diseño o ejecución)",IF(AND(I96=2,M96=3),"Oportunidad de mejora","Mantenimiento del control")))) -> Mantenimiento del control | O96: =+IF(N96="",231,IF(N96="Deficiencia de control mayor (diseño y ejecución)",240,IF(N96="Deficiencia de control (diseño o ejecución)",260,IF(N96="Oportunidad de mejora",280,300)))) -> 300 | P96: 5.1236 | Q96: =+O96+P96 -> 305.1236
J97: 2 | K97: GCO-MN-01 V1 Manual Estratégico y Operativo de la Gestión de las Comunicaciones.
J98: 3 | K98: GCO-PC-04 V8 Comunicación Interna.
K99: Estrategia de Comunicación Interna 2026.
K100: Formularios de solicitudes de comunicación interna.
K101: GCO-FM-05 Seguimiento y aprobación de acciones periodísticas.
F104: Lineamiento 15: Comunicación con el exterior (Se comunica con los grupos de valor y con terceros externos interesados; Facilita líneas de comunicación). | G104: DIMENSIÓN O POLÍTICA DEL MIPG ASOCIADA AL REQUERIMIENTO | H104: Explicación de cómo la Entidad evidencia que está dando respuesta al requerimiento Referencia a Procesos, Manuales/Políticas de Operación/Procedimientos/Instructivos u otros desarrollos que den cuente de su aplicación | I104: Presente (1/2/3) | J104: EVIDENCIA DEL CONTROL | M104: Funcionando (1/2/3) | N104: Evaluación
J106: No. | K106: Referencia a Análisis y verificaciones en el marco del Comité Institucional de Coordinación de Control Interno | L106: Observaciones de la evaluación independiente (tener en cuenta papel de líneas de defensa)
A108: 9 | B108: OCL | C108: Gestión de las comunicaciones | E108: =+LEFT(F108,4) -> 15.1 | F108: 15.1 La entidad desarrolla e implementa controles que facilitan la comunicación externa, la cual incluye políticas y procedimientos. Incluye contratistas y proveedores de servicios tercer izados (cuando aplique). | G108: Dimensión de Información y Comunicación Dimensión de Control Interno Primera Línea de Defensa | H108: GCO-MN-01 V1 Manual Estratégico y Operativo de la Gestión de las Comunicaciones. GCO-PC-05 V4 Comunicación Externa. GCO-PC-06 V3 Administración de Redes Sociales. GCO-PC-01 V6 Relaciones Interinstitucionales y Eventos. | I108: 3 | J108: 1 | K108: https://www.uaesp.gov.co/mipg/documentos-sig/comunicaciones/procedimientos/GCO-PC-05%20V3%20Comunicaci%C3%B3n%20externa.pdf | L108: La UAESP cuenta con políticas, procedimientos y controles formalmente establecidos para facilitar la comunicación externa. Durante 2026 actualizó el proceso mediante el Manual Estratégico y Operativo de la Gestión de las Comunicaciones, el procedimiento GCO-PC-05 V4 Comunicación Externa y el procedimiento GCO-PC-06 V3 Administración de Redes Sociales. El procedimiento de comunicación externa regula la identificación de necesidades, elaboración de estrategias y contenidos, revisión, aprobación, publicación y seguimiento de las acciones comunicativas. La entidad dispone de página web, redes sociales, medios de comunicación, campañas, eventos, boletines, comunicados y productos gráficos y audiovisuales. Los contenidos requieren revisión y aprobación previa de la OACRI y su ejecución se registra mediante actas de consejos de redacción, parrillas de publicaciones, matrices de seguimiento y aprobación e informes mensuales. Asimismo, existen controles para el uso de imagen, protección de datos personales, administración de credenciales y atención de solicitudes ciudadanas recibidas por redes sociales. El Manual Estratégico y Operativo aplica a servidores, colaboradores, operadores y terceros que participen directa o indirectamente en actividades de comunicación institucional. También reconoce como grupos de interés a concesionarios, operadores, interventorías y proveedores relacionados con la prestación de los servicios a cargo de la UAESP. | M108: 3 | N108: =+IF(OR(ISBLANK(I108),ISBLANK(M108)),"",IF(OR(AND(I108=1,M108=1),AND(I108=1,M108=2),AND(I108=1,M108=3)),"Deficiencia de control mayor (diseño y ejecución)",IF(OR(AND(I108=2,M108=2),AND(I108=3,M108=1),AND(I108=3,M108=2),AND(I108=2,M108=1)),"Deficiencia de control (diseño o ejecución)",IF(AND(I108=2,M108=3),"Oportunidad de mejora","Mantenimiento del control")))) -> Mantenimiento del control | O108: =+IF(N108="",231,IF(N108="Deficiencia de control mayor (diseño y ejecución)",240,IF(N108="Deficiencia de control (diseño o ejecución)",260,IF(N108="Oportunidad de mejora",280,300)))) -> 300 | P108: 5.2369 | Q108: =+O108+P108 -> 305.2369
J109: 2 | K109: GCO-MN-01 V1 Manual Estratégico y Operativo de la Gestión de las Comunicaciones.
J110: 3 | K110: GCO-PC-05 V4 Comunicación Externa.
J111: 4 | K111: GCO-PC-06 V3 Administración de Redes Sociales.
J112: 5 | K112: GCO-PC-01 V6 Relaciones Interinstitucionales y Eventos.
A116: 10 | B116: OCL | C116: Gestión de las comunicaciones | E116: =+LEFT(F116,4) -> 15.2 | F116: 15.2 La entidad cuenta con canales externos definidos de comunicación, asociados con el tipo de información a divulgar, y éstos son reconocidos a todo nivel de la organización. | G116: Dimensión de Información y Comunicación Política de Transparencia, acceso a la información pública y lucha contra la corrupción | H116: Sí, los canales externos que utilizamos son: página web, redes sociales (linkedin, facebook, x, youtube, tiktok, instagram) y se cuenta con los procedimientos para realizar dichas comunicaciones. • GCO-PC-05 V3 Comunicación externa • GCO-PC-06 V2 Administración de redes sociales La UAESP cuenta con canales externos de comunicación formalmente definidos, entre los que se encuentran la página web institucional, Facebook, X, Instagram, LinkedIn, YouTube, TikTok, WhatsApp, medios de comunicación, boletines, comunicados, campañas y eventos. | I116: 3 | J116: 1 | K116: https://www.uaesp.gov.co/mipg/documentos-sig/comunicaciones/procedimientos/GCO-PC-05%20V3%20Comunicaci%C3%B3n%20externa.pdf | L116: Durante 2026 se actualizaron los procedimientos GCO-PC-05 V4 Comunicación Externa y GCO-PC-06 V3 Administración de Redes Sociales, así como el Manual Estratégico y Operativo de la Gestión de las Comunicaciones. Estos documentos establecen las actividades, responsabilidades, controles, canales, tipos de contenidos, mecanismos de solicitud, revisión, aprobación, divulgación y seguimiento. La selección del canal se realiza considerando el tipo de información y el público objetivo. La página web se utiliza para información institucional y de transparencia; las redes sociales para campañas, contenidos misionales e interacción con la ciudadanía; los medios de comunicación y boletines para noticias y pronunciamientos oficiales; y los eventos para actividades de relacionamiento y pedagogía. Los procesos pueden solicitar acciones de comunicación mediante el formulario institucional y participar en la identificación de contenidos a través de consejos de redacción y comités primarios. La OACRI centraliza la revisión, aprobación y divulgación de los mensajes. | M116: 3 | N116: =+IF(OR(ISBLANK(I116),ISBLANK(M116)),"",IF(OR(AND(I116=1,M116=1),AND(I116=1,M116=2),AND(I116=1,M116=3)),"Deficiencia de control mayor (diseño y ejecución)",IF(OR(AND(I116=2,M116=2),AND(I116=3,M116=1),AND(I116=3,M116=2),AND(I116=2,M116=1)),"Deficiencia de control (diseño o ejecución)",IF(AND(I116=2,M116=3),"Oportunidad de mejora","Mantenimiento del control")))) -> Mantenimiento del control | O116: =+IF(N116="",231,IF(N116="Deficiencia de control mayor (diseño y ejecución)",240,IF(N116="Deficiencia de control (diseño o ejecución)",260,IF(N116="Oportunidad de mejora",280,300)))) -> 300 | P116: 5.3654 | Q116: =+O116+P116 -> 305.3654
J117: 2 | K117: https://www.uaesp.gov.co/mipg/documentos-sig/comunicaciones/procedimientos/GCO-PC-06%20V2%20Administraci%C3%B3n%20de%20redes%20sociales.pdf
J118: 3 | K118: GCO-MN-01 V1 Manual Estratégico y Operativo de la Gestión de las Comunicaciones.
J119: 4 | K119: GCO-PC-05 V4 Comunicación Externa.
J120: 5 | K120: GCO-PC-06 V3 Administración de Redes Sociales.
J121: 6 | K121: Parrillas de publicaciones.
J122: 7 | K122: Actas de consejos de redacción y comités primarios.
J123: 8 | K123: Formularios de solicitudes de comunicación.
J124: 9 | K124: Reportes mensuales de redes sociales.
J125: 10 | K125: Estadísticas de página web y canales digitales.
A126: 11 | B126: OCL | C126: Gestión Documental | E126: =+LEFT(F126,4) -> 15.3 | F126: 15.3 La entidad cuenta con procesos o procedimiento para el manejo de la información entrante (quién la recibe, quién la clasifica, quién la analiza), y a la respuesta requerida (quién la canaliza y la responde). | G126: Dimensión de Información y Comunicación Política de Gestión Documental Política de Transparencia, acceso a la información pública y lucha contra la corrupción | H126: La UAESP cuenta con procedimientos, instructivos, sistemas y responsables definidos para recibir, radicar, clasificar, asignar, analizar y responder la información entrante. Las comunicaciones recibidas mediante la ventanilla, el correo institucional y los demás canales son radicadas en ORFEO; cuando corresponden a PQRSD, se registran y gestionan adicionalmente en el Sistema Distrital para la Gestión de Peticiones Ciudadanas —SDQS/Bogotá Te Escucha—. El proceso de Servicio al Ciudadano realiza la clasificación y asignación a la dependencia competente, de acuerdo con la tipología y el asunto. Las dependencias responsables analizan la petición, proyectan, revisan y remiten la respuesta, y deben garantizar su registro, notificación y cierre oportuno. La Subdirección Administrativa y Financiera efectúa seguimiento periódico y genera alertas sobre peticiones próximas a vencer o fuera de término. Manual de servicio a la ciudadanía del Distrito Capital (documento externo) | I126: 3 | J126: 1 | K126: Link Procedimiento Servicio al Ciudadano | L126: La Oficina de Control Interno realizó la Auditoría de Servicio al Ciudadano, ciclo 1 de 2026, correspondiente al seguimiento del segundo semestre de 2025. La evaluación verificó los sistemas SDQS y ORFEO, los procedimientos institucionales, las matrices de autocontrol y la trazabilidad de las peticiones. La auditoría reconoció como fortalezas la existencia de SDQS, los informes periódicos de seguimiento, las matrices de conciliación implementadas por algunas dependencias y los mecanismos internos para facilitar el cierre de peticiones. No obstante, identificó debilidades significativas. Durante el segundo semestre de 2025, el 38,24 % de las peticiones atendidas se respondió fuera del término. También se evidenciaron diferencias entre las cifras reportadas por las fuentes, interoperabilidad unidireccional entre ORFEO y SDQS, reprocesos manuales, retrasos en los traslados internos, demoras en el cierre de peticiones y lineamientos operativos que no estaban formalizados en los procedimientos. En consecuencia, la entidad cuenta con una ruta formal para el manejo de la información entrante y las respuestas, pero debe fortalecer su aplicación transversal, la articulación entre dependencias, la oportunidad, la conciliación de la información y la interoperabilidad de los sistemas | M126: 2 | N126: =+IF(OR(ISBLANK(I126),ISBLANK(M126)),"",IF(OR(AND(I126=1,M126=1),AND(I126=1,M126=2),AND(I126=1,M126=3)),"Deficiencia de control mayor (diseño y ejecución)",IF(OR(AND(I126=2,M126=2),AND(I126=3,M126=1),AND(I126=3,M126=2),AND(I126=2,M126=1)),"Deficiencia de control (diseño o ejecución)",IF(AND(I126=2,M126=3),"Oportunidad de mejora","Mantenimiento del control")))) -> Deficiencia de control (diseño o ejecución) | O126: =+IF(N126="",231,IF(N126="Deficiencia de control mayor (diseño y ejecución)",240,IF(N126="Deficiencia de control (diseño o ejecución)",260,IF(N126="Oportunidad de mejora",280,300)))) -> 260 | P126: 5.4563 | Q126: =+O126+P126 -> 265.4563
J127: 2 | K127: Informe de Auditoría de Servicio al Ciudadano, ciclo 1 de 2026.
J128: 3 | K128: Memorando 20261100046763 del 7 de abril de 2026.
J129: 4 | K129: SCI-MN-01 V2 Manual del Servicio a la Ciudadanía.
J130: 5 | K130: SCI-PC-01 V7 Servicio al Ciudadano.
J131: 6 | K131: SCI-IN-03 V2 Registro y clasificación de requerimientos en ORFEO y SDQS.
J132: 7 | K132: Procedimiento vigente de Gestión de Correspondencia.
J133: 8 | K133: Circular 20237000000344 sobre requerimientos de organismos de control.
J134: 9 | K134: Informes semanales, mensuales y semestrales de PQRSD.
A135: 12 | B135: OCL | C135: Gestión de las comunicaciones | E135: =+LEFT(F135,4) -> 15.4 | F135: 15.4 La entidad cuenta con procesos o procedimientos encaminados a evaluar periódicamente la efectividad de los canales de comunicación con partes externas, así como sus contenidos, de tal forma que se puedan mejorar. | G135: Dimensión de Información y Comunicación Política de Control Interno Líneas de Defensa | H135: La Oficina Asesora de Comunicaciones cuenta con varias actividades que facilitan evaluar de manera periódica el trabajo y evaluar las distinas instancias que dan pie a este proceso - Comité Primario, (revisión y aprobación de contenidos) - Consejo de Redacción (revisión y aprobación de contenidos) - Encuesta Interna, enviada de manera masiva por correo electrónico - Encuesta externa, publicada en redes sociales y en la página web | I135: 3 | J135: 1 | K135: https://uaespdc.sharepoint.com/:f:/s/PAI2023/EtbLveHL1sxIspodJOifcnAB3-Xe-DWzoZOC1Q45gNpX2g?e=Bm663Q | L135: La OACRI tiene a través de los concejos de redacción se realiza la revisión de las campañas de comunicación externa, como lo evidencian las Actas del concejo de redacción del 2026. Mediante estos comités se realiza seguimiento de las políticas y procedimientos para la comunicación externa. Igualmente, se cuenta con procedimientos para comunicación interna y comunicación externa. | M135: 3 | N135: =+IF(OR(ISBLANK(I135),ISBLANK(M135)),"",IF(OR(AND(I135=1,M135=1),AND(I135=1,M135=2),AND(I135=1,M135=3)),"Deficiencia de control mayor (diseño y ejecución)",IF(OR(AND(I135=2,M135=2),AND(I135=3,M135=1),AND(I135=3,M135=2),AND(I135=2,M135=1)),"Deficiencia de control (diseño o ejecución)",IF(AND(I135=2,M135=3),"Oportunidad de mejora","Mantenimiento del control")))) -> Mantenimiento del control | O135: =+IF(N135="",231,IF(N135="Deficiencia de control mayor (diseño y ejecución)",240,IF(N135="Deficiencia de control (diseño o ejecución)",260,IF(N135="Oportunidad de mejora",280,300)))) -> 300 | P135: 5.5632 | Q135: =+O135+P135 -> 305.5632
...

Sheet Actividades de Monitoreo
E14: ACTIVIDADES DE MONITOREO
E15: Este componente considera actividades en el día a día de la gestión institucional, así como a través de evaluaciones periódicas (autoevaluación, auditorías). Su propósito es valorar: (i) la efectividad del control interno de la entidad pública; (ii) la eficiencia, eficacia y efectividad de los procesos; (iii) el nivel de ejecución de los planes, programas y proyectos; (iv) los resultados de la gestión, con el propósito de detectar desviaciones, establecer tendencias, y generar recomendaciones para orientar las acciones de mejoramiento de la entidad pública.
D17: ID | E17: Lineamiento 16. Evaluaciones continuas y/o separadas (autoevaluación, auditorías) para determinar si los componentes del Sistema de Control Interno están presentes y funcionando. | F17: DIMENSIÓN O POLÍTICA DEL MIPG ASOCIADA AL REQUERIMIENTO | G17: Explicación de cómo la Entidad evidencia que está dando respuesta al requerimiento Referencia a Procesos, Manuales/Políticas de Operación/Procedimientos/Instructivos u otros desarrollos que den cuente de su aplicación | H17: Presente (1/2/3) | I17: EVIDENCIA DEL CONTROL | L17: Funcionando (1/2/3) | M17: Evaluación
I18: No. | J18: Referencia a Análisis y verificaciones en el marco del Comité Institucional de Coordinación de Control Interno | K18: Observaciones de la evaluación independiente (tener encuentra papel de líneas de defensa) *Nota: Únicamente diligenciar las observaciones que van vinculadas al desarrollo de actividades de las demás líneas de defensa
A19: # | B19: AUDITOR | C19: PROCESO AUDITADO
A20: 1 | B20: OCL | C20: Gestión de evaluación y mejora | D20: =+LEFT(E20,4) -> 16.1 | E20: 16.1 El comité Institucional de Coordinación de Control Interno aprueba anualmente el Plan Anual de Auditoría presentado por parte del Jefe de Control Interno o quien haga sus veces y hace el correspondiente seguimiento a sus ejecución? | F20: Dimensión de Control Interno Líneas Estratégica | G20: El proceso de Evaluación y mejora en el marco de MIPG, cuenta con los siguientes documentos que evidencian la aprobación del plan anual de auditoría: Procedimiento ECM-PC-04 V 14.Auditorías internas Procedimiento ECM-PC-03 V 11 Planes de mejoramiento Plan Anual de Auditorías (PAA) Comité Institucional de Coordinación de Control Interno - CICCI. Através de los comités primarios se reliza correspondiente seguimiento a sus ejecución. | H20: 3 | I20: 1 | J20: Acta del CICCI de diciembre de 2025 que aprobó la versión 1 del PAA 2026. | K20: El Comité Institucional de Coordinación de Control Interno de la UAESP aprueba anualmente el Plan Anual de Auditoría presentado por el jefe de la Oficina de Control Interno. La versión inicial del PAA 2026 fue aprobada en diciembre de 2025 y su actualización —versión 2— fue presentada, analizada y aprobada en la sesión del CICCI del 25 de marzo de 2026 Durante la vigencia 2026, los informes de auditoría aprobados en el Plan Anual de Auditorías han sido enviados para conocimiento del CICCI. | L20: 3 | M20: =+IF(OR(ISBLANK(H20),ISBLANK(L20)),"",IF(OR(AND(H20=1,L20=1),AND(H20=1,L20=2),AND(H20=1,L20=3)),"Deficiencia de control mayor (diseño y ejecución)",IF(OR(AND(H20=2,L20=2),AND(H20=3,L20=1),AND(H20=3,L20=2),AND(H20=2,L20=1)),"Deficiencia de control (diseño o ejecución)",IF(AND(H20=2,L20=3),"Oportunidad de mejora","Mantenimiento del control")))) -> Mantenimiento del control | N20: =+IF(M20="",312,IF(M20="Deficiencia de control mayor (diseño y ejecución)",320,IF(M20="Deficiencia de control (diseño o ejecución)",340,IF(M20="Oportunidad de mejora",360,380)))) -> 380 | O20: 5.8745 | P20: =+N20+O20 -> 385.8745
I21: 2 | J21: Acta 01 del CICCI del 25 de marzo de 2026.
I22: 3 | J22: Plan Anual de Auditoría 2026, versión 2.
I23: 4 | J23: Informes de Auditoría 2026
I24: 5
A28: 2 | B28: OCL | C28: Gestión de evaluación y mejora | D28: =+LEFT(E28,4) -> 16.2 | E28: 16.2 La Alta Dirección periódicamente evalúa los resultados de las evaluaciones (continuas e independientes) para concluir acerca de la efectividad del Sistema de Control Interno | F28: Dimensión de Control Interno Líneas Estratégica | G28: El proceso de Evaluación y mejora en el marco de MIPG, cuenta con los siguientes documentos que permiten a la Alta Dirección evaluar periódicamente los resultados de las evaluaciones (continuas e independientes) para verificar la efectividad del SCI: Resolución 757 de 2023 Procedimiento ECM-PC-04 V 14.Auditorías internas Procedimiento ECM-PC-03 V 11 Planes de mejoramiento Plan Anual de Auditorías (PAA)I Informes de auditoria enviados al CICCI. Informe de Seguimiento a los Instrumentos Técnicos de Auditoria interna dde junio. | H28: 3 | I28: 1 | J28: https://www.uaesp.gov.co/upload/resoluciones/2023/RESOLUCION_757_DE_2023.pdf | K28: La Alta Dirección evalúa periódicamente los resultados de las evaluaciones continuas e independientes para concluir acerca de la efectividad del Sistema de Control Interno. Los resultados de auditorías, evaluaciones y seguimientos realizados por la Oficina de Control Interno son comunicados al director general, a los responsables de los procesos evaluados y a todos los integrantes del Comité Institucional de Coordinación de Control Interno. Mediante el radicado 20261100016203 del 28 de enero de 2026, la OCI comunicó los resultados de la evaluación independiente del estado del Sistema de Control Interno correspondiente al segundo semestre de 2025. La evaluación obtuvo una calificación general del 96 %, frente al 94 % del primer semestre, ubicándose en la categoría de mantenimiento del control. El informe evaluó los cinco componentes del MECI y concluyó que operan de manera conjunta e integrada, que el Sistema de Control Interno es efectivo para los objetivos evaluados y que la UAESP cuenta con un esquema de líneas de defensa que facilita la toma de decisiones frente al control. Adicionalmente, la entidad realiza anualmente la Revisión por la Dirección del Sistema Integrado de Gestión, en la cual se analizan los resultados de auditorías, indicadores, riesgos, seguimiento a planes, no conformidades, acciones correctivas, necesidades de recursos y oportunidades de mejora. | L28: 3 | M28: =+IF(OR(ISBLANK(H28),ISBLANK(L28)),"",IF(OR(AND(H28=1,L28=1),AND(H28=1,L28=2),AND(H28=1,L28=3)),"Deficiencia de control mayor (diseño y ejecución)",IF(OR(AND(H28=2,L28=2),AND(H28=3,L28=1),AND(H28=3,L28=2),AND(H28=2,L28=1)),"Deficiencia de control (diseño o ejecución)",IF(AND(H28=2,L28=3),"Oportunidad de mejora","Mantenimiento del control")))) -> Mantenimiento del control | N28: =+IF(M28="",312,IF(M28="Deficiencia de control mayor (diseño y ejecución)",320,IF(M28="Deficiencia de control (diseño o ejecución)",340,IF(M28="Oportunidad de mejora",360,380)))) -> 380 | O28: 5.9654 | P28: =+N28+O28 -> 385.9654
I29: 2 | J29: Evaluación Independiente del Estado del Sistema de Control Interno, segundo semestre de 2025.
I30: 3 | J30: Memorando 20261100016203 del 28 de enero de 2026.
I31: 4 | J31: informes de la OCI envíados a los integrantes del CICCI.
I32: 5 | J32: Informe de Revisión por la Dirección de 2025.
I33: 5 | J33: Manual del SIG
I34: 7 | J34: https://uaespdc.sharepoint.com/:b:/s/oficinadecontrolinterno/ERtG7Tlp0GFEqriqgpijSPkB3ylCfaf1ISqqult365KHAw?e=91UGZw
